Workbook

Sheet README
B2: Tab | C2: Comments

Sheet Cap Rates & Allocations
B2: Capacity Rates
B3: $/kW-mo
B5: Invoice_Group | C5: 2021 | D5: 2022 | E5: 2023 | F5: 2024 | G5: 2025 | H5: 2026 | I5: 2027 | J5: 2028 | K5: 2029 | L5: 2030 | M5: 2031 | N5: 2032 | O5: 2033 | P5: 2034 | Q5: 2035 | R5: 2036 | S5: 2037 | T5: 2038 | U5: 2039 | V5: 2040 | W5: 2041 | X5: 2042 | Y5: 2043 | Z5: 2044 | AA5: 2045 | AB5: 2046 | AC5: 2047 | AD5: 2048 | AE5: 2049 | AF5: 2050
B6: McNeil Facility | C6: 17.28 | D6: 20.94 | E6: =1.028*D6 -> 21.52632 | F6: =1.028*E6 -> 22.129057 | G6: =1.028*F6 -> 22.748671 | H6: =1.028*G6 -> 23.385633 | I6: =1.028*H6 -> 24.040431 | J6: =1.028*I6 -> 24.713563 | K6: =1.028*J6 -> 25.405543 | L6: =1.028*K6 -> 26.116898 | ... AF6: =1.028*AE6 -> 45.371578
B7: NYPA Niagara Contract | C7: =14.48*1.022 -> 14.79856 | D7: 20 | E7: =1.028*D7 -> 20.56 | F7: =1.028*E7 -> 21.13568 | G7: =1.028*F7 -> 21.727479 | H7: =1.028*G7 -> 22.335848 | I7: =1.028*H7 -> 22.961252 | J7: =1.028*I7 -> 23.604167 | K7: =1.028*J7 -> 24.265084 | L7: =1.028*K7 -> 24.944506 | ... AF7: =1.028*AE7 -> 43.334841
B8: NYPA St. Lawrence Contract | C8: 4.45 | D8: =1.022*C8 -> 4.5479 | E8: =1.028*D8 -> 4.6752412 | F8: =1.028*E8 -> 4.806148 | G8: =1.028*F8 -> 4.9407201 | H8: =1.028*G8 -> 5.0790603 | I8: =1.028*H8 -> 5.2212739 | J8: =1.028*I8 -> 5.3674696 | K8: =1.028*J8 -> 5.5177588 | L8: =1.028*K8 -> 5.672256 | ... AF8: =1.028*AE8 -> 9.8541261
B9: Seabrook PPA | C9: 3.918199 | D9: 4.0435813 | E9: =1.028*D9 -> 4.1568016 | F9: =1.028*E9 -> 4.273192 | G9: =1.028*F9 -> 4.3928414 | H9: =1.028*G9 -> 4.515841 | I9: =1.028*H9 -> 4.6422845 | J9: =1.028*I9 -> 4.7722685 | K9: =1.028*J9 -> 4.905892 | L9: =1.028*K9 -> 5.043257 | ... AF9: =1.028*AE9 -> 8.7613977
B10: Stony Brook Station | C10: 3.2193 | D10: =3.31*1.03 -> 3.4093 | E10: =1.028*D10 -> 3.5047604 | F10: =1.028*E10 -> 3.6028937 | G10: =1.028*F10 -> 3.7037747 | H10: =1.028*G10 -> 3.8074804 | I10: =1.028*H10 -> 3.9140899 | J10: =1.028*I10 -> 4.0236844 | K10: =1.028*J10 -> 4.1363475 | L10: =1.028*K10 -> 4.2521653 | ... AF10: =1.028*AE10 -> 7.3870736
B11: Project #10 | C11: 6.26 | D11: 6.84 | E11: =1.028*D11 -> 7.03152 | F11: =1.028*E11 -> 7.2284026 | G11: =1.028*F11 -> 7.4307978 | H11: =1.028*G11 -> 7.6388602 | I11: =1.028*H11 -> 7.8527483 | J11: =1.028*I11 -> 8.0726252 | K11: =1.028*J11 -> 8.2986587 | L11: =1.028*K11 -> 8.5310212 | ... AF11: =1.028*AE11 -> 14.820516
B12: Fox Island Wind (Market) | C12: 14.19558 | D12: 18.2744 | E12: =1.028*D12 -> 18.786083 | F12: =1.028*E12 -> 19.312094 | G12: =1.028*F12 -> 19.852832 | H12: =1.028*G12 -> 20.408711 | I12: =1.028*H12 -> 20.980155 | J12: =1.028*I12 -> 21.5676 | K12: =1.028*J12 -> 22.171493 | L12: =1.028*K12 -> 22.792294 | ... AF12: =1.028*AE12 -> 39.595911
B15: Capacity Resource Allocations
B16: %
B18: Invoice_Group | C18: Barton | D18: Enosburg | E18: Hardwick | F18: Jacksonville | G18: Johnson | H18: Ludlow | I18: Lyndonville | J18: Morrisville | K18: Northfield | L18: Orleans | M18: Swanton | N18: WEC | O18: Fox Islands | P18: Ashland | Q18: New Hampton
B19: Chester Solar | D19: 0.115 | E19: 0.151 | G19: 0.066 | H19: 0.263 | I19: 0.298 | K19: 0.107
B20: Coventry Landfill | N20: 1
B21: Fitchburg Landfill | C21: 0.05553 | D21: 0.08506 | E21: 0.11255 | F21: 0.01901 | G21: 0.05112 | H21: 0.17035 | I21: 0.24796 | J21: 0.15651 | K21: 0.10191
B22: Highgate Falls | M22: 1
B23: Kruger Hydro | C23: 0.057579186 | D23: 0.11176946 | F23: 0.020287139 | G23: 0.054807141 | H23: 0.19291135 | I23: 0.25452637 | J23: 0.18729345 | K23: 0.1208259
B24: McNeil Facility | D24: 0.012 | E24: 0.01474 | H24: 0.02 | I24: 0.03 | J24: 0.02644 | K24: 0.01982 | M24: 0.037
B25: NYPA Niagara Contract | C25: 0.02119516 | D25: 0.01536538 | E25: 0.04171552 | F25: 0.00740061 | G25: 0.0079869 | H25: 0.03316445 | I25: 0.05034403 | J25: 0.035753 | K25: 0.01810881 | L25: 0.00646032 | M25: 0.03341888 | N25: 0.10794487
B26: NYPA St. Lawrence Contract | C26: 0.006 | D26: 0.005 | E26: 0.013 | F26: 0.002 | G26: 0.002 | H26: 0.01 | I26: 0.015 | J26: 0.011 | K26: 0.007 | L26: 0.003 | M26: 0.01 | N26: 0.031
B27: Phase I/II Transmission Facilities | D27: 0.000108 | E27: 0.000217 | H27: 0.000199 | I27: 0.000372 | J27: 0.000339 | K27: 0.000186 | M27: 0.000318 | N27: 0.000403
B28: Project #10 | C28: 0.0216 | D28: 0.047 | E28: 0.097 | F28: 0.024 | G28: 0.072 | H28: 0.1 | I28: 0.196 | J28: 0.09 | K28: 0.12 | L28: 0.071 | M28: 0.073
B29: Ryegate Facility | C29: 0.002658 | D29: 0.005148 | E29: 0.006571 | F29: 0.000975 | G29: 0.002409 | H29: 0.009328 | I29: 0.011983 | J29: 0.008666 | K29: 0.005429 | L29: 0.002556 | M29: 0.010426 | N29: 0.013448
B30: Seabrook PPA | J30: 0.5 | K30: 0.33333
B31: Sheffield Wind | N31: 0.1
B32: Standard Offer Program | C32: 0.002722 | D32: 0.005275 | E32: 0.006732 | F32: 0.001 | G32: 0.002469 | H32: 0.009557 | I32: 0.012277 | J32: 0.008878 | K32: 0.005562 | L32: 0.002619 | M32: 0
B33: Stony Brook Station | E33: 0.00528261 | H33: 0.00528261 | I33: 0.00440158 | J33: 0.0035206 | M33: 0.0035206
B34: Fox Island Diesel | O34: 1
B35: Fox Island Wind (Market) | O35: 1

Sheet FCA_Results_SQL
B2: FCA Clearing Price Results
B4: Year | C4: Begin_Date | D4: End_Date | E4: Modeled Capacity Zone Name | F4: Modeled Capacity Zone Type | G4: Capacity Supply Obligation | H4: Capacity Clearing Price | I4: Payment Rate
B5: 2010 | C5: 40330 | D5: 40694 | E5: Rest-of-Pool | F5: Rest of Pool | G5: 29501.956 | H5: 4.5 | I5: 4.254
B6: 2010 | C6: 40330 | D6: 40694 | E6: Maine | F6: Export | G6: 3340.362 | H6: 4.5 | I6: 4.254
B7: 2011 | C7: 40695 | D7: 41060 | E7: Rest-of-Pool | F7: Rest of Pool | G7: 29837.496 | H7: 3.6 | I7: 3.119
B8: 2011 | C8: 40695 | D8: 41060 | E8: Maine | F8: Export | G8: 3409.08 | H8: 3.6 | I8: 3.119
B9: 2012 | C9: 41061 | D9: 41425 | E9: Rest-of-Pool | F9: Rest of Pool | G9: 29541.145 | H9: 2.951 | I9: 2.535
B10: 2012 | C10: 41061 | D10: 41425 | E10: Maine | F10: Export | G10: 3310.968 | H10: 2.951 | I10: 2.465
B11: 2013 | C11: 41426 | D11: 41790 | E11: Rest-of-Pool | F11: Rest of Pool | G11: 29937.375 | H11: 2.951 | I11: 2.516
B12: 2013 | C12: 41426 | D12: 41790 | E12: Maine | F12: Export | G12: 3350.018 | H12: 2.951 | I12: 2.336
B13: 2014 | C13: 41791 | D13: 42155 | E13: Rest-of-Pool | F13: Rest of Pool | G13: 30703.024 | H13: 3.209 | I13: 2.855
B14: 2014 | C14: 41791 | D14: 42155 | E14: Maine | F14: Export | G14: 3570.538 | H14: 3.209 | I14: 2.855
B15: 2015 | C15: 42156 | D15: 42521 | E15: Rest-of-Pool | F15: Rest of Pool | G15: 30412.437 | H15: 3.434 | I15: 3.129
B16: 2015 | C16: 42156 | D16: 42521 | E16: Maine | F16: Export | G16: 3608.832 | H16: 3.434 | I16: 3.129
... B36: 2021 | C36: 44348 | D36: 44712 | E36: Southeast New England | F36: Import | G36: 11130.675 | H36: 4.631 | I36: 4.631
B37: 2022 | C37: 44713 | D37: 45077 | E37: Rest-of-Pool | F37: Rest of Pool | G37: 16533.407 | H37: 3.8
B38: 2022 | C38: 44713 | D38: 45077 | E38: Northern New England | F38: Export | G38: 7267.546 | H38: 3.8
B39: 2022 | C39: 44713 | D39: 45077 | E39: Southeast New England | F39: Import | G39: 11038.271 | H39: 3.8
B40: 2023 | C40: 45078 | D40: 45443 | E40: Rest-of-Pool | F40: Rest of Pool | G40: 15303.205 | H40: 2.001
B41: 2023 | C41: 45078 | D41: 45443 | E41: Maine | F41: Export | G41: 3009.154 | H41: 2.001
B42: 2023 | C42: 45078 | D42: 45443 | E42: Northern New England | F42: Export | G42: 7636.486 | H42: 2.001
B43: 2023 | C43: 45078 | D43: 45443 | E43: Southeast New England | F43: Import | G43: 11015.961 | H43: 2.001
B44: 2024 | C44: 45444 | D44: 45808 | E44: Rest-of-Pool | F44: Rest of Pool | G44: 15988.677 | H44: 2.611
B45: 2024 | C45: 45444 | D45: 45808 | E45: Maine | F45: Export | G45: 3791.026 | H45: 2.477
B46: 2024 | C46: 45444 | D46: 45808 | E46: Northern New England | F46: Export | G46: 8547.58 | H46: 2.477
B47: 2024 | C47: 45444 | D47: 45808 | E47: Southeast New England | F47: Import | G47: 10084.808 | H47: 3.98
B48: 2025 | C48: 45809 | D48: 46173 | E48: Rest-of-Pool | F48: Rest of Pool | G48: 14682.081 | H48: 2.591
... B51: 2025 | C51: 45809 | D51: 46173 | E51: Southeast New England | F51: Import | G51: 9795.803 | H51: 2.639

Sheet Annual_Peak_Times_SQL
B2: Annual Peak Times
B4: peakDate | C4: peakYear | D4: Month | E4: Day | F4: peakHour | G4: peakFrom | H4: peakThru
B5: 42899 | C5: 2017 | D5: 6 | E5: 13 | F5: 17 | G5: 43252 | H5: 43616
B6: 43341 | C6: 2018 | D6: 8 | E6: 29 | F6: 17 | G6: 43617 | H6: 43982
B7: 43676 | C7: 2019 | D7: 7 | E7: 30 | F7: 18 | G7: 43983 | H7: 44347
B8: 44039 | C8: 2020 | D8: 7 | E8: 27 | F8: 18 | G8: 44348 | H8: 44712
B9: 44376 | C9: 2021 | D9: 6 | E9: 29 | F9: 17 | G9: 44713 | H9: 45077

Sheet Coincident_Peaks_SQL
B2: Annual System Peak Day, Hour, and Load
B3: Source: | C3: https://www.iso-ne.com/isoexpress/web/reports/load-and-demand/-/tree/ann-sys-peak-day-hr-load
B5: Capability Year & Capacity Commitment Period (CCP) | C5: Begin Date | D5: End Date | E5: Peak Date | F5: Peak Hour | H5: System Peak Load | J5: Peak Contributions for Load Zones2
J6: Maine (4001) | K6: New Hampshire (4002) | L6: Vermont (4003) | M6: Connecticut (4004) | N6: Rhode Island (4005) | O6: Southeastern Mass (4006) | P6: Western & Central Mass (4007) | Q6: Northeastern Mass & Boston (4008)
B7: Date Range | C7: Date | D7: Date | E7: Date | F7: Hour Begin | G7: Hour End | H7: MW | J7: MW | K7: MW | L7: MW | M7: MW | N7: MW | O7: MW | P7: MW | Q7: MW
B8: 6/1/2002 - 5/31/2003 | C8: 36892 | D8: 37256 | E8: 8/09/2001 | F8: 0.58333333 | G8: 0.625 | H8: -24723.332
B9: 6/1/2003 - 5/31/2004 | C9: 37257 | D9: 37621 | E9: 8/14/2002 | F9: 0.58333333 | G9: 0.625 | H9: -25103.369
B10: 6/1/2004 - 5/31/2005 | C10: 37622 | D10: 37986 | E10: 8/22/2003 | F10: 0.58333333 | G10: 0.625 | H10: -24310.552
B11: 6/1/2005 - 5/31/2006 | C11: 37987 | D11: 38352 | E11: 8/30/2004 | F11: 0.625 | G11: 0.66666667 | H11: -23718.721
B12: 6/1/2006 - 5/31/2007 | C12: 38353 | D12: 38717 | E12: 7/27/2005 | F12: 0.58333333 | G12: 0.625 | H12: -26617.688
B13: 6/1/2007 - 5/31/2008 | C13: 38718 | D13: 39082 | E13: 8/02/2006 | F13: 0.58333333 | G13: 0.625 | H13: =-28085.939+47.701 -> -28038.238
B14: 6/1/2008 - 5/31/2009 | C14: 39083 | D14: 39447 | E14: 8/03/2007 | F14: 0.58333333 | G14: 0.625 | H14: -25773.24
B15: 6/1/2009 - 5/31/2010 | C15: 39448 | D15: 39813 | E15: 6/10/2008 | F15: 0.58333333 | G15: 0.625 | H15: -25691.47
B16: 6/1/2010 - 5/31/2011 | C16: 39814 | D16: 40178 | E16: 8/18/2009 | F16: 0.58333333 | G16: 0.625 | H16: -24707.827
B17: 6/1/2011 - 5/31/2012 | C17: 40179 | D17: 40543 | E17: 7/06/2010 | F17: 0.58333333 | G17: 0.625 | H17: -26701.35 | J17: -1871.725 | K17: -2381.838 | L17: -979.221 | M17: -7030.443 | N17: -1883.786 | O17: -3510.044 | P17: -3608.22 | Q17: -5436.073
B18: 6/1/2012 - 5/31/2013 | C18: 40544 | D18: 40908 | E18: 7/22/2011 | F18: 0.58333333 | G18: 0.625 | H18: -27312.342 | J18: -1912.705 | K18: -2433.446 | L18: -930.882 | M18: -7208.019 | N18: -1944.406 | O18: -3627.162 | P18: -3604.172 | Q18: -5651.55
B19: 6/1/2013 - 5/31/2014 | C19: 40909 | D19: 41274 | E19: 7/17/2012 | F19: 0.66666667 | G19: 0.70833333 | H19: -25543.347 | J19: -1658.194 | K19: -2289.611 | L19: -919.647 | M19: -6603.202 | N19: -1797.581 | O19: -3404.542 | P19: -3508.334 | Q19: -5362.236
B20: 6/1/2014 - 5/31/2015 | C20: 41275 | D20: 41639 | E20: 7/19/2013 | F20: 0.66666667 | G20: 0.70833333 | H20: -26910.954 | J20: -1857.766 | K20: -2419.406 | L20: -945.872 | M20: -6955.921 | N20: -1939.713 | O20: -3607.576 | P20: -3614.168 | Q20: -5570.532
B21: 6/1/2015 - 5/31/2016 | C21: 41640 | D21: 42004 | E21: 7/02/2014 | F21: 0.58333333 | G21: 0.625 | H21: -24067.772 | J21: -1830.258 | K21: -2268.981 | L21: -900.358 | M21: -6114.641 | N21: -1593.405 | O21: -2991.854 | P21: -3272.949 | Q21: -5095.326
B22: 6/1/2016 - 5/31/2017 | C22: 42005 | D22: 42369 | E22: 7/29/2015 | F22: 0.66666667 | G22: 0.70833333 | H22: -24052.353 | J22: -1690.075 | K22: -2216.27 | L22: -867.886 | M22: -6264.912 | N22: -1704.224 | O22: -3181.742 | P22: -3202.959 | Q22: -4924.285
B23: 6/1/2017 - 5/31/2018 | C23: 42370 | D23: 42735 | E23: 42594 | F23: 0.58333333 | G23: 0.625 | H23: -25111.431 | J23: -1766.292 | K23: -2353.543 | L23: -848.989 | M23: -6435.616 | N23: -1808.438 | O23: -3299.526 | P23: -3333.654 | Q23: -5265.373
B24: 6/1/2018 - 5/31/2019 | C24: 42736 | D24: 43100 | E24: 42899 | F24: 0.66666667 | G24: 0.70833333 | H24: -23507.885 | J24: -1691.189 | K24: -2145.907 | L24: -725.936 | M24: -6088.728 | N24: -1676.593 | O24: -3027.836 | P24: -3148.476 | Q24: -5003.22
B25: 6/1/2019 - 5/31/2020 | C25: 43101 | D25: 43465 | E25: 43341 | F25: 0.66666667 | G25: 0.70833333 | H25: -25559.141 | J25: -1864.929 | K25: -2376.564 | L25: -836.603 | M25: -6587.862 | N25: -1863.465 | O25: -3356.863 | P25: -3361.097 | Q25: -5311.758
B26: 6/1/2020 - 5/31/2021 | C26: 43466 | D26: 43830 | E26: 43676 | F26: 0.70833333 | G26: 0.75 | H26: -23929.184 | J26: -1900.544 | K26: -2294.882 | L26: -791.655 | M26: -5897.903 | N26: -1715.156 | O26: -3229.77 | P26: -3112.363 | Q26: -4986.911
B27: 6/1/2021 - 5/31/2022 | C27: 43831 | D27: 44196 | E27: 44039 | F27: 0.70833333 | G27: 0.75 | H27: -24726.738 | J27: -1941.797 | K27: -2399.431 | L27: -825.316 | M27: -6262.772 | N27: -1792.867 | O27: -3367.993 | P27: -3204.041 | Q27: -4932.521
B28: 6/1/2022 - 5/31/2023 | C28: 44197 | D28: 44561 | E28: 44376 | F28: 0.70833333 | G28: 0.75 | H28: -25269 | J28: -2108.144 | K28: -2442.061 | L28: -800.411
B29: Notes:
B30: 1. Values, when shown in Red Font, indicate preliminary values and may change after final data are processed.
B31: 2. The data, by Load Zones, is provided for informational purposes only.
B35: Annual Coincident Peaks by System - Vermont | W35: Peak Load Ratio Share
B37: Type | C37: Date | D37: Month | E37: Day | F37: Year | G37: Hour | H37: Barton | I37: Enosburg | J37: Hardwick | K37: Jacksonville | L37: Johnson | M37: Ludlow | N37: Lyndonville | O37: Morrisville | P37: Northfield | Q37: Orleans | R37: Swanton | S37: WEC | T37: VPPSA | U37: NNE | W37: Barton | X37: Enosburg | Y37: Hardwick | Z37: Jacksonville | AA37: Johnson | AB37: Ludlow | AC37: Lyndonville | AD37: Morrisville | AE37: Northfield | AF37: Orleans | AG37: Swanton | AH37: WEC
B38: Annual | C38: 42899 | D38: 6 | E38: 13 | F38: 2017 | G38: 17 | H38: 1.367368 | I38: 3.443734 | J38: 4.713974 | K38: 0.832768 | L38: 1.652787 | M38: 5.509932 | N38: 6.850071 | O38: 6.014364 | P38: 3.872018 | Q38: 1.884306 | R38: 8.831641 | S38: 9.188819 | T38: =SUM(CP_VT[[#This Row],[Barton]:[WEC]]) -> 54.161782 | U38: =-SUM(J23:L23) -> 4968.824 | W38: =H38/$U38 -> 0.00027518946 | X38: =I38/$U38 -> 0.00069306822 | Y38: =J38/$U38 -> 0.0009487102 | Z38: =K38/$U38 -> 0.00016759861 | AA38: =L38/$U38 -> 0.00033263142 | AB38: =M38/$U38 -> 0.0011089006 | AC38: =N38/$U38 -> 0.0013786101 | AD38: =O38/$U38 -> 0.00121042 | ... AH38: =S38/$U38 -> 0.0018492945
B39: Annual | C39: 43341 | D39: 8 | E39: 29 | F39: 2018 | G39: 17 | H39: 2.49576 | I39: 4.26318 | J39: 4.43314 | K39: 0.82478 | L39: 2.133 | M39: 8.29488 | N39: 8.96266 | O39: 8.40273 | P39: 4.93792 | Q39: 2.05451 | R39: 10.3033 | S39: 11.40348 | T39: =SUM(CP_VT[[#This Row],[Barton]:[WEC]]) -> 68.50934 | U39: =-SUM(J24:L24) -> 4563.032 | W39: =H39/$U39 -> 0.00054695211 | X39: =I39/$U39 -> 0.00093428668 | Y39: =J39/$U39 -> 0.00097153384 | Z39: =K39/$U39 -> 0.00018075262 | AA39: =L39/$U39 -> 0.00046745234 | AB39: =M39/$U39 -> 0.0018178439 | AC39: =N39/$U39 -> 0.0019641896 | AD39: =O39/$U39 -> 0.0018414795 | ... AH39: =S39/$U39 -> 0.0024991015
B40: Annual | C40: 43676 | D40: 7 | E40: 30 | F40: 2019 | G40: 18 | H40: 2.54292 | I40: 3.47388 | J40: 4.64555 | K40: 0.76838 | L40: 2.11936 | M40: 8.26943 | N40: 9.31 | O40: 7.01272 | P40: 4.60535 | Q40: 1.86424 | R40: 7.91527 | S40: 12.05973 | T40: =SUM(CP_VT[[#This Row],[Barton]:[WEC]]) -> 64.58683 | U40: =-SUM(J25:L25) -> 5078.096 | W40: =H40/$U40 -> 0.00050076249 | X40: =I40/$U40 -> 0.00068409105 | Y40: =J40/$U40 -> 0.00091482122 | Z40: =K40/$U40 -> 0.00015131262 | AA40: =L40/$U40 -> 0.00041735328 | AB40: =M40/$U40 -> 0.0016284509 | AC40: =N40/$U40 -> 0.0018333643 | AD40: =O40/$U40 -> 0.0013809743 | ... AH40: =S40/$U40 -> 0.0023748527
B41: Annual | C41: 44039 | D41: 7 | E41: 27 | F41: 2020 | G41: 18 | H41: 2.62986 | I41: 4.54447 | J41: 6.07125 | K41: 0.87118 | L41: 1.76954 | M41: 6.68125 | N41: 9.15448 | O41: 7.57098 | P41: 4.39426 | Q41: 1.83234 | R41: 10.55057 | S41: 13.29565 | T41: =SUM(CP_VT[[#This Row],[Barton]:[WEC]]) -> 69.36583 | U41: =-SUM(J26:L26) -> 4987.081 | W41: =H41/$U41 -> 0.00052733453 | X41: =I41/$U41 -> 0.00091124848 | Y41: =J41/$U41 -> 0.0012173955 | Z41: =K41/$U41 -> 0.00017468736 | AA41: =L41/$U41 -> 0.0003548248 | AB41: =M41/$U41 -> 0.0013397115 | AC41: =N41/$U41 -> 0.0018356389 | AD41: =O41/$U41 -> 0.0015181185 | ... AH41: =S41/$U41 -> 0.0026660185
B42: Annual | C42: 44376 | D42: 6 | E42: 29 | F42: 2021 | G42: 17 | H42: 2.55256 | I42: 4.58823 | J42: 4.49579 | K42: 0.97882 | L42: 2.1515 | M42: 5.95267 | N42: 9.12225 | O42: 7.26211 | P42: 4.58474 | Q42: 2.29872 | R42: 10.18209 | S42: 12.12831 | T42: =SUM(CP_VT[[#This Row],[Barton]:[WEC]]) -> 66.29779 | U42: =-SUM(J27:L27) -> 5166.544 | W42: =H42/$U42 -> 0.0004940556 | X42: =I42/$U42 -> 0.0008880656 | Y42: =J42/$U42 -> 0.00087017356 | Z42: =K42/$U42 -> 0.00018945353 | AA42: =L42/$U42 -> 0.00041642924 | AB42: =M42/$U42 -> 0.001152157 | AC42: =N42/$U42 -> 0.0017656387 | AD42: =O42/$U42 -> 0.001405603 | ... AH42: =S42/$U42 -> 0.0023474706
B44: Annual Coincident Peak - Current Year
C46: Date | D46: Month | E46: Day | F46: Year | G46: Hour | H46: Barton | I46: Enosburg | J46: Hardwick | K46: Jacksonville | L46: Johnson | M46: Ludlow | N46: Lyndonville | O46: Morrisville | P46: Northfield | Q46: Orleans | R46: Swanton | S46: WEC | T46: VPPSA
C47: 44762 | D47: 7 | E47: 20 | F47: 2022 | G47: 19 | H47: 2.48725 | I47: 4.13005 | J47: 5.89075 | K47: 0.93931 | L47: 2.05081 | M47: 8.56236 | N47: 9.75652 | O47: 7.29038 | P47: 5.14694 | Q47: 1.42651 | R47: 0.56161 | S47: 13.52761 | T47: =SUM(Current_Yr_CP[[#This Row],[Barton]:[WEC]]) -> 61.7701
B51: Annual Coincident Peaks by System - Maine and New Hampshire
C53: Settlement_Datetime | D53: Month | E53: Day | F53: Year | G53: Hour | H53: Fox Islands | I53: Ashland | J53: New Hampton | K53: VPPSA_VT LOAD | L53: Merged
C54: 42899 | D54: 6 | E54: 13 | F54: 2017 | G54: 17 | H54: 0 | I54: 2.701 | J54: 0.523 | K54: 55.632 | L54: 2017 17.000000
C55: 43341 | D55: 8 | E55: 29 | F55: 2018 | G55: 17 | H55: 0.97 | I55: 3.192 | J55: 0.641 | K55: 68.509 | L55: 2018 17.000000
C56: 43676 | D56: 7 | E56: 30 | F56: 2019 | G56: 18 | H56: 1.273 | I56: 3.195 | J56: 0.601 | K56: 64.587 | L56: 2019 18.000000
C57: 44039 | D57: 7 | E57: 27 | F57: 2020 | G57: 18 | H57: 1.33 | I57: 3.196 | J57: 0.783 | K57: 69.366 | L57: 2020 18.000000
C58: 44376 | D58: 6 | E58: 29 | F58: 2021 | G58: 18 | H58: 0.002 | I58: 3.119 | J58: 0.803 | K58: 68.874 | L58: 2021 18.000000

Sheet CP_Forecast
B2: Capacity Obligation & Clearing Price Forecast | H2: Coincident Peak Forecast
B4: Year | C4: Start Date | D4: End Date | E4: NNE CSO | F4: NNE CCP | H4: Month | I4: Day | J4: Year | K4: Hour | L4: =+C4 -> Start Date | M4: Barton | N4: Enosburg | O4: Hardwick | P4: Jacksonville | Q4: Johnson | R4: Ludlow | S4: Lyndonville | T4: Morrisville | U4: Northfield | V4: Orleans | W4: Swanton | X4: WEC | Y4: NNE | Z4: Fox Islands | AA4: Ashland | AB4: New Hampton
B5: 2017 | C5: 42887 | D5: 43251 | E5: =SUMIFS(FCA_Result[Capacity Supply Obligation],FCA_Result[Begin_Date],CP_Forecast!$C5,FCA_Result[Modeled Capacity Zone Name],"Northern New England") -> 0 | F5: =SUMIFS(FCA_Result[[Capacity Clearing Price]:[Capacity Clearing Price]],FCA_Result[Begin_Date],$C5,FCA_Result[[Modeled Capacity Zone Name]:[Modeled Capacity Zone Name]],"Rest-of-Pool") -> 15 | H5: =+Coincident_Peaks_SQL!D38 -> 6 | I5: =+Coincident_Peaks_SQL!E38 -> 13 | J5: =+Coincident_Peaks_SQL!F38 -> 2017 | K5: =+Coincident_Peaks_SQL!G38 -> 17 | L5: 43252 | M5: =+Coincident_Peaks_SQL!H38 -> 1.367368 | N5: =+Coincident_Peaks_SQL!I38 -> 3.443734 | O5: =+Coincident_Peaks_SQL!J38 -> 4.713974 | P5: =+Coincident_Peaks_SQL!K38 -> 0.832768 | Q5: =+Coincident_Peaks_SQL!L38 -> 1.652787 | R5: =+Coincident_Peaks_SQL!M38 -> 5.509932 | S5: =+Coincident_Peaks_SQL!N38 -> 6.850071 | T5: =+Coincident_Peaks_SQL!O38 -> 6.014364 | ... X5: =+Coincident_Peaks_SQL!S38 -> 9.188819 | Y5: =+Coincident_Peaks_SQL!U38 -> 4968.824 | Z5: =+Coincident_Peaks_SQL!H54 -> 0 | AA5: =+Coincident_Peaks_SQL!I54 -> 2.701 | AB5: =+Coincident_Peaks_SQL!J54 -> 0.523 | AC5: <--- Historical data.
B6: =1+B5 -> 2018 | C6: 43252 | D6: 43616 | E6: =SUMIFS(FCA_Result[Capacity Supply Obligation],FCA_Result[Begin_Date],CP_Forecast!$C6,FCA_Result[Modeled Capacity Zone Name],"Northern New England") -> 0 | F6: =SUMIFS(FCA_Result[[Capacity Clearing Price]:[Capacity Clearing Price]],FCA_Result[Begin_Date],$C6,FCA_Result[[Modeled Capacity Zone Name]:[Modeled Capacity Zone Name]],"Rest-of-Pool") -> 9.551 | H6: =+Coincident_Peaks_SQL!D39 -> 8 | I6: =+Coincident_Peaks_SQL!E39 -> 29 | J6: =+Coincident_Peaks_SQL!F39 -> 2018 | K6: =+Coincident_Peaks_SQL!G39 -> 17 | L6: =+EOMONTH(L5,11)+1 -> 43617 | M6: =+Coincident_Peaks_SQL!H39 -> 2.49576 | N6: =+Coincident_Peaks_SQL!I39 -> 4.26318 | O6: =+Coincident_Peaks_SQL!J39 -> 4.43314 | P6: =+Coincident_Peaks_SQL!K39 -> 0.82478 | Q6: =+Coincident_Peaks_SQL!L39 -> 2.133 | R6: =+Coincident_Peaks_SQL!M39 -> 8.29488 | S6: =+Coincident_Peaks_SQL!N39 -> 8.96266 | T6: =+Coincident_Peaks_SQL!O39 -> 8.40273 | ... X6: =+Coincident_Peaks_SQL!S39 -> 11.40348 | Y6: =+Coincident_Peaks_SQL!U39 -> 4563.032 | Z6: =+Coincident_Peaks_SQL!H55 -> 0.97 | AA6: =+Coincident_Peaks_SQL!I55 -> 3.192 | AB6: =+Coincident_Peaks_SQL!J55 -> 0.641 | AC6: <--- Historical data.
B7: =1+B6 -> 2019 | C7: 43617 | D7: 43982 | E7: =SUMIFS(FCA_Result[Capacity Supply Obligation],FCA_Result[Begin_Date],CP_Forecast!$C7,FCA_Result[Modeled Capacity Zone Name],"Northern New England") -> 0 | F7: =SUMIFS(FCA_Result[[Capacity Clearing Price]:[Capacity Clearing Price]],FCA_Result[Begin_Date],$C7,FCA_Result[[Modeled Capacity Zone Name]:[Modeled Capacity Zone Name]],"Rest-of-Pool") -> 7.03 | H7: =+Coincident_Peaks_SQL!D40 -> 7 | I7: =+Coincident_Peaks_SQL!E40 -> 30 | J7: =+Coincident_Peaks_SQL!F40 -> 2019 | K7: =+Coincident_Peaks_SQL!G40 -> 18 | L7: =+EOMONTH(L6,11)+1 -> 43983 | M7: =+Coincident_Peaks_SQL!H40 -> 2.54292 | N7: =+Coincident_Peaks_SQL!I40 -> 3.47388 | O7: =+Coincident_Peaks_SQL!J40 -> 4.64555 | P7: =+Coincident_Peaks_SQL!K40 -> 0.76838 | Q7: =+Coincident_Peaks_SQL!L40 -> 2.11936 | R7: =+Coincident_Peaks_SQL!M40 -> 8.26943 | S7: =+Coincident_Peaks_SQL!N40 -> 9.31 | T7: =+Coincident_Peaks_SQL!O40 -> 7.01272 | ... X7: =+Coincident_Peaks_SQL!S40 -> 12.05973 | Y7: =+Coincident_Peaks_SQL!U40 -> 5078.096 | Z7: =+Coincident_Peaks_SQL!H56 -> 1.273 | AA7: =+Coincident_Peaks_SQL!I56 -> 3.195 | AB7: =+Coincident_Peaks_SQL!J56 -> 0.601 | AC7: <--- Historical data.
B8: =1+B7 -> 2020 | C8: 43983 | D8: =EOMONTH(CP_Forecast!$C8,11) -> 44347 | E8: =SUMIFS(FCA_Result[Capacity Supply Obligation],FCA_Result[Begin_Date],CP_Forecast!$C8,FCA_Result[Modeled Capacity Zone Name],"Northern New England") -> 8343.883 | F8: =SUMIFS(FCA_Result[[Capacity Clearing Price]:[Capacity Clearing Price]],FCA_Result[Begin_Date],$C8,FCA_Result[[Modeled Capacity Zone Name]:[Modeled Capacity Zone Name]],"Northern New England") -> 5.297 | H8: =+Coincident_Peaks_SQL!D41 -> 7 | I8: =+Coincident_Peaks_SQL!E41 -> 27 | J8: =+Coincident_Peaks_SQL!F41 -> 2020 | K8: =+Coincident_Peaks_SQL!G41 -> 18 | L8: =+EOMONTH(L7,11)+1 -> 44348 | M8: =+Coincident_Peaks_SQL!H41 -> 2.62986 | N8: =+Coincident_Peaks_SQL!I41 -> 4.54447 | O8: =+Coincident_Peaks_SQL!J41 -> 6.07125 | P8: =+Coincident_Peaks_SQL!K41 -> 0.87118 | Q8: =+Coincident_Peaks_SQL!L41 -> 1.76954 | R8: =+Coincident_Peaks_SQL!M41 -> 6.68125 | S8: =+Coincident_Peaks_SQL!N41 -> 9.15448 | T8: =+Coincident_Peaks_SQL!O41 -> 7.57098 | ... X8: =+Coincident_Peaks_SQL!S41 -> 13.29565 | Y8: =+Coincident_Peaks_SQL!U41 -> 4987.081 | Z8: =+Coincident_Peaks_SQL!H57 -> 1.33 | AA8: =+Coincident_Peaks_SQL!I57 -> 3.196 | AB8: =+Coincident_Peaks_SQL!J57 -> 0.783 | AC8: <--- Historical data.
B9: =1+B8 -> 2021 | C9: 44348 | D9: =EOMONTH(CP_Forecast!$C9,11) -> 44712 | E9: =SUMIFS(FCA_Result[Capacity Supply Obligation],FCA_Result[Begin_Date],CP_Forecast!$C9,FCA_Result[Modeled Capacity Zone Name],"Northern New England") -> 8067.264 | F9: =SUMIFS(FCA_Result[[Capacity Clearing Price]:[Capacity Clearing Price]],FCA_Result[Begin_Date],$C9,FCA_Result[[Modeled Capacity Zone Name]:[Modeled Capacity Zone Name]],"Northern New England") -> 4.631 | H9: =+Coincident_Peaks_SQL!D42 -> 6 | I9: =+Coincident_Peaks_SQL!E42 -> 29 | J9: =+Coincident_Peaks_SQL!F42 -> 2021 | K9: =+Coincident_Peaks_SQL!G42 -> 17 | L9: =+EOMONTH(L8,11)+1 -> 44713 | M9: =+Coincident_Peaks_SQL!H42 -> 2.55256 | N9: =+Coincident_Peaks_SQL!I42 -> 4.58823 | O9: =+Coincident_Peaks_SQL!J42 -> 4.49579 | P9: =+Coincident_Peaks_SQL!K42 -> 0.97882 | Q9: =+Coincident_Peaks_SQL!L42 -> 2.1515 | R9: =+Coincident_Peaks_SQL!M42 -> 5.95267 | S9: =+Coincident_Peaks_SQL!N42 -> 9.12225 | T9: =+Coincident_Peaks_SQL!O42 -> 7.26211 | ... X9: =+Coincident_Peaks_SQL!S42 -> 12.12831 | Y9: =+Coincident_Peaks_SQL!U42 -> 5166.544 | Z9: =+Coincident_Peaks_SQL!H58 -> 0.002 | AA9: =+Coincident_Peaks_SQL!I58 -> 3.119 | AB9: =+Coincident_Peaks_SQL!J58 -> 0.803 | AC9: <--- Historical data.
B10: =1+B9 -> 2022 | C10: =+EOMONTH(C9,11)+1 -> 44713 | D10: =EOMONTH(CP_Forecast!$C10,11) -> 45077 | E10: =SUMIFS(FCA_Result[Capacity Supply Obligation],FCA_Result[Begin_Date],CP_Forecast!$C10,FCA_Result[Modeled Capacity Zone Name],"Northern New England") -> 7267.546 | F10: =SUMIFS(FCA_Result[[Capacity Clearing Price]:[Capacity Clearing Price]],FCA_Result[[Year]:[Year]],$B10,FCA_Result[[Modeled Capacity Zone Name]:[Modeled Capacity Zone Name]],"Northern New England") -> 3.8 | J10: =1+J9 -> 2022 | L10: =+EOMONTH(L9,11)+1 -> 45078 | M10: =MAX(M5:M9) -> 2.62986 | N10: =MAX(N5:N9) -> 4.58823 | O10: =MAX(O5:O9) -> 6.07125 | P10: =MAX(P5:P9) -> 0.97882 | Q10: =MAX(Q5:Q9) -> 2.1515 | R10: =MAX(R5:R9) -> 8.29488 | S10: =MAX(S5:S9) -> 9.31 | T10: =MAX(T5:T9) -> 8.40273 | ... V10: =MAX(V5:V9) -> 2.29872 | W10: =1.01*W9 -> 10.283911 | X10: =+X9 -> 12.12831 | Y10: =1.01*Y9 -> 5218.2094 | Z10: =MAX(Z5:Z9) -> 1.33 | AA10: =MAX(AA5:AA9) -> 3.196 | AB10: =MAX(AB5:AB9) -> 0.803 | AC10: <--- Forecast uses the max of the past 5 years.
B11: =1+B10 -> 2023 | C11: =+EOMONTH(C10,11)+1 -> 45078 | D11: =EOMONTH(CP_Forecast!$C11,11) -> 45443 | E11: =SUMIFS(FCA_Result[Capacity Supply Obligation],FCA_Result[Begin_Date],CP_Forecast!$C11,FCA_Result[Modeled Capacity Zone Name],"Northern New England") -> 7636.486 | F11: =SUMIFS(FCA_Result[[Capacity Clearing Price]:[Capacity Clearing Price]],FCA_Result[Begin_Date],$C11,FCA_Result[[Modeled Capacity Zone Name]:[Modeled Capacity Zone Name]],"Northern New England") -> 2.001 | J11: =1+J10 -> 2023 | L11: =+EOMONTH(L10,11)+1 -> 45444 | M11: =1.01*M10 -> 2.6561586 | N11: =1.01*N10 -> 4.6341123 | O11: =1.01*O10 -> 6.1319625 | P11: =1.01*P10 -> 0.9886082 | Q11: =1.01*Q10 -> 2.173015 | R11: =1.01*R10 -> 8.3778288 | S11: =1.01*S10 -> 9.4031 | T11: =1.01*T10 -> 8.4867573 | ... AB11: =1.01*AB10 -> 0.81103 | AC11: <--- Forecast uses 1% CAGR for load growth.
B12: =1+B11 -> 2024 | C12: =+EOMONTH(C11,11)+1 -> 45444 | D12: =EOMONTH(CP_Forecast!$C12,11) -> 45808 | E12: =SUMIFS(FCA_Result[Capacity Supply Obligation],FCA_Result[Begin_Date],CP_Forecast!$C12,FCA_Result[Modeled Capacity Zone Name],"Northern New England") -> 8547.58 | F12: =SUMIFS(FCA_Result[[Capacity Clearing Price]:[Capacity Clearing Price]],FCA_Result[Begin_Date],$C12,FCA_Result[[Modeled Capacity Zone Name]:[Modeled Capacity Zone Name]],"Northern New England") -> 2.477 | J12: =1+J11 -> 2024 | L12: =+EOMONTH(L11,11)+1 -> 45809 | M12: =1.01*M11 -> 2.6827202 | N12: =1.01*N11 -> 4.6804534 | O12: =1.01*O11 -> 6.1932821 | P12: =1.01*P11 -> 0.99849428 | Q12: =1.01*Q11 -> 2.1947452 | R12: =1.01*R11 -> 8.4616071 | S12: =1.01*S11 -> 9.497131 | T12: =1.01*T11 -> 8.5716249 | ... W12: =1.01*W11 -> 10.490618 | X12: =1.01*X11-6.5 -> 5.872089 | Y12: =1.01*Y11 -> 5323.0954 | Z12: =1.01*Z11 -> 1.356733 | AA12: =1.01*AA11 -> 3.2602396 | AB12: =1.01*AB11 -> 0.8191403
B13: =1+B12 -> 2025 | C13: =+EOMONTH(C12,11)+1 -> 45809 | D13: =EOMONTH(CP_Forecast!$C13,11) -> 46173 | E13: =SUMIFS(FCA_Result[Capacity Supply Obligation],FCA_Result[Begin_Date],CP_Forecast!$C13,FCA_Result[Modeled Capacity Zone Name],"Northern New England") -> 8332.5 | F13: =SUMIFS(FCA_Result[[Capacity Clearing Price]:[Capacity Clearing Price]],FCA_Result[Begin_Date],$C13,FCA_Result[[Modeled Capacity Zone Name]:[Modeled Capacity Zone Name]],"Northern New England") -> 2.531 | J13: =1+J12 -> 2025 | L13: =+EOMONTH(L12,11)+1 -> 46174 | M13: =1.01*M12 -> 2.7095474 | N13: =1.01*N12 -> 4.727258 | O13: =1.01*O12 -> 6.2552149 | P13: =1.01*P12 -> 1.0084792 | Q13: =1.01*Q12 -> 2.2166926 | R13: =1.01*R12 -> 8.5462232 | S13: =1.01*S12 -> 9.5921023 | T13: =1.01*T12 -> 8.6573411 | ... AB13: =1.01*AB12 -> 0.8273317
B14: =1+B13 -> 2026 | C14: =+EOMONTH(C13,11)+1 -> 46174 | D14: =EOMONTH(CP_Forecast!$C14,11) -> 46538 | E14: =+AVERAGE(E9:E13)*1.01 -> 8049.978 | F14: =3.5*[1]SenSit_Dashboard!$F$8 -> 3.5 | J14: =1+J13 -> 2026 | L14: =+EOMONTH(L13,11)+1 -> 46539 | M14: =1.01*M13 -> 2.7366429 | N14: =1.01*N13 -> 4.7745305 | O14: =1.01*O13 -> 6.3177671 | P14: =1.01*P13 -> 1.018564 | Q14: =1.01*Q13 -> 2.2388595 | R14: =1.01*R13 -> 8.6316854 | S14: =1.01*S13 -> 9.6880233 | T14: =1.01*T13 -> 8.7439145 | ... AB14: =1.01*AB13 -> 0.83560502
B15: =1+B14 -> 2027 | C15: =+EOMONTH(C14,11)+1 -> 46539 | D15: =EOMONTH(CP_Forecast!$C15,11) -> 46904 | E15: =+AVERAGE(E10:E14)*1.01 -> 8046.4862 | F15: =4.25*[1]SenSit_Dashboard!$F$8 -> 4.25 | J15: =1+J14 -> 2027 | L15: =+EOMONTH(L14,11)+1 -> 46905 | M15: =1.01*M14 -> 2.7640093 | N15: =1.01*N14 -> 4.8222758 | O15: =1.01*O14 -> 6.3809448 | P15: =1.01*P14 -> 1.0287497 | Q15: =1.01*Q14 -> 2.2612481 | R15: =1.01*R14 -> 8.7180022 | S15: =1.01*S14 -> 9.7849036 | T15: =1.01*T14 -> 8.8313537 | ... AB15: =1.01*AB14 -> 0.84396107
B16: =1+B15 -> 2028 | C16: =+EOMONTH(C15,11)+1 -> 46905 | D16: =EOMONTH(CP_Forecast!$C16,11) -> 47269 | E16: =+AVERAGE(E11:E15)*1.01 -> 8203.8321 | F16: =5*[1]SenSit_Dashboard!$F$8 -> 5 | J16: =1+J15 -> 2028 | L16: =+EOMONTH(L15,11)+1 -> 47270 | M16: =1.01*M15 -> 2.7916494 | N16: =1.01*N15 -> 4.8704986 | O16: =1.01*O15 -> 6.4447542 | P16: =1.01*P15 -> 1.0390372 | Q16: =1.01*Q15 -> 2.2838606 | R16: =1.01*R15 -> 8.8051823 | S16: =1.01*S15 -> 9.8827526 | T16: =1.01*T15 -> 8.9196672 | ... AB16: =1.01*AB15 -> 0.85240068
B17: =1+B16 -> 2029 | C17: =+EOMONTH(C16,11)+1 -> 47270 | D17: =EOMONTH(CP_Forecast!$C17,11) -> 47634 | E17: =+AVERAGE(E12:E16)*1.01 -> 8318.436 | F17: =1.03*F16 -> 5.15 | J17: =1+J16 -> 2029 | L17: =+EOMONTH(L16,11)+1 -> 47635 | M17: =1.01*M16 -> 2.8195659 | N17: =1.01*N16 -> 4.9192036 | O17: =1.01*O16 -> 6.5092018 | P17: =1.01*P16 -> 1.0494275 | Q17: =1.01*Q16 -> 2.3066992 | R17: =1.01*R16 -> 8.8932341 | S17: =1.01*S16 -> 9.9815801 | T17: =1.01*T16 -> 9.0088639 | ... AB17: =1.01*AB16 -> 0.86092469
B18: =1+B17 -> 2030 | C18: =+EOMONTH(C17,11)+1 -> 47635 | D18: =EOMONTH(CP_Forecast!$C18,11) -> 47999 | E18: =+AVERAGE(E13:E17)*1.01 -> 8272.1489 | F18: =1.03*F17 -> 5.3045 | J18: =1+J17 -> 2030 | L18: =+EOMONTH(L17,11)+1 -> 48000 | M18: =1.01*M17 -> 2.8477615 | N18: =1.01*N17 -> 4.9683956 | O18: =1.01*O17 -> 6.5742938 | P18: =1.01*P17 -> 1.0599218 | Q18: =1.01*Q17 -> 2.3297662 | R18: =1.01*R17 -> 8.9821664 | S18: =1.01*S17 -> 10.081396 | T18: =1.01*T17 -> 9.0989525 | ... AB18: =1.01*AB17 -> 0.86953393
B19: =1+B18 -> 2031 | C19: =+EOMONTH(C18,11)+1 -> 48000 | D19: =EOMONTH(CP_Forecast!$C19,11) -> 48365 | E19: =+AVERAGE(E14:E18)*1.01 -> 8259.958 | F19: =1.03*F18 -> 5.463635 | J19: =1+J18 -> 2031 | L19: =+EOMONTH(L18,11)+1 -> 48366 | M19: =1.01*M18 -> 2.8762392 | N19: =1.01*N18 -> 5.0180796 | O19: =1.01*O18 -> 6.6400367 | P19: =1.01*P18 -> 1.070521 | Q19: =1.01*Q18 -> 2.3530639 | R19: =1.01*R18 -> 9.0719881 | S19: =1.01*S18 -> 10.18221 | T19: =1.01*T18 -> 9.1899421 | ... AB19: =1.01*AB18 -> 0.87822927
B20: =1+B19 -> 2032 | C20: =+EOMONTH(C19,11)+1 -> 48366 | D20: =EOMONTH(CP_Forecast!$C20,11) -> 48730 | E20: =+AVERAGE(E15:E19)*1.01 -> 8302.3739 | F20: =1.03*F19 -> 5.6275441 | J20: =1+J19 -> 2032 | L20: =+EOMONTH(L19,11)+1 -> 48731 | M20: =1.01*M19 -> 2.9050015 | N20: =1.01*N19 -> 5.0682604 | O20: =1.01*O19 -> 6.7064371 | P20: =1.01*P19 -> 1.0812262 | Q20: =1.01*Q19 -> 2.3765945 | R20: =1.01*R19 -> 9.162708 | S20: =1.01*S19 -> 10.284032 | T20: =1.01*T19 -> 9.2818415 | ... AB20: =1.01*AB19 -> 0.88701157
B21: =1+B20 -> 2033 | C21: =+EOMONTH(C20,11)+1 -> 48731 | D21: =EOMONTH(CP_Forecast!$C21,11) -> 49095 | E21: =+AVERAGE(E16:E20)*1.01 -> 8354.0633 | F21: =1.03*F20 -> 5.7963704 | J21: =1+J20 -> 2033 | L21: =+EOMONTH(L20,11)+1 -> 49096 | M21: =1.01*M20 -> 2.9340516 | N21: =1.01*N20 -> 5.118943 | O21: =1.01*O20 -> 6.7735014 | P21: =1.01*P20 -> 1.0920385 | Q21: =1.01*Q20 -> 2.4003604 | R21: =1.01*R20 -> 9.2543351 | S21: =1.01*S20 -> 10.386872 | T21: =1.01*T20 -> 9.3746599 | ... AB21: =1.01*AB20 -> 0.89588168
B22: =1+B21 -> 2034 | C22: =+EOMONTH(C21,11)+1 -> 49096 | D22: =EOMONTH(CP_Forecast!$C22,11) -> 49460 | E22: =+AVERAGE(E17:E21)*1.01 -> 8384.41 | F22: =1.03*F21 -> 5.9702615 | J22: =1+J21 -> 2034 | L22: =+EOMONTH(L21,11)+1 -> 49461 | M22: =1.01*M21 -> 2.9633921 | N22: =1.01*N21 -> 5.1701324 | O22: =1.01*O21 -> 6.8412365 | P22: =1.01*P21 -> 1.1029589 | Q22: =1.01*Q21 -> 2.4243641 | R22: =1.01*R21 -> 9.3468784 | S22: =1.01*S21 -> 10.490741 | T22: =1.01*T21 -> 9.4684065 | ... AB22: =1.01*AB21 -> 0.9048405
B23: =1+B22 -> 2035 | C23: =+EOMONTH(C22,11)+1 -> 49461 | D23: =EOMONTH(CP_Forecast!$C23,11) -> 49826 | E23: =+AVERAGE(E18:E22)*1.01 -> 8397.7367 | F23: =1.03*F22 -> 6.1493693 | J23: =1+J22 -> 2035 | L23: =+EOMONTH(L22,11)+1 -> 49827 | M23: =1.01*M22 -> 2.993026 | N23: =1.01*N22 -> 5.2218337 | O23: =1.01*O22 -> 6.9096488 | P23: =1.01*P22 -> 1.1139885 | Q23: =1.01*Q22 -> 2.4486077 | R23: =1.01*R22 -> 9.4403472 | S23: =1.01*S22 -> 10.595648 | T23: =1.01*T22 -> 9.5630906 | ... AB23: =1.01*AB22 -> 0.9138889
B24: =1+B23 -> 2036 | C24: =+EOMONTH(C23,11)+1 -> 49827 | D24: =EOMONTH(CP_Forecast!$C24,11) -> 50191 | E24: =+AVERAGE(E19:E23)*1.01 -> 8423.1055 | F24: =1.03*F23 -> 6.3338504 | J24: =1+J23 -> 2036 | L24: =+EOMONTH(L23,11)+1 -> 50192 | M24: =1.01*M23 -> 3.0229563 | N24: =1.01*N23 -> 5.2740521 | O24: =1.01*O23 -> 6.9787453 | P24: =1.01*P23 -> 1.1251283 | Q24: =1.01*Q23 -> 2.4730938 | R24: =1.01*R23 -> 9.5347507 | S24: =1.01*S23 -> 10.701605 | T24: =1.01*T23 -> 9.6587215 | ... AB24: =1.01*AB23 -> 0.92302779
B25: =1+B24 -> 2037 | C25: =+EOMONTH(C24,11)+1 -> 50192 | D25: =EOMONTH(CP_Forecast!$C25,11) -> 50556 | E25: =+AVERAGE(E20:E24)*1.01 -> 8456.0613 | F25: =1.03*F24 -> 6.5238659 | J25: =1+J24 -> 2037 | L25: =+EOMONTH(L24,11)+1 -> 50557 | M25: =1.01*M24 -> 3.0531858 | N25: =1.01*N24 -> 5.3267926 | O25: =1.01*O24 -> 7.0485328 | P25: =1.01*P24 -> 1.1363796 | Q25: =1.01*Q24 -> 2.4978247 | R25: =1.01*R24 -> 9.6300982 | S25: =1.01*S24 -> 10.808621 | T25: =1.01*T24 -> 9.7553087 | ... AB25: =1.01*AB24 -> 0.93225807
B26: =1+B25 -> 2038 | C26: =+EOMONTH(C25,11)+1 -> 50557 | D26: =EOMONTH(CP_Forecast!$C26,11) -> 50921 | E26: =+AVERAGE(E21:E25)*1.01 -> 8487.1061 | F26: =1.03*F25 -> 6.7195819 | J26: =1+J25 -> 2038 | L26: =+EOMONTH(L25,11)+1 -> 50922 | M26: =1.01*M25 -> 3.0837177 | N26: =1.01*N25 -> 5.3800605 | O26: =1.01*O25 -> 7.1190181 | P26: =1.01*P25 -> 1.1477434 | Q26: =1.01*Q25 -> 2.522803 | R26: =1.01*R25 -> 9.7263992 | S26: =1.01*S25 -> 10.916707 | T26: =1.01*T25 -> 9.8528618 | ... AB26: =1.01*AB25 -> 0.94158065
B27: =1+B26 -> 2039 | C27: =+EOMONTH(C26,11)+1 -> 50922 | D27: =EOMONTH(CP_Forecast!$C27,11) -> 51287 | E27: =+AVERAGE(E22:E26)*1.01 -> 8513.9807 | F27: =1.03*F26 -> 6.9211694 | J27: =1+J26 -> 2039 | L27: =+EOMONTH(L26,11)+1 -> 51288 | M27: =1.01*M26 -> 3.1145549 | N27: =1.01*N26 -> 5.4338611 | O27: =1.01*O26 -> 7.1902083 | P27: =1.01*P26 -> 1.1592209 | Q27: =1.01*Q26 -> 2.548031 | R27: =1.01*R26 -> 9.8236631 | S27: =1.01*S26 -> 11.025874 | T27: =1.01*T26 -> 9.9513904 | ... AB27: =1.01*AB26 -> 0.95099646
B28: =1+B27 -> 2040 | C28: =+EOMONTH(C27,11)+1 -> 51288 | D28: =EOMONTH(CP_Forecast!$C28,11) -> 51652 | E28: =+AVERAGE(E23:E27)*1.01 -> 8540.154 | F28: =1.03*F27 -> 7.1288044 | J28: =1+J27 -> 2040 | L28: =+EOMONTH(L27,11)+1 -> 51653 | M28: =1.01*M27 -> 3.1457004 | N28: =1.01*N27 -> 5.4881997 | O28: =1.01*O27 -> 7.2621104 | P28: =1.01*P27 -> 1.1708131 | Q28: =1.01*Q27 -> 2.5735113 | R28: =1.01*R27 -> 9.9218998 | S28: =1.01*S27 -> 11.136133 | T28: =1.01*T27 -> 10.050904 | ... AB28: =1.01*AB27 -> 0.96050642
... B38: =1+B37 -> 2050 | C38: =+EOMONTH(C37,11)+1 -> 54940 | D38: =EOMONTH(CP_Forecast!$C38,11) -> 55304 | E38: =+AVERAGE(E33:E37)*1.01 -> 8829.5423 | F38: =1.03*F37 -> 9.580517 | J38: =1+J37 -> 2050 | L38: =+EOMONTH(L37,11)+1 -> 55305 | M38: =1.01*M37 -> 3.4748103 | N38: =1.01*N37 -> 6.0623869 | O38: =1.01*O37 -> 8.0218878 | P38: =1.01*P37 -> 1.293306 | Q38: =1.01*Q37 -> 2.8427575 | R38: =1.01*R37 -> 10.95995 | S38: =1.01*S37 -> 12.301219 | T38: =1.01*T37 -> 11.102451 | ... AB38: =1.01*AB37 -> 1.0609966

Sheet Lookups
B2: System_Name | C2: System_ID | E2: Invoice_Group | F2: Capacity Charge | G2: Capacity Credit | I2: Resource_Name | J2: Invoice_Group | K2: Capacity Zone | L2: Qualified Capacity | M2: Self Supply | N2: End_Date | O2: Credit Source
B3: Ashland | C3: 60050 | E3: 2019 Planned Purchase Product 1 | F3: No | G3: No | I3: WMA CHESTER SOLAR 1 | J3: Chester Solar | K3: ROP | L3: 1.904 | N3: 50921 | O3: FCA
B4: Barton | C4: 40010 | E4: 2019 Planned Purchase Product 2 | F4: No | G4: No | I4: FITCHBURG LANDFILL | J4: Fitchburg Landfill | K4: ROP | L4: 4.8 | N4: 11688 | O4: FCA but change in MW
B5: Enosburg | C5: 40020 | E5: 2019 Planned Purchase Product 2.1 | F5: No | G5: No | I5: FIEC Diesel | J5: Fox Island Diesel | K5: Maine | L5: 2 | O5: FCA
B6: Fox Islands | C6: 60080 | E6: 2019 Planned Purchase Product 3 | F6: No | G6: No | I6: Fox Island Wind | J6: Fox Island Wind | K6: Maine | L6: 4.5 | O6: FCA
B7: Hardwick | C7: 20010 | E7: 2019 Planned Purchase Product 4 | F7: No | G7: No | I7: HIGHGATE FALLS | J7: Highgate Hydro #1-4 | K7: NNE | L7: 11.392 | N7: 73050 | O7: FCA then LR
B8: Jacksonville | C8: 20020 | E8: 2019 Planned Purchase Product 5 | F8: No | G8: No | I8: BARKER UPPER HYDRO | J8: Kruger Hydro | K8: Maine | L8: 1 | N8: 13880 | O8: FCA
B9: Johnson | C9: 10030 | E9: 2023-2024 Contract | F9: No | G9: No | I9: BARKER LOWER HYDRO | J9: Kruger Hydro | K9: Maine | L9: 1.5 | N9: 13880 | O9: FCA
B10: Ludlow | C10: 10040 | E10: Barton Hydro | F10: No | G10: No | I10: BROWNS MILL HYDRO | J10: Kruger Hydro | K10: Maine | L10: 0.594 | N10: 13880 | O10: FCA
B11: Lyndonville | C11: 10050 | E11: Billings Road Solar | F11: No | G11: No | I11: GARDINER HYDRO | J11: Kruger Hydro | K11: Maine | L11: 1.053 | N11: 13880 | O11: FCA
B12: Morrisville | C12: 20030 | E12: Bone Hill Solar | F12: No | G12: No | I12: PITTSFIELD HYDRO | J12: Kruger Hydro | K12: Maine | L12: 1.1 | N12: 13880 | O12: FCA
B13: New Hampton | C13: 60060 | E13: Brookfield 2023-2027 | F13: No | G13: No | I13: BLACKSTONE HYDRO LOAD REDUCER | J13: Kruger Hydro | K13: SENE | L13: 1.55 | N13: 13880 | O13: FCA
B14: Northfield | C14: 20040 | E14: Cadys Falls Hydro | F14: No | G14: No | I14: J C MCNEIL | J14: McNeil Facility | K14: NNE | L14: 54 | M14: Yes | N14: 73050 | O14: FCA
B15: Orleans | C15: 40040 | E15: Chester Solar | F15: No | G15: Yes | I15: NYPA Niagara Contract | J15: NYPA Niagara Contract | K15: ROP | L15: 16 | N15: 73050 | O15: FCA through VELCO
B16: Swanton | C16: 40050 | E16: EDF Contracts | F16: No | G16: No | I16: NYPA St. Lawrence Contract | J16: NYPA St. Lawrence Contract | K16: ROP | L16: 0 | N16: 73050 | O16: FCA through VELCO
B17: VEC | C17: 10080 | E17: Enosburg Falls Hydro | F17: No | G17: No | I17: Phase I/II Transmission Facilities | J17: Phase I/II Transmission Facilities | K17: ROP | L17: 975 | N17: =+N16 -> 73050 | O17: FCA through VELCO
B18: VPPSA | C18: 90002 | E18: Fitchburg Landfill | F18: No | G18: Yes | I18: SWANTON GT-2 | J18: Project #10 | K18: NNE | L18: 20 | M18: Yes | N18: 73050 | O18: FCA
B19: WEC | C19: 20070 | E19: Fox Island Diesel | F19: No | G19: Yes | I19: SWANTON GT-1 | J19: Project #10 | K19: NNE | L19: 20 | M19: Yes | N19: 73050 | O19: FCA
E20: Fox Island Wind | F20: Yes | G20: Yes | I20: RYEGATE 1-NEW | J20: Ryegate Facility | K20: NNE | L20: 19 | N20: 44500 | O20: FCA through VELCO
E21: Fox Island Wind (Market) | F21: No | G21: No | I21: SEABROOK | J21: Seabrook PPA | K21: ROP | L21: 0.6 | N21: 12784 | O21: ISO through Self Suppy
E22: Highgate Hydro #1-4 | F22: No | G22: No | I22: STANDARD OFFER PROGRAM - SOG | J22: Standard Offer Program - SOG | K22: NNE | L22: 1.5 | N22: 11292 | O22: FCA through VELCO
E23: Highgate Hydro #5 | F23: No | G23: No | I23: STONY BROOK GT1C | J23: Stony Brook Station | K23: ROP | L23: 100 | N23: 73050 | O23: FCA
E24: HQUS Contract | F24: No | G24: No | I24: STONY BROOK GT1B | J24: Stony Brook Station | K24: ROP | L24: 97 | N24: 73050 | O24: FCA
E25: Kruger Hydro | F25: No | G25: Yes | I25: STONY BROOK GT1A | J25: Stony Brook Station | K25: ROP | L25: 100 | N25: 73050 | O25: FCA
E26: Lawrence Brook Solar | F26: No | G26: No
E27: McNeil Facility | F27: Yes | G27: Yes
E28: Morrisville Hydro #2 | F28: No | G28: No
E29: NYPA Niagara Contract | F29: Yes | G29: Yes
E30: NYPA St. Lawrence Contract | F30: Yes | G30: Yes
E31: Phase I/II Transmission Facilities | F31: No | G31: Yes
E32: Project #10 | F32: Yes | G32: Yes
E33: Ryegate Facility | F33: No | G33: Yes
E34: Sanders Hydro | F34: No | G34: No
E35: Seabrook 2018-22 Purchase | F35: No | G35: No
E36: Seabrook PPA | F36: Yes | G36: Yes
E37: Standard Offer Program | F37: No | G37: Yes
... E40: Wolcott Hydro | F40: No | G40: No
E42: # of Yes = | F42: =COUNTIF(F3:F40,"Yes") -> 7 | G42: =COUNTIF(G3:G40,"Yes") -> 14

Sheet Cap_MW_Lookups
MY1: x
C2: Winter | D2: Winter | E2: Winter | F2: Winter | G2: Winter | H2: Summer | I2: Summer | J2: Summer | K2: Summer | L2: Winter | M2: Winter | N2: Winter | O2: Winter | P2: Winter | Q2: Winter | R2: Winter | S2: Winter | T2: Summer | U2: Summer | V2: Summer | W2: Summer | X2: Winter | Y2: Winter | Z2: Winter | AA2: Winter | AB2: Winter | AC2: Winter | AD2: Winter | AE2: Winter | AF2: Summer | AG2: Summer | AH2: Summer | AI2: Summer | AJ2: Winter | AK2: Winter | AL2: Winter | AM2: Winter | AN2: Winter | AO2: Winter | AP2: Winter | AQ2: Winter | AR2: Summer | AS2: Summer | AT2: Summer | AU2: Summer | AV2: Winter | AW2: Winter | AX2: Winter | AY2: Winter | AZ2: Winter | BA2: Winter | BB2: Winter | BC2: Winter | BD2: Summer | BE2: Summer | BF2: Summer | BG2: Summer | BH2: Winter | BI2: Winter | BJ2: Winter | BK2: Winter | BL2: Winter | BM2: Winter | BN2: Winter | BO2: Winter | BP2: Summer | BQ2: Summer | BR2: Summer | BS2: Summer | BT2: Winter | BU2: Winter | BV2: Winter | BW2: Winter | BX2: Winter | BY2: Winter | BZ2: Winter | CA2: Winter | CB2: Summer | CC2: Summer | CD2: Summer | CE2: Summer | CF2: Winter | CG2: Winter | CH2: Winter | CI2: Winter | CJ2: Winter | CK2: Winter | CL2: Winter | CM2: Winter | CN2: Summer | CO2: Summer | CP2: Summer | CQ2: Summer | CR2: Winter | CS2: Winter | CT2: Winter | CU2: Winter | CV2: Winter | CW2: Winter | CX2: Winter | CY2: Winter | CZ2: Summer | DA2: Summer | DB2: Summer | DC2: Summer | DD2: Winter | DE2: Winter | DF2: Winter | DG2: Winter | DH2: Winter | DI2: Winter | DJ2: Winter | DK2: Winter | DL2: Summer | DM2: Summer | DN2: Summer | DO2: Summer | DP2: Winter | DQ2: Winter | DR2: Winter | DS2: Winter | DT2: Winter | DU2: Winter | DV2: Winter | DW2: Winter | DX2: Summer | DY2: Summer | DZ2: Summer | EA2: Summer | EB2: Winter | EC2: Winter | ED2: Winter | EE2: Winter | EF2: Winter | EG2: Winter | EH2: Winter | EI2: Winter | EJ2: Summer | EK2: Summer | EL2: Summer | EM2: Summer | EN2: Winter | EO2: Winter | EP2: Winter | EQ2: Winter | ER2: Winter | ES2: Winter | ET2: Winter | EU2: Winter | EV2: Summer | EW2: Summer | EX2: Summer | EY2: Summer | EZ2: Winter | FA2: Winter | FB2: Winter | FC2: Winter | FD2: Winter | FE2: Winter | FF2: Winter | FG2: Winter | FH2: Summer | FI2: Summer | FJ2: Summer | FK2: Summer | FL2: Winter | FM2: Winter | FN2: Winter | FO2: Winter | FP2: Winter | FQ2: Winter | FR2: Winter | FS2: Winter | FT2: Summer | FU2: Summer | FV2: Summer | FW2: Summer | FX2: Winter | FY2: Winter | FZ2: Winter | GA2: Winter | GB2: Winter | GC2: Winter | GD2: Winter | GE2: Winter | GF2: Summer | GG2: Summer | GH2: Summer | GI2: Summer | GJ2: Winter | GK2: Winter | GL2: Winter | GM2: Winter | GN2: Winter | GO2: Winter | GP2: Winter | GQ2: Winter | GR2: Summer | GS2: Summer | GT2: Summer | GU2: Summer | GV2: Winter | GW2: Winter | GX2: Winter | GY2: Winter | GZ2: Winter | HA2: Winter | HB2: Winter | HC2: Winter | HD2: Summer | HE2: Summer | HF2: Summer | HG2: Summer | HH2: Winter | HI2: Winter | HJ2: Winter | HK2: Winter | HL2: Winter | HM2: Winter | HN2: Winter | HO2: Winter | HP2: Summer | HQ2: Summer | HR2: Summer | HS2: Summer | HT2: Winter | HU2: Winter | HV2: Winter | HW2: Winter | HX2: Winter | HY2: Winter | HZ2: Winter | IA2: Winter | IB2: Summer | IC2: Summer | ID2: Summer | IE2: Summer | IF2: Winter | IG2: Winter | IH2: Winter | II2: Winter | IJ2: Winter | IK2: Winter | IL2: Winter | IM2: Winter | IN2: Summer | IO2: Summer | IP2: Summer | IQ2: Summer | IR2: Winter | IS2: Winter | IT2: Winter | IU2: Winter | IV2: Winter | IW2: Winter | IX2: Winter | IY2: Winter | IZ2: Summer | JA2: Summer | JB2: Summer | JC2: Summer | JD2: Winter | JE2: Winter | JF2: Winter | JG2: Winter | JH2: Winter | JI2: Winter | JJ2: Winter | JK2: Winter | JL2: Summer | JM2: Summer | JN2: Summer | JO2: Summer | JP2: Winter | JQ2: Winter | JR2: Winter | JS2: Winter | JT2: Winter | JU2: Winter | JV2: Winter | JW2: Winter | JX2: Summer | JY2: Summer | JZ2: Summer | KA2: Summer | KB2: Winter | KC2: Winter | KD2: Winter | KE2: Winter | KF2: Winter | KG2: Winter | KH2: Winter | KI2: Winter | KJ2: Summer | KK2: Summer | KL2: Summer | KM2: Summer | KN2: Winter | KO2: Winter | KP2: Winter | KQ2: Winter | KR2: Winter | KS2: Winter | KT2: Winter | KU2: Winter | KV2: Summer | KW2: Summer | KX2: Summer | KY2: Summer | KZ2: Winter | LA2: Winter | LB2: Winter | LC2: Winter | LD2: Winter | LE2: Winter | LF2: Winter | LG2: Winter | LH2: Summer | LI2: Summer | LJ2: Summer | LK2: Summer | LL2: Winter | LM2: Winter | LN2: Winter | LO2: Winter | LP2: Winter | LQ2: Winter | LR2: Winter | LS2: Winter | LT2: Summer | LU2: Summer | LV2: Summer | LW2: Summer | LX2: Winter | LY2: Winter | LZ2: Winter | MA2: Winter | MB2: Winter | MC2: Winter | MD2: Winter | ME2: Winter | MF2: Summer | MG2: Summer | MH2: Summer | MI2: Summer | MJ2: Winter | MK2: Winter | ML2: Winter | MM2: Winter | MN2: Winter | MO2: Winter | MP2: Winter | MQ2: Winter | MR2: Summer | MS2: Summer | MT2: Summer | MU2: Summer | MV2: Winter | MW2: Winter | MX2: Winter | MY2: x
B3: Generator_Name | C3: 44197 | D3: =EOMONTH(C3,0)+1 -> 44228 | E3: =EOMONTH(D3,0)+1 -> 44256 | F3: =EOMONTH(E3,0)+1 -> 44287 | G3: =EOMONTH(F3,0)+1 -> 44317 | H3: =EOMONTH(G3,0)+1 -> 44348 | I3: =EOMONTH(H3,0)+1 -> 44378 | J3: =EOMONTH(I3,0)+1 -> 44409 | K3: =EOMONTH(J3,0)+1 -> 44440 | ... MX3: =EOMONTH(MW3,0)+1 -> 55123 | MY3: x
MY4: x
B5: FCM Capacity Supply Obligation (CSO) | C5: Update 3/19/21 with ISO spreadsheet - "FCA_Obligations.xlsx" | MY5: x
A6: Generator Name | B6: BLACKSTONE HYDRO LOAD REDUCER | C6: =+O6 -> 0.559 | D6: =+P6 -> 0.559 | E6: =+Q6 -> 0.559 | F6: =+R6 -> 0.559 | G6: =+S6 -> 0.559 | H6: 0.148 | I6: 0.148 | J6: 0.148 | K6: 0.148 | L6: 0.559 | M6: 0.559 | N6: 0.559 | O6: 0.559 | P6: 0.559 | Q6: 0.559 | R6: 0.559 | S6: 0.559 | T6: 0.167 | U6: 0.167 | V6: 0.167 | W6: 0.167 | X6: 0.467 | Y6: 0.467 | Z6: 0.467 | AA6: 0.467 | AB6: 0.467 | AC6: 0.467 | AD6: 0.467 | AE6: 0.467 | AF6: 0.166 | AG6: 0.166 | AH6: 0.166 | AI6: 0.166 | AJ6: 0.421 | AK6: 0.421 | AL6: 0.421 | AM6: 0.421 | AN6: 0.421 | AO6: 0.421 | AP6: 0.421 | AQ6: 0.421 | AR6: 0.175 | AS6: 0.175 | AT6: 0.175 | AU6: 0.175 | AV6: 0.472 | AW6: 0.472 | AX6: 0.472 | AY6: 0.472 | AZ6: 0.472 | BA6: 0.472 | BB6: 0.472 | BC6: 0.472 | BD6: =+AR6 -> 0.175 | BE6: =+AS6 -> 0.175 | BF6: =+AT6 -> 0.175 | BG6: =+AU6 -> 0.175 | BH6: =+AV6 -> 0.472 | BI6: =+AW6 -> 0.472 | BJ6: =+AX6 -> 0.472 | BK6: =+AY6 -> 0.472 | ... MX6: =+ML6 -> 0.472 | MY6: x
B7: BARKER LOWER HYDRO | C7: =+O7 -> 0.771 | D7: =+P7 -> 0.771 | E7: =+Q7 -> 0.771 | F7: =+R7 -> 0.771 | G7: =+S7 -> 0.771 | H7: 0.312 | I7: 0.312 | J7: 0.312 | K7: 0.312 | L7: 0.771 | M7: 0.771 | N7: 0.771 | O7: 0.771 | P7: 0.771 | Q7: 0.771 | R7: 0.771 | S7: 0.771 | T7: 0.312 | U7: 0.312 | V7: 0.312 | W7: 0.312 | X7: 0.767 | Y7: 0.767 | Z7: 0.767 | AA7: 0.767 | AB7: 0.767 | AC7: 0.767 | AD7: 0.767 | AE7: 0.767 | AF7: 0.104 | AG7: 0.104 | AH7: 0.104 | AI7: 0.104 | AJ7: 0.707 | AK7: 0.707 | AL7: 0.707 | AM7: 0.707 | AN7: 0.707 | AO7: 0.707 | AP7: 0.707 | AQ7: 0.707 | AR7: 0 | AS7: 0 | AT7: 0 | AU7: 0 | AV7: 0.677 | AW7: 0.677 | AX7: 0.677 | AY7: 0.677 | AZ7: 0.677 | BA7: 0.677 | BB7: 0.677 | BC7: 0.677 | BD7: =+AR7 -> 0 | BE7: =+AS7 -> 0 | BF7: =+AT7 -> 0 | BG7: =+AU7 -> 0 | BH7: =+AV7 -> 0.677 | BI7: =+AW7 -> 0.677 | BJ7: =+AX7 -> 0.677 | BK7: =+AY7 -> 0.677 | ... MX7: =+ML7 -> 0.677 | MY7: x
B8: BARKER UPPER HYDRO | C8: =+O8 -> 0.664 | D8: =+P8 -> 0.664 | E8: =+Q8 -> 0.664 | F8: =+R8 -> 0.664 | G8: =+S8 -> 0.664 | H8: 0.336 | I8: 0.336 | J8: 0.336 | K8: 0.336 | L8: 0.664 | M8: 0.664 | N8: 0.664 | O8: 0.664 | P8: 0.664 | Q8: 0.664 | R8: 0.664 | S8: 0.664 | T8: 0.29 | U8: 0.29 | V8: 0.29 | W8: 0.29 | X8: 0.611 | Y8: 0.611 | Z8: 0.611 | AA8: 0.611 | AB8: 0.611 | AC8: 0.611 | AD8: 0.611 | AE8: 0.611 | AF8: 0.099 | AG8: 0.099 | AH8: 0.099 | AI8: 0.099 | AJ8: 0.602 | AK8: 0.602 | AL8: 0.602 | AM8: 0.602 | AN8: 0.602 | AO8: 0.602 | AP8: 0.602 | AQ8: 0.602 | AR8: 0.013 | AS8: 0.013 | AT8: 0.013 | AU8: 0.013 | AV8: 0.648 | AW8: 0.648 | AX8: 0.648 | AY8: 0.648 | AZ8: 0.648 | BA8: 0.648 | BB8: 0.648 | BC8: 0.648 | BD8: =+AR8 -> 0.013 | BE8: =+AS8 -> 0.013 | BF8: =+AT8 -> 0.013 | BG8: =+AU8 -> 0.013 | BH8: =+AV8 -> 0.648 | BI8: =+AW8 -> 0.648 | BJ8: =+AX8 -> 0.648 | BK8: =+AY8 -> 0.648 | ... MX8: =+ML8 -> 0.648 | MY8: x
B9: BROWNS MILL HYDRO | C9: =+O9 -> 0.498 | D9: =+P9 -> 0.498 | E9: =+Q9 -> 0.498 | F9: =+R9 -> 0.498 | G9: =+S9 -> 0.498 | H9: 0.168 | I9: 0.168 | J9: 0.168 | K9: 0.168 | L9: 0.498 | M9: 0.498 | N9: 0.498 | O9: 0.498 | P9: 0.498 | Q9: 0.498 | R9: 0.498 | S9: 0.498 | T9: 0.136 | U9: 0.136 | V9: 0.136 | W9: 0.136 | X9: 0.449 | Y9: 0.449 | Z9: 0.449 | AA9: 0.449 | AB9: 0.449 | AC9: 0.449 | AD9: 0.449 | AE9: 0.449 | AF9: 0.064 | AG9: 0.064 | AH9: 0.064 | AI9: 0.064 | AJ9: 0.404 | AK9: 0.404 | AL9: 0.404 | AM9: 0.404 | AN9: 0.404 | AO9: 0.404 | AP9: 0.404 | AQ9: 0.404 | AR9: 0.054 | AS9: 0.054 | AT9: 0.054 | AU9: 0.054 | AV9: 0.438 | AW9: 0.438 | AX9: 0.438 | AY9: 0.438 | AZ9: 0.438 | BA9: 0.438 | BB9: 0.438 | BC9: 0.438 | BD9: =+AR9 -> 0.054 | BE9: =+AS9 -> 0.054 | BF9: =+AT9 -> 0.054 | BG9: =+AU9 -> 0.054 | BH9: =+AV9 -> 0.438 | BI9: =+AW9 -> 0.438 | BJ9: =+AX9 -> 0.438 | BK9: =+AY9 -> 0.438 | ... MX9: =+ML9 -> 0.438 | MY9: x
B10: GARDINER HYDRO | C10: =+O10 -> 0.952 | D10: =+P10 -> 0.952 | E10: =+Q10 -> 0.952 | F10: =+R10 -> 0.952 | G10: =+S10 -> 0.952 | H10: 0.388 | I10: 0.388 | J10: 0.388 | K10: 0.388 | L10: 0.952 | M10: 0.952 | N10: 0.952 | O10: 0.952 | P10: 0.952 | Q10: 0.952 | R10: 0.952 | S10: 0.952 | T10: 0.348 | U10: 0.348 | V10: 0.348 | W10: 0.348 | X10: 0.952 | Y10: 0.952 | Z10: 0.952 | AA10: 0.952 | AB10: 0.952 | AC10: 0.952 | AD10: 0.952 | AE10: 0.952 | AF10: 0.153 | AG10: 0.153 | AH10: 0.153 | AI10: 0.153 | AJ10: 0.932 | AK10: 0.932 | AL10: 0.932 | AM10: 0.932 | AN10: 0.932 | AO10: 0.932 | AP10: 0.932 | AQ10: 0.932 | AR10: 0 | AS10: 0 | AT10: 0 | AU10: 0 | AV10: 0.929 | AW10: 0.929 | AX10: 0.929 | AY10: 0.929 | AZ10: 0.929 | BA10: 0.929 | BB10: 0.929 | BC10: 0.929 | BD10: =+AR10 -> 0 | BE10: =+AS10 -> 0 | BF10: =+AT10 -> 0 | BG10: =+AU10 -> 0 | BH10: =+AV10 -> 0.929 | BI10: =+AW10 -> 0.929 | BJ10: =+AX10 -> 0.929 | BK10: =+AY10 -> 0.929 | ... MX10: =+ML10 -> 0.929 | MY10: x
B11: PITTSFIELD HYDRO | C11: =+O11 -> 0.653 | D11: =+P11 -> 0.653 | E11: =+Q11 -> 0.653 | F11: =+R11 -> 0.653 | G11: =+S11 -> 0.653 | H11: 0.225 | I11: 0.225 | J11: 0.225 | K11: 0.225 | L11: 0.653 | M11: 0.653 | N11: 0.653 | O11: 0.653 | P11: 0.653 | Q11: 0.653 | R11: 0.653 | S11: 0.653 | T11: 0.216 | U11: 0.216 | V11: 0.216 | W11: 0.216 | X11: 0.68 | Y11: 0.68 | Z11: 0.68 | AA11: 0.68 | AB11: 0.68 | AC11: 0.68 | AD11: 0.68 | AE11: 0.68 | AF11: 0.128 | AG11: 0.128 | AH11: 0.128 | AI11: 0.128 | AJ11: 0.629 | AK11: 0.629 | AL11: 0.629 | AM11: 0.629 | AN11: 0.629 | AO11: 0.629 | AP11: 0.629 | AQ11: 0.629 | AR11: 0.041 | AS11: 0.041 | AT11: 0.041 | AU11: 0.041 | AV11: 0.661 | AW11: 0.661 | AX11: 0.661 | AY11: 0.661 | AZ11: 0.661 | BA11: 0.661 | BB11: 0.661 | BC11: 0.661 | BD11: =+AR11 -> 0.041 | BE11: =+AS11 -> 0.041 | BF11: =+AT11 -> 0.041 | BG11: =+AU11 -> 0.041 | BH11: =+AV11 -> 0.661 | BI11: =+AW11 -> 0.661 | BJ11: =+AX11 -> 0.661 | BK11: =+AY11 -> 0.661 | ... MX11: =+ML11 -> 0.661 | MY11: x
B12: Fox Island Diesel | C12: =+O12 -> 1.54 | D12: =+P12 -> 1.54 | E12: =+Q12 -> 1.54 | F12: =+R12 -> 1.54 | G12: =+S12 -> 1.54 | H12: 1.54 | I12: 1.54 | J12: 1.54 | K12: 1.54 | L12: 1.54 | M12: 1.54 | N12: 1.54 | O12: 1.54 | P12: 1.54 | Q12: 1.54 | R12: 1.54 | S12: 1.54 | T12: 1.54 | U12: 1.54 | V12: 1.54 | W12: 1.54 | X12: 1.54 | Y12: 1.54 | Z12: 1.54 | AA12: 1.54 | AB12: 1.54 | AC12: 1.54 | AD12: 1.54 | AE12: 1.54 | AF12: 1.54 | AG12: 1.54 | AH12: 1.54 | AI12: 1.54 | AJ12: 1.54 | AK12: 1.54 | AL12: 1.54 | AM12: 1.54 | AN12: 1.54 | AO12: 1.54 | AP12: 1.54 | AQ12: 1.54 | AR12: 1.54 | AS12: 1.54 | AT12: 1.54 | AU12: 1.54 | AV12: 1.54 | AW12: 1.54 | AX12: 1.54 | AY12: 1.54 | AZ12: 1.54 | BA12: 1.54 | BB12: 1.54 | BC12: 1.54 | BD12: =+AR12 -> 1.54 | BE12: =+AS12 -> 1.54 | BF12: =+AT12 -> 1.54 | BG12: =+AU12 -> 1.54 | BH12: =+AV12 -> 1.54 | BI12: =+AW12 -> 1.54 | BJ12: =+AX12 -> 1.54 | BK12: =+AY12 -> 1.54 | ... MX12: =+ML12 -> 1.54 | MY12: x
B13: Swanton Gas Turbine 1 | C13: =+O13 -> 19.304 | D13: =+P13 -> 19.304 | E13: =+Q13 -> 19.304 | F13: =+R13 -> 19.304 | G13: =+S13 -> 19.304 | H13: 19.304 | I13: 19.304 | J13: 19.304 | K13: 19.304 | L13: 19.304 | M13: 19.304 | N13: 19.304 | O13: 19.304 | P13: 19.304 | Q13: 19.304 | R13: 19.304 | S13: 19.304 | T13: 19.304 | U13: 19.304 | V13: 19.304 | W13: 19.304 | X13: 19.304 | Y13: 19.304 | Z13: 19.304 | AA13: 19.304 | AB13: 19.304 | AC13: 19.304 | AD13: 19.304 | AE13: 19.304 | AF13: 19.304 | AG13: 19.304 | AH13: 19.304 | AI13: 19.304 | AJ13: 19.304 | AK13: 19.304 | AL13: 19.304 | AM13: 19.304 | AN13: 19.304 | AO13: 19.304 | AP13: 19.304 | AQ13: 19.304 | AR13: 19.304 | AS13: 19.304 | AT13: 19.304 | AU13: 19.304 | AV13: 19.304 | AW13: 19.304 | AX13: 19.304 | AY13: 19.304 | AZ13: 19.304 | BA13: 19.304 | BB13: 19.304 | BC13: 19.304 | BD13: =+AR13 -> 19.304 | BE13: =+AS13 -> 19.304 | BF13: =+AT13 -> 19.304 | BG13: =+AU13 -> 19.304 | BH13: =+AV13 -> 19.304 | BI13: =+AW13 -> 19.304 | BJ13: =+AX13 -> 19.304 | BK13: =+AY13 -> 19.304 | ... MX13: =+ML13 -> 19.304 | MY13: x
B14: Swanton Gas Turbine 2 | C14: =+O14 -> 19.349 | D14: =+P14 -> 19.349 | E14: =+Q14 -> 19.349 | F14: =+R14 -> 19.349 | G14: =+S14 -> 19.349 | H14: 19.349 | I14: 19.349 | J14: 19.349 | K14: 19.349 | L14: 19.349 | M14: 19.349 | N14: 19.349 | O14: 19.349 | P14: 19.349 | Q14: 19.349 | R14: 19.349 | S14: 19.349 | T14: 19.349 | U14: 19.349 | V14: 19.349 | W14: 19.349 | X14: 19.349 | Y14: 19.349 | Z14: 19.349 | AA14: 19.349 | AB14: 19.349 | AC14: 19.349 | AD14: 19.349 | AE14: 19.349 | AF14: 19.349 | AG14: 19.349 | AH14: 19.349 | AI14: 19.349 | AJ14: 19.349 | AK14: 19.349 | AL14: 19.349 | AM14: 19.349 | AN14: 19.349 | AO14: 19.349 | AP14: 19.349 | AQ14: 19.349 | AR14: 19.349 | AS14: 19.349 | AT14: 19.349 | AU14: 19.349 | AV14: 19.349 | AW14: 19.349 | AX14: 19.349 | AY14: 19.349 | AZ14: 19.349 | BA14: 19.349 | BB14: 19.349 | BC14: 19.349 | BD14: =+AR14 -> 19.349 | BE14: =+AS14 -> 19.349 | BF14: =+AT14 -> 19.349 | BG14: =+AU14 -> 19.349 | BH14: =+AV14 -> 19.349 | BI14: =+AW14 -> 19.349 | BJ14: =+AX14 -> 19.349 | BK14: =+AY14 -> 19.349 | ... MX14: =+ML14 -> 19.349 | MY14: x
B15: WMA Chester Solar 1 | C15: =+O15 -> 0 | D15: =+P15 -> 0 | E15: =+Q15 -> 0 | F15: =+R15 -> 0 | G15: =+S15 -> 0 | H15: 1.904 | I15: 1.904 | J15: 1.904 | K15: 1.904 | L15: 0 | M15: 0 | N15: 0 | O15: 0 | P15: 0 | Q15: 0 | R15: 0 | S15: 0 | T15: 1.904 | U15: 1.904 | V15: 1.904 | W15: 1.904 | X15: 0 | Y15: 0 | Z15: 0 | AA15: 0 | AB15: 0 | AC15: 0 | AD15: 0 | AE15: 0 | AF15: 1.904 | AG15: 1.904 | AH15: 1.904 | AI15: 1.904 | AJ15: 0 | AK15: 0 | AL15: 0 | AM15: 0 | AN15: 0 | AO15: 0 | AP15: 0 | AQ15: 0 | AR15: 1.904 | AS15: 1.904 | AT15: 1.904 | AU15: 1.904 | AV15: 0 | AW15: 0 | AX15: 0 | AY15: 0 | AZ15: 0 | BA15: 0 | BB15: 0 | BC15: 0 | BD15: =+AR15 -> 1.904 | BE15: =+AS15 -> 1.904 | BF15: =+AT15 -> 1.904 | BG15: =+AU15 -> 1.904 | BH15: =+AV15 -> 0 | BI15: =+AW15 -> 0 | BJ15: =+AX15 -> 0 | BK15: =+AY15 -> 0 | ... HO15: =+HC15 -> 0 | MY15: x
MY16: x
MY17: x
B18: Qualified Capacity | C18: Update 3/19/21 with ISO spreadsheet - "FCA_Obligations.xlsx" | MY18: x
A19: Generator Name | B19: BLACKSTONE HYDRO LOAD REDUCER | C19: 0.559 | D19: 0.559 | E19: 0.559 | F19: 0.559 | G19: 0.559 | H19: 0.148 | I19: 0.148 | J19: 0.148 | K19: 0.148 | L19: 0.559 | M19: 0.559 | N19: 0.559 | O19: 0.559 | P19: 0.559 | Q19: 0.559 | R19: 0.559 | S19: 0.559 | T19: 0.167 | U19: 0.167 | V19: 0.167 | W19: 0.167 | X19: 0.467 | Y19: 0.467 | Z19: 0.467 | AA19: 0.467 | AB19: 0.467 | AC19: 0.467 | AD19: 0.467 | AE19: 0.467 | AF19: 0.166 | AG19: 0.166 | AH19: 0.166 | AI19: 0.166 | AJ19: 0.421 | AK19: 0.421 | AL19: 0.421 | AM19: 0.421 | AN19: 0.421 | AO19: 0.421 | AP19: 0.421 | AQ19: 0.421 | AR19: 0.175 | AS19: 0.175 | AT19: 0.175 | AU19: 0.175 | AV19: 0.472 | AW19: 0.472 | AX19: 0.472 | AY19: 0.472 | AZ19: 0.472 | BA19: 0.472 | BB19: 0.472 | BC19: 0.472 | BD19: =+AR19 -> 0.175 | BE19: =+AS19 -> 0.175 | BF19: =+AT19 -> 0.175 | BG19: =+AU19 -> 0.175 | BH19: =+AV19 -> 0.472 | BI19: =+AW19 -> 0.472 | BJ19: =+AX19 -> 0.472 | BK19: =+AY19 -> 0.472 | ... MX19: =+ML19 -> 0.472 | MY19: x
B20: BARKER LOWER HYDRO | C20: 0.771 | D20: 0.771 | E20: 0.771 | F20: 0.771 | G20: 0.771 | H20: 0.312 | I20: 0.312 | J20: 0.312 | K20: 0.312 | L20: 0.771 | M20: 0.771 | N20: 0.771 | O20: 0.771 | P20: 0.771 | Q20: 0.771 | R20: 0.771 | S20: 0.771 | T20: 0.312 | U20: 0.312 | V20: 0.312 | W20: 0.312 | X20: 0.767 | Y20: 0.767 | Z20: 0.767 | AA20: 0.767 | AB20: 0.767 | AC20: 0.767 | AD20: 0.767 | AE20: 0.767 | AF20: 0.104 | AG20: 0.104 | AH20: 0.104 | AI20: 0.104 | AJ20: 0.707 | AK20: 0.707 | AL20: 0.707 | AM20: 0.707 | AN20: 0.707 | AO20: 0.707 | AP20: 0.707 | AQ20: 0.707 | AR20: 0 | AS20: 0 | AT20: 0 | AU20: 0 | AV20: 0.677 | AW20: 0.677 | AX20: 0.677 | AY20: 0.677 | AZ20: 0.677 | BA20: 0.677 | BB20: 0.677 | BC20: 0.677 | BD20: =+AR20 -> 0 | BE20: =+AS20 -> 0 | BF20: =+AT20 -> 0 | BG20: =+AU20 -> 0 | BH20: =+AV20 -> 0.677 | BI20: =+AW20 -> 0.677 | BJ20: =+AX20 -> 0.677 | BK20: =+AY20 -> 0.677 | ... MX20: =+ML20 -> 0.677 | MY20: x
B21: BARKER UPPER HYDRO | C21: 0.664 | D21: 0.664 | E21: 0.664 | F21: 0.664 | G21: 0.664 | H21: 0.336 | I21: 0.336 | J21: 0.336 | K21: 0.336 | L21: 0.664 | M21: 0.664 | N21: 0.664 | O21: 0.664 | P21: 0.664 | Q21: 0.664 | R21: 0.664 | S21: 0.664 | T21: 0.29 | U21: 0.29 | V21: 0.29 | W21: 0.29 | X21: 0.611 | Y21: 0.611 | Z21: 0.611 | AA21: 0.611 | AB21: 0.611 | AC21: 0.611 | AD21: 0.611 | AE21: 0.611 | AF21: 0.099 | AG21: 0.099 | AH21: 0.099 | AI21: 0.099 | AJ21: 0.602 | AK21: 0.602 | AL21: 0.602 | AM21: 0.602 | AN21: 0.602 | AO21: 0.602 | AP21: 0.602 | AQ21: 0.602 | AR21: 0.013 | AS21: 0.013 | AT21: 0.013 | AU21: 0.013 | AV21: 0.648 | AW21: 0.648 | AX21: 0.648 | AY21: 0.648 | AZ21: 0.648 | BA21: 0.648 | BB21: 0.648 | BC21: 0.648 | BD21: =+AR21 -> 0.013 | BE21: =+AS21 -> 0.013 | BF21: =+AT21 -> 0.013 | BG21: =+AU21 -> 0.013 | BH21: =+AV21 -> 0.648 | BI21: =+AW21 -> 0.648 | BJ21: =+AX21 -> 0.648 | BK21: =+AY21 -> 0.648 | ... MX21: =+ML21 -> 0.648 | MY21: x
B22: BROWNS MILL HYDRO | C22: 0.498 | D22: 0.498 | E22: 0.498 | F22: 0.498 | G22: 0.498 | H22: 0.168 | I22: 0.168 | J22: 0.168 | K22: 0.168 | L22: 0.498 | M22: 0.498 | N22: 0.498 | O22: 0.498 | P22: 0.498 | Q22: 0.498 | R22: 0.498 | S22: 0.498 | T22: 0.136 | U22: 0.136 | V22: 0.136 | W22: 0.136 | X22: 0.449 | Y22: 0.449 | Z22: 0.449 | AA22: 0.449 | AB22: 0.449 | AC22: 0.449 | AD22: 0.449 | AE22: 0.449 | AF22: 0.064 | AG22: 0.064 | AH22: 0.064 | AI22: 0.064 | AJ22: 0.404 | AK22: 0.404 | AL22: 0.404 | AM22: 0.404 | AN22: 0.404 | AO22: 0.404 | AP22: 0.404 | AQ22: 0.404 | AR22: 0.054 | AS22: 0.054 | AT22: 0.054 | AU22: 0.054 | AV22: 0.438 | AW22: 0.438 | AX22: 0.438 | AY22: 0.438 | AZ22: 0.438 | BA22: 0.438 | BB22: 0.438 | BC22: 0.438 | BD22: =+AR22 -> 0.054 | BE22: =+AS22 -> 0.054 | BF22: =+AT22 -> 0.054 | BG22: =+AU22 -> 0.054 | BH22: =+AV22 -> 0.438 | BI22: =+AW22 -> 0.438 | BJ22: =+AX22 -> 0.438 | BK22: =+AY22 -> 0.438 | ... MX22: =+ML22 -> 0.438 | MY22: x
B23: GARDINER HYDRO | C23: 0.952 | D23: 0.952 | E23: 0.952 | F23: 0.952 | G23: 0.952 | H23: 0.388 | I23: 0.388 | J23: 0.388 | K23: 0.388 | L23: 0.952 | M23: 0.952 | N23: 0.952 | O23: 0.952 | P23: 0.952 | Q23: 0.952 | R23: 0.952 | S23: 0.952 | T23: 0.348 | U23: 0.348 | V23: 0.348 | W23: 0.348 | X23: 0.952 | Y23: 0.952 | Z23: 0.952 | AA23: 0.952 | AB23: 0.952 | AC23: 0.952 | AD23: 0.952 | AE23: 0.952 | AF23: 0.153 | AG23: 0.153 | AH23: 0.153 | AI23: 0.153 | AJ23: 0.932 | AK23: 0.932 | AL23: 0.932 | AM23: 0.932 | AN23: 0.932 | AO23: 0.932 | AP23: 0.932 | AQ23: 0.932 | AR23: 0 | AS23: 0 | AT23: 0 | AU23: 0 | AV23: 0.929 | AW23: 0.929 | AX23: 0.929 | AY23: 0.929 | AZ23: 0.929 | BA23: 0.929 | BB23: 0.929 | BC23: 0.929 | BD23: =+AR23 -> 0 | BE23: =+AS23 -> 0 | BF23: =+AT23 -> 0 | BG23: =+AU23 -> 0 | BH23: =+AV23 -> 0.929 | BI23: =+AW23 -> 0.929 | BJ23: =+AX23 -> 0.929 | BK23: =+AY23 -> 0.929 | ... MX23: =+ML23 -> 0.929 | MY23: x
B24: PITTSFIELD HYDRO | C24: 0.653 | D24: 0.653 | E24: 0.653 | F24: 0.653 | G24: 0.653 | H24: 0.225 | I24: 0.225 | J24: 0.225 | K24: 0.225 | L24: 0.653 | M24: 0.653 | N24: 0.653 | O24: 0.653 | P24: 0.653 | Q24: 0.653 | R24: 0.653 | S24: 0.653 | T24: 0.216 | U24: 0.216 | V24: 0.216 | W24: 0.216 | X24: 0.68 | Y24: 0.68 | Z24: 0.68 | AA24: 0.68 | AB24: 0.68 | AC24: 0.68 | AD24: 0.68 | AE24: 0.68 | AF24: 0.128 | AG24: 0.128 | AH24: 0.128 | AI24: 0.128 | AJ24: 0.629 | AK24: 0.629 | AL24: 0.629 | AM24: 0.629 | AN24: 0.629 | AO24: 0.629 | AP24: 0.629 | AQ24: 0.629 | AR24: 0.041 | AS24: 0.041 | AT24: 0.041 | AU24: 0.041 | AV24: 0.661 | AW24: 0.661 | AX24: 0.661 | AY24: 0.661 | AZ24: 0.661 | BA24: 0.661 | BB24: 0.661 | BC24: 0.661 | BD24: =+AR24 -> 0.041 | BE24: =+AS24 -> 0.041 | BF24: =+AT24 -> 0.041 | BG24: =+AU24 -> 0.041 | BH24: =+AV24 -> 0.661 | BI24: =+AW24 -> 0.661 | BJ24: =+AX24 -> 0.661 | BK24: =+AY24 -> 0.661 | ... MX24: =+ML24 -> 0.661 | MY24: x
B25: Coventry Clean Energy | M25: =2.621+3.61 -> 6.231 | N25: =2.621+3.61 -> 6.231 | O25: =2.621+3.61 -> 6.231 | P25: =2.621+3.61 -> 6.231 | Q25: =2.621+3.61 -> 6.231 | R25: =2.621+3.61 -> 6.231 | S25: =2.621+3.61 -> 6.231 | T25: =2.625+3.483 -> 6.108 | U25: =2.625+3.483 -> 6.108 | V25: =2.625+3.483 -> 6.108 | W25: =2.625+3.483 -> 6.108 | X25: =2.621+3.61 -> 6.231 | Y25: =2.621+3.687 -> 6.308 | Z25: =2.621+3.687 -> 6.308 | AA25: =2.621+3.687 -> 6.308 | AB25: =2.621+3.687 -> 6.308 | AC25: =2.621+3.687 -> 6.308 | AD25: =2.621+3.687 -> 6.308 | AE25: =2.621+3.687 -> 6.308 | AF25: =2.625+3.521 -> 6.146 | AG25: =2.625+3.521 -> 6.146 | AH25: =2.625+3.521 -> 6.146 | AI25: =2.625+3.521 -> 6.146 | AJ25: =+X25 -> 6.231 | AK25: =+Y25 -> 6.308 | AL25: =+Z25 -> 6.308 | AM25: =+AA25 -> 6.308 | AN25: =+AB25 -> 6.308 | AO25: =+AC25 -> 6.308 | AP25: =+AD25 -> 6.308 | AQ25: =+AE25 -> 6.308 | AR25: 0 | BD25: =+AR25 -> 0 | BP25: =+BD25 -> 0 | CB25: =+BP25 -> 0 | CN25: =+CB25 -> 0 | CZ25: =+CN25 -> 0 | DL25: =+CZ25 -> 0 | DX25: =+DL25 -> 0 | EJ25: =+DX25 -> 0 | EV25: =+EJ25 -> 0 | FH25: =+EV25 -> 0 | FT25: =+FH25 -> 0 | GF25: =+FT25 -> 0 | GR25: =+GF25 -> 0 | HD25: =+GR25 -> 0 | HP25: =+HD25 -> 0 | IB25: =+HP25 -> 0 | IN25: =+IB25 -> 0 | IZ25: =+IN25 -> 0 | JL25: =+IZ25 -> 0 | JX25: =+JL25 -> 0 | KJ25: =+JX25 -> 0 | KV25: =+KJ25 -> 0 | LH25: =+KV25 -> 0 | LT25: =+LH25 -> 0 | MF25: =+LT25 -> 0 | MR25: =+MF25 -> 0
B26: Fox Island Diesel | C26: 1.596 | D26: 1.596 | E26: 1.596 | F26: 1.596 | G26: 1.596 | H26: 1.54 | I26: 1.54 | J26: 1.54 | K26: 1.54 | L26: 1.596 | M26: 1.596 | N26: 1.596 | O26: =+C26 -> 1.596 | P26: =+D26 -> 1.596 | Q26: =+E26 -> 1.596 | R26: =+F26 -> 1.596 | S26: =+G26 -> 1.596 | T26: =+H26 -> 1.54 | U26: =+I26 -> 1.54 | V26: =+J26 -> 1.54 | ... MX26: =+ML26 -> 1.596 | MY26: x
B27: Swanton Gas Turbine 1 | C27: 23.954 | D27: 23.954 | E27: 23.954 | F27: 23.954 | G27: 23.954 | H27: 19.304 | I27: 19.304 | J27: 19.304 | K27: 19.304 | L27: 23.954 | M27: 23.954 | N27: 23.954 | O27: =+C27 -> 23.954 | P27: =+D27 -> 23.954 | Q27: =+E27 -> 23.954 | R27: =+F27 -> 23.954 | S27: =+G27 -> 23.954 | T27: =+H27 -> 19.304 | U27: =+I27 -> 19.304 | V27: =+J27 -> 19.304 | ... MX27: =+ML27 -> 23.954 | MY27: x
B28: Swanton Gas Turbine 2 | C28: 23.839 | D28: 23.839 | E28: 23.839 | F28: 23.839 | G28: 23.839 | H28: 19.349 | I28: 19.349 | J28: 19.349 | K28: 19.349 | L28: 23.839 | M28: 23.839 | N28: 23.839 | O28: =+C28 -> 23.839 | P28: =+D28 -> 23.839 | Q28: =+E28 -> 23.839 | R28: =+F28 -> 23.839 | S28: =+G28 -> 23.839 | T28: =+H28 -> 19.349 | U28: =+I28 -> 19.349 | V28: =+J28 -> 19.349 | ... MX28: =+ML28 -> 23.839 | MY28: x
B29: WMA Chester Solar 1 | C29: 0 | D29: 0 | E29: 0 | F29: 0 | G29: 0 | H29: 1.904 | I29: 1.904 | J29: 1.904 | K29: 1.904 | L29: 0 | M29: 0 | N29: 0 | O29: =+C29 -> 0 | P29: =+D29 -> 0 | Q29: =+E29 -> 0 | R29: =+F29 -> 0 | S29: =+G29 -> 0 | T29: =+H29 -> 1.904 | U29: =+I29 -> 1.904 | V29: =+J29 -> 1.904 | ... MX29: =+ML29 -> 0 | MY29: x
MY30: x
MY31: x
B32: Self Supply | C32: Updated 3/19/21 with FCTS review. | MY32: x
A33: Generator Name | B33: BLACKSTONE HYDRO LOAD REDUCER | T33: Yes | U33: Yes | V33: Yes | W33: Yes | X33: Yes | Y33: Yes | Z33: Yes | AA33: Yes | AB33: Yes | AC33: Yes | AD33: Yes | AE33: Yes | AF33: Yes | AG33: Yes | AH33: Yes | AI33: Yes | AJ33: Yes | AK33: Yes | AL33: Yes | AM33: Yes | AN33: Yes | AO33: Yes | AP33: Yes | AQ33: Yes | AR33: Yes | AS33: Yes | AT33: Yes | AU33: Yes | AV33: Yes | AW33: Yes | AX33: Yes | AY33: Yes | AZ33: Yes | BA33: Yes | BB33: Yes | BC33: Yes | MY33: x
B34: BARKER LOWER HYDRO | T34: Yes | U34: Yes | V34: Yes | W34: Yes | X34: Yes | Y34: Yes | Z34: Yes | AA34: Yes | AB34: Yes | AC34: Yes | AD34: Yes | AE34: Yes | AF34: Yes | AG34: Yes | AH34: Yes | AI34: Yes | AJ34: Yes | AK34: Yes | AL34: Yes | AM34: Yes | AN34: Yes | AO34: Yes | AP34: Yes | AQ34: Yes | MY34: x
B35: BARKER UPPER HYDRO | T35: Yes | U35: Yes | V35: Yes | W35: Yes | X35: Yes | Y35: Yes | Z35: Yes | AA35: Yes | AB35: Yes | AC35: Yes | AD35: Yes | AE35: Yes | AF35: Yes | AG35: Yes | AH35: Yes | AI35: Yes | AJ35: Yes | AK35: Yes | AL35: Yes | AM35: Yes | AN35: Yes | AO35: Yes | AP35: Yes | AQ35: Yes | MY35: x
B36: BROWNS MILL HYDRO | T36: Yes | U36: Yes | V36: Yes | W36: Yes | X36: Yes | Y36: Yes | Z36: Yes | AA36: Yes | AB36: Yes | AC36: Yes | AD36: Yes | AE36: Yes | AF36: Yes | AG36: Yes | AH36: Yes | AI36: Yes | AJ36: Yes | AK36: Yes | AL36: Yes | AM36: Yes | AN36: Yes | AO36: Yes | AP36: Yes | AQ36: Yes | MY36: x
B37: GARDINER HYDRO | T37: Yes | U37: Yes | V37: Yes | W37: Yes | X37: Yes | Y37: Yes | Z37: Yes | AA37: Yes | AB37: Yes | AC37: Yes | AD37: Yes | AE37: Yes | AF37: Yes | AG37: Yes | AH37: Yes | AI37: Yes | AJ37: Yes | AK37: Yes | AL37: Yes | AM37: Yes | AN37: Yes | AO37: Yes | AP37: Yes | AQ37: Yes | MY37: x
B38: PITTSFIELD HYDRO | T38: Yes | U38: Yes | V38: Yes | W38: Yes | X38: Yes | Y38: Yes | Z38: Yes | AA38: Yes | AB38: Yes | AC38: Yes | AD38: Yes | AE38: Yes | AF38: Yes | AG38: Yes | AH38: Yes | AI38: Yes | AJ38: Yes | AK38: Yes | AL38: Yes | AM38: Yes | AN38: Yes | AO38: Yes | AP38: Yes | AQ38: Yes | MY38: x
B39: FIEC DIESEL | T39: Yes | U39: Yes | V39: Yes | W39: Yes | X39: Yes | Y39: Yes | Z39: Yes | AA39: Yes | AB39: Yes | AC39: Yes | AD39: Yes | AE39: Yes | AF39: Yes | AG39: Yes | AH39: Yes | AI39: Yes | AJ39: Yes | AK39: Yes | AL39: Yes | AM39: Yes | AN39: Yes | AO39: Yes | AP39: Yes | AQ39: Yes | MY39: x
B40: Swanton Gas Turbine 1 | H40: Yes | I40: Yes | J40: Yes | K40: Yes | L40: Yes | M40: Yes | N40: Yes | O40: Yes | P40: Yes | Q40: Yes | R40: Yes | S40: Yes | T40: Yes | U40: Yes | V40: Yes | W40: Yes | X40: Yes | Y40: Yes | Z40: Yes | AA40: Yes | AB40: Yes | AC40: Yes | AD40: Yes | AE40: Yes | AF40: Yes | AG40: Yes | AH40: Yes | AI40: Yes | AJ40: Yes | AK40: Yes | AL40: Yes | AM40: Yes | AN40: Yes | AO40: Yes | AP40: Yes | AQ40: Yes | AR40: Yes | AS40: Yes | AT40: Yes | AU40: Yes | AV40: Yes | AW40: Yes | AX40: Yes | AY40: Yes | AZ40: Yes | BA40: Yes | BB40: Yes | BC40: Yes | BD40: Yes | BE40: Yes | BF40: Yes | BG40: Yes | BH40: Yes | BI40: Yes | BJ40: Yes | BK40: Yes | BL40: Yes | BM40: Yes | BN40: Yes | BO40: Yes | BP40: Yes | BQ40: Yes | BR40: Yes | BS40: Yes | BT40: Yes | BU40: Yes | BV40: Yes | BW40: Yes | BX40: Yes | BY40: Yes | BZ40: Yes | CA40: Yes | CB40: Yes | CC40: Yes | CD40: Yes | CE40: Yes | CF40: Yes | CG40: Yes | CH40: Yes | CI40: Yes | CJ40: Yes | CK40: Yes | CL40: Yes | CM40: Yes | CN40: Yes | CO40: Yes | CP40: Yes | CQ40: Yes | CR40: Yes | CS40: Yes | CT40: Yes | CU40: Yes | CV40: Yes | CW40: Yes | CX40: Yes | CY40: Yes | CZ40: Yes | DA40: Yes | DB40: Yes | DC40: Yes | DD40: Yes | DE40: Yes | DF40: Yes | DG40: Yes | DH40: Yes | DI40: Yes | DJ40: Yes | DK40: Yes | DL40: Yes | DM40: Yes | DN40: Yes | DO40: Yes | DP40: Yes | DQ40: Yes | DR40: Yes | DS40: Yes | DT40: Yes | DU40: Yes | DV40: Yes | DW40: Yes | DX40: Yes | DY40: Yes | DZ40: Yes | EA40: Yes | EB40: Yes | EC40: Yes | ED40: Yes | EE40: Yes | EF40: Yes | EG40: Yes | EH40: Yes | EI40: Yes | EJ40: Yes | EK40: Yes | EL40: Yes | EM40: Yes | EN40: Yes | EO40: Yes | EP40: Yes | EQ40: Yes | ER40: Yes | ES40: Yes | ET40: Yes | EU40: Yes | EV40: Yes | EW40: Yes | EX40: Yes | EY40: Yes | EZ40: Yes | FA40: Yes | FB40: Yes | FC40: Yes | FD40: Yes | FE40: Yes | FF40: Yes | FG40: Yes | FH40: Yes | FI40: Yes | FJ40: Yes | FK40: Yes | FL40: Yes | FM40: Yes | FN40: Yes | FO40: Yes | FP40: Yes | FQ40: Yes | FR40: Yes | FS40: Yes | FT40: Yes | FU40: Yes | FV40: Yes | FW40: Yes | FX40: Yes | FY40: Yes | FZ40: Yes | GA40: Yes | GB40: Yes | GC40: Yes | GD40: Yes | GE40: Yes | GF40: Yes | GG40: Yes | GH40: Yes | GI40: Yes | GJ40: Yes | GK40: Yes | GL40: Yes | GM40: Yes | GN40: Yes | GO40: Yes | GP40: Yes | GQ40: Yes | GR40: Yes | GS40: Yes | GT40: Yes | GU40: Yes | GV40: Yes | GW40: Yes | GX40: Yes | GY40: Yes | GZ40: Yes | HA40: Yes | HB40: Yes | HC40: Yes | HD40: Yes | HE40: Yes | HF40: Yes | HG40: Yes | HH40: Yes | HI40: Yes | HJ40: Yes | HK40: Yes | HL40: Yes | HM40: Yes | HN40: Yes | HO40: Yes | HP40: Yes | HQ40: Yes | HR40: Yes | HS40: Yes | HT40: Yes | HU40: Yes | HV40: Yes | HW40: Yes | HX40: Yes | HY40: Yes | HZ40: Yes | IA40: Yes | IB40: Yes | IC40: Yes | ID40: Yes | IE40: Yes | IF40: Yes | IG40: Yes | IH40: Yes | II40: Yes | IJ40: Yes | IK40: Yes | IL40: Yes | IM40: Yes | IN40: Yes | IO40: Yes | IP40: Yes | IQ40: Yes | IR40: Yes | IS40: Yes | IT40: Yes | IU40: Yes | IV40: Yes | IW40: Yes | IX40: Yes | IY40: Yes | IZ40: Yes | JA40: Yes | JB40: Yes | JC40: Yes | JD40: Yes | JE40: Yes | JF40: Yes | JG40: Yes | JH40: Yes | JI40: Yes | JJ40: Yes | JK40: Yes | JL40: Yes | JM40: Yes | JN40: Yes | JO40: Yes | JP40: Yes | JQ40: Yes | JR40: Yes | JS40: Yes | JT40: Yes | JU40: Yes | JV40: Yes | JW40: Yes | JX40: Yes | JY40: Yes | JZ40: Yes | KA40: Yes | KB40: Yes | KC40: Yes | KD40: Yes | KE40: Yes | KF40: Yes | KG40: Yes | KH40: Yes | KI40: Yes | KJ40: Yes | KK40: Yes | KL40: Yes | KM40: Yes | KN40: Yes | KO40: Yes | KP40: Yes | KQ40: Yes | KR40: Yes | KS40: Yes | KT40: Yes | KU40: Yes | KV40: Yes | KW40: Yes | KX40: Yes | KY40: Yes | KZ40: Yes | LA40: Yes | LB40: Yes | LC40: Yes | LD40: Yes | LE40: Yes | LF40: Yes | LG40: Yes | LH40: Yes | LI40: Yes | LJ40: Yes | LK40: Yes | LL40: Yes | LM40: Yes | LN40: Yes | LO40: Yes | LP40: Yes | LQ40: Yes | LR40: Yes | LS40: Yes | LT40: Yes | LU40: Yes | LV40: Yes | LW40: Yes | LX40: Yes | LY40: Yes | LZ40: Yes | MA40: Yes | MB40: Yes | MC40: Yes | MD40: Yes | ME40: Yes | MF40: Yes | MG40: Yes | MH40: Yes | MI40: Yes | MJ40: Yes | MK40: Yes | ML40: Yes | MM40: Yes | MN40: Yes | MO40: Yes | MP40: Yes | MQ40: Yes | MR40: Yes | MS40: Yes | MT40: Yes | MU40: Yes | MV40: Yes | MW40: Yes | MX40: Yes | MY40: x
B41: Swanton Gas Turbine 2 | H41: Yes | I41: Yes | J41: Yes | K41: Yes | L41: Yes | M41: Yes | N41: Yes | O41: Yes | P41: Yes | Q41: Yes | R41: Yes | S41: Yes | T41: Yes | U41: Yes | V41: Yes | W41: Yes | X41: Yes | Y41: Yes | Z41: Yes | AA41: Yes | AB41: Yes | AC41: Yes | AD41: Yes | AE41: Yes | AF41: Yes | AG41: Yes | AH41: Yes | AI41: Yes | AJ41: Yes | AK41: Yes | AL41: Yes | AM41: Yes | AN41: Yes | AO41: Yes | AP41: Yes | AQ41: Yes | AR41: Yes | AS41: Yes | AT41: Yes | AU41: Yes | AV41: Yes | AW41: Yes | AX41: Yes | AY41: Yes | AZ41: Yes | BA41: Yes | BB41: Yes | BC41: Yes | BD41: Yes | BE41: Yes | BF41: Yes | BG41: Yes | BH41: Yes | BI41: Yes | BJ41: Yes | BK41: Yes | BL41: Yes | BM41: Yes | BN41: Yes | BO41: Yes | BP41: Yes | BQ41: Yes | BR41: Yes | BS41: Yes | BT41: Yes | BU41: Yes | BV41: Yes | BW41: Yes | BX41: Yes | BY41: Yes | BZ41: Yes | CA41: Yes | CB41: Yes | CC41: Yes | CD41: Yes | CE41: Yes | CF41: Yes | CG41: Yes | CH41: Yes | CI41: Yes | CJ41: Yes | CK41: Yes | CL41: Yes | CM41: Yes | CN41: Yes | CO41: Yes | CP41: Yes | CQ41: Yes | CR41: Yes | CS41: Yes | CT41: Yes | CU41: Yes | CV41: Yes | CW41: Yes | CX41: Yes | CY41: Yes | CZ41: Yes | DA41: Yes | DB41: Yes | DC41: Yes | DD41: Yes | DE41: Yes | DF41: Yes | DG41: Yes | DH41: Yes | DI41: Yes | DJ41: Yes | DK41: Yes | DL41: Yes | DM41: Yes | DN41: Yes | DO41: Yes | DP41: Yes | DQ41: Yes | DR41: Yes | DS41: Yes | DT41: Yes | DU41: Yes | DV41: Yes | DW41: Yes | DX41: Yes | DY41: Yes | DZ41: Yes | EA41: Yes | EB41: Yes | EC41: Yes | ED41: Yes | EE41: Yes | EF41: Yes | EG41: Yes | EH41: Yes | EI41: Yes | EJ41: Yes | EK41: Yes | EL41: Yes | EM41: Yes | EN41: Yes | EO41: Yes | EP41: Yes | EQ41: Yes | ER41: Yes | ES41: Yes | ET41: Yes | EU41: Yes | EV41: Yes | EW41: Yes | EX41: Yes | EY41: Yes | EZ41: Yes | FA41: Yes | FB41: Yes | FC41: Yes | FD41: Yes | FE41: Yes | FF41: Yes | FG41: Yes | FH41: Yes | FI41: Yes | FJ41: Yes | FK41: Yes | FL41: Yes | FM41: Yes | FN41: Yes | FO41: Yes | FP41: Yes | FQ41: Yes | FR41: Yes | FS41: Yes | FT41: Yes | FU41: Yes | FV41: Yes | FW41: Yes | FX41: Yes | FY41: Yes | FZ41: Yes | GA41: Yes | GB41: Yes | GC41: Yes | GD41: Yes | GE41: Yes | GF41: Yes | GG41: Yes | GH41: Yes | GI41: Yes | GJ41: Yes | GK41: Yes | GL41: Yes | GM41: Yes | GN41: Yes | GO41: Yes | GP41: Yes | GQ41: Yes | GR41: Yes | GS41: Yes | GT41: Yes | GU41: Yes | GV41: Yes | GW41: Yes | GX41: Yes | GY41: Yes | GZ41: Yes | HA41: Yes | HB41: Yes | HC41: Yes | HD41: Yes | HE41: Yes | HF41: Yes | HG41: Yes | HH41: Yes | HI41: Yes | HJ41: Yes | HK41: Yes | HL41: Yes | HM41: Yes | HN41: Yes | HO41: Yes | HP41: Yes | HQ41: Yes | HR41: Yes | HS41: Yes | HT41: Yes | HU41: Yes | HV41: Yes | HW41: Yes | HX41: Yes | HY41: Yes | HZ41: Yes | IA41: Yes | IB41: Yes | IC41: Yes | ID41: Yes | IE41: Yes | IF41: Yes | IG41: Yes | IH41: Yes | II41: Yes | IJ41: Yes | IK41: Yes | IL41: Yes | IM41: Yes | IN41: Yes | IO41: Yes | IP41: Yes | IQ41: Yes | IR41: Yes | IS41: Yes | IT41: Yes | IU41: Yes | IV41: Yes | IW41: Yes | IX41: Yes | IY41: Yes | IZ41: Yes | JA41: Yes | JB41: Yes | JC41: Yes | JD41: Yes | JE41: Yes | JF41: Yes | JG41: Yes | JH41: Yes | JI41: Yes | JJ41: Yes | JK41: Yes | JL41: Yes | JM41: Yes | JN41: Yes | JO41: Yes | JP41: Yes | JQ41: Yes | JR41: Yes | JS41: Yes | JT41: Yes | JU41: Yes | JV41: Yes | JW41: Yes | JX41: Yes | JY41: Yes | JZ41: Yes | KA41: Yes | KB41: Yes | KC41: Yes | KD41: Yes | KE41: Yes | KF41: Yes | KG41: Yes | KH41: Yes | KI41: Yes | KJ41: Yes | KK41: Yes | KL41: Yes | KM41: Yes | KN41: Yes | KO41: Yes | KP41: Yes | KQ41: Yes | KR41: Yes | KS41: Yes | KT41: Yes | KU41: Yes | KV41: Yes | KW41: Yes | KX41: Yes | KY41: Yes | KZ41: Yes | LA41: Yes | LB41: Yes | LC41: Yes | LD41: Yes | LE41: Yes | LF41: Yes | LG41: Yes | LH41: Yes | LI41: Yes | LJ41: Yes | LK41: Yes | LL41: Yes | LM41: Yes | LN41: Yes | LO41: Yes | LP41: Yes | LQ41: Yes | LR41: Yes | LS41: Yes | LT41: Yes | LU41: Yes | LV41: Yes | LW41: Yes | LX41: Yes | LY41: Yes | LZ41: Yes | MA41: Yes | MB41: Yes | MC41: Yes | MD41: Yes | ME41: Yes | MF41: Yes | MG41: Yes | MH41: Yes | MI41: Yes | MJ41: Yes | MK41: Yes | ML41: Yes | MM41: Yes | MN41: Yes | MO41: Yes | MP41: Yes | MQ41: Yes | MR41: Yes | MS41: Yes | MT41: Yes | MU41: Yes | MV41: Yes | MW41: Yes | MX41: Yes | MY41: x
B42: WMA Chester Solar 1 | MY42: x
MY43: x
MY44: x
B45: Non FCTS CSOs | MY45: x
A46: Invoice Group | B46: Fitchburg Landfill | C46: 3.35 | D46: 3.35 | E46: 3.35 | F46: 3.35 | G46: 3.35 | H46: 3.35 | I46: 3.35 | J46: 3.35 | K46: 3.35 | L46: 3.35 | M46: 3.35 | N46: 3.35 | O46: 4.386 | P46: 4.386 | Q46: 4.386 | R46: 4.386 | S46: 4.386 | T46: 4.386 | U46: 4.386 | V46: 4.386 | W46: 4.386 | X46: 4.386 | Y46: 4.386 | Z46: 4.386 | AA46: 4.386 | AB46: 4.386 | AC46: 4.386 | AD46: 4.386 | AE46: 4.386 | AF46: 4.386 | AG46: 4.386 | AH46: 4.386 | AI46: 4.386 | AJ46: 4.386 | AK46: 4.386 | AL46: 4.386 | AM46: 4.386 | AN46: 4.386 | AO46: 4.386 | AP46: 4.386 | AQ46: 4.386 | AR46: 4.386 | AS46: 4.386 | AT46: 4.386 | AU46: 4.386 | AV46: 4.386 | AW46: 4.386 | AX46: 4.386 | AY46: 4.386 | AZ46: 4.386 | BA46: 4.386 | BB46: 4.386 | BC46: 4.386 | BD46: 4.386 | BE46: 4.386 | BF46: 4.386 | BG46: 4.386 | BH46: 4.386 | BI46: 4.386 | BJ46: 4.386 | BK46: 4.386 | BL46: 4.386 | BM46: 4.386 | BN46: 4.386 | BO46: 4.386 | BP46: 4.386 | BQ46: 4.386 | BR46: 4.386 | BS46: 4.386 | BT46: 4.386 | BU46: 4.386 | BV46: 4.386 | BW46: 4.386 | BX46: 4.386 | BY46: 4.386 | BZ46: 4.386 | CA46: 4.386 | CB46: 4.386 | CC46: 4.386 | CD46: 4.386 | CE46: 4.386 | CF46: 4.386 | CG46: 4.386 | CH46: 4.386 | CI46: 4.386 | CJ46: 4.386 | CK46: 4.386 | CL46: 4.386 | CM46: 4.386 | CN46: 4.386 | CO46: 4.386 | CP46: 4.386 | CQ46: 4.386 | CR46: 4.386 | CS46: 4.386 | CT46: 4.386 | CU46: 4.386 | CV46: 4.386 | CW46: 4.386 | CX46: 4.386 | CY46: 4.386 | CZ46: 4.386 | DA46: 4.386 | DB46: 4.386 | DC46: 4.386 | DD46: 4.386 | DE46: 4.386 | DF46: 4.386 | DG46: 4.386 | DH46: 4.386 | DI46: 4.386 | DJ46: 4.386 | DK46: 4.386 | DL46: 4.386 | DM46: 4.386 | DN46: 4.386 | DO46: 4.386 | DP46: 4.386 | DQ46: 4.386 | DR46: 4.386 | DS46: 4.386 | DT46: 4.386 | DU46: 4.386 | DV46: 4.386 | DW46: 4.386 | DX46: 4.386 | DY46: 4.386 | DZ46: 4.386 | EA46: 4.386 | EB46: 4.386 | EC46: 4.386 | ED46: 4.386 | MY46: x
B47: McNeil Facility | C47: 50 | D47: 50 | E47: 50 | F47: 50 | G47: 50 | H47: 50 | I47: 50 | J47: 50 | K47: 50 | L47: 50 | M47: 50 | N47: 50 | O47: 50 | P47: 50 | Q47: 50 | R47: 50 | S47: 50 | T47: 50 | U47: 50 | V47: 50 | W47: 50 | X47: 50 | Y47: 50 | Z47: 50 | AA47: 50 | AB47: 50 | AC47: 50 | AD47: 50 | AE47: 50 | AF47: 50 | AG47: 50 | AH47: 50 | AI47: 50 | AJ47: 50 | AK47: 50 | AL47: 50 | AM47: 50 | AN47: 50 | AO47: 50 | AP47: 50 | AQ47: 50 | AR47: 50 | AS47: 50 | AT47: 50 | AU47: 50 | AV47: 50 | AW47: 50 | AX47: 50 | AY47: 50 | AZ47: 50 | BA47: 50 | BB47: 50 | BC47: 50 | BD47: 50 | BE47: 50 | BF47: 50 | BG47: 50 | BH47: 50 | BI47: 50 | BJ47: 50 | BK47: 50 | BL47: 50 | BM47: 50 | BN47: 50 | BO47: 50 | BP47: 50 | BQ47: 50 | BR47: 50 | BS47: 50 | BT47: 50 | BU47: 50 | BV47: 50 | BW47: 50 | BX47: 50 | BY47: 50 | BZ47: 50 | CA47: 50 | CB47: 50 | CC47: 50 | CD47: 50 | CE47: 50 | CF47: 50 | CG47: 50 | CH47: 50 | CI47: 50 | CJ47: 50 | CK47: 50 | CL47: 50 | CM47: 50 | CN47: 50 | CO47: 50 | CP47: 50 | CQ47: 50 | CR47: 50 | CS47: 50 | CT47: 50 | CU47: 50 | CV47: 50 | CW47: 50 | CX47: 50 | CY47: 50 | CZ47: 50 | DA47: 50 | DB47: 50 | DC47: 50 | DD47: 50 | DE47: 50 | DF47: 50 | DG47: 50 | DH47: 50 | DI47: 50 | DJ47: 50 | DK47: 50 | DL47: 50 | DM47: 50 | DN47: 50 | DO47: 50 | DP47: 50 | DQ47: 50 | DR47: 50 | DS47: 50 | DT47: 50 | DU47: 50 | DV47: 50 | DW47: 50 | DX47: 50 | DY47: 50 | DZ47: 50 | EA47: 50 | EB47: 50 | EC47: 50 | ED47: 50 | EE47: 50 | EF47: 50 | EG47: 50 | EH47: 50 | EI47: 50 | EJ47: 50 | EK47: 50 | EL47: 50 | EM47: 50 | EN47: 50 | EO47: 50 | EP47: 50 | EQ47: 50 | ER47: 50 | ES47: 50 | ET47: 50 | EU47: 50 | EV47: 50 | EW47: 50 | EX47: 50 | EY47: 50 | EZ47: 50 | FA47: 50 | FB47: 50 | FC47: 50 | FD47: 50 | FE47: 50 | FF47: 50 | FG47: 50 | FH47: 50 | FI47: 50 | FJ47: 50 | FK47: 50 | FL47: 50 | FM47: 50 | FN47: 50 | FO47: 50 | FP47: 50 | FQ47: 50 | FR47: 50 | FS47: 50 | FT47: 50 | FU47: 50 | FV47: 50 | FW47: 50 | FX47: 50 | FY47: 50 | FZ47: 50 | GA47: 50 | GB47: 50 | GC47: 50 | GD47: 50 | GE47: 50 | GF47: 50 | GG47: 50 | GH47: 50 | GI47: 50 | GJ47: 50 | GK47: 50 | GL47: 50 | GM47: 50 | GN47: 50 | GO47: 50 | GP47: 50 | GQ47: 50 | GR47: 50 | GS47: 50 | GT47: 50 | GU47: 50 | GV47: 50 | GW47: 50 | GX47: 50 | GY47: 50 | GZ47: 50 | HA47: 50 | HB47: 50 | HC47: 50 | HD47: 50 | HE47: 50 | HF47: 50 | HG47: 50 | HH47: 50 | HI47: 50 | HJ47: 50 | HK47: 50 | HL47: 50 | HM47: 50 | HN47: 50 | HO47: 50 | HP47: 50 | HQ47: 50 | HR47: 50 | HS47: 50 | HT47: 50 | HU47: 50 | HV47: 50 | HW47: 50 | HX47: 50 | HY47: 50 | HZ47: 50 | IA47: 50 | IB47: 50 | IC47: 50 | ID47: 50 | IE47: 50 | IF47: 50 | IG47: 50 | IH47: 50 | II47: 50 | IJ47: 50 | IK47: 50 | IL47: 50 | IM47: 50 | IN47: 50 | IO47: 50 | IP47: 50 | IQ47: 50 | IR47: 50 | IS47: 50 | IT47: 50 | IU47: 50 | IV47: 50 | IW47: 50 | IX47: 50 | IY47: 50 | IZ47: 50 | JA47: 50 | JB47: 50 | JC47: 50 | JD47: 50 | JE47: 50 | JF47: 50 | JG47: 50 | JH47: 50 | JI47: 50 | JJ47: 50 | JK47: 50 | JL47: 50 | JM47: 50 | JN47: 50 | JO47: 50 | JP47: 50 | JQ47: 50 | JR47: 50 | JS47: 50 | JT47: 50 | JU47: 50 | JV47: 50 | JW47: 50 | JX47: 50 | JY47: 50 | JZ47: 50 | KA47: 50 | KB47: 50 | KC47: 50 | KD47: 50 | KE47: 50 | KF47: 50 | KG47: 50 | KH47: 50 | KI47: 50 | KJ47: 50 | KK47: 50 | KL47: 50 | KM47: 50 | KN47: 50 | KO47: 50 | KP47: 50 | KQ47: 50 | KR47: 50 | KS47: 50 | KT47: 50 | KU47: 50 | KV47: 50 | KW47: 50 | KX47: 50 | KY47: 50 | KZ47: 50 | LA47: 50 | LB47: 50 | LC47: 50 | LD47: 50 | LE47: 50 | LF47: 50 | LG47: 50 | LH47: 50 | LI47: 50 | LJ47: 50 | LK47: 50 | LL47: 50 | LM47: 50 | LN47: 50 | LO47: 50 | LP47: 50 | LQ47: 50 | LR47: 50 | LS47: 50 | LT47: 50 | LU47: 50 | LV47: 50 | LW47: 50 | LX47: 50 | LY47: 50 | LZ47: 50 | MA47: 50 | MB47: 50 | MC47: 50 | MD47: 50 | ME47: 50 | MF47: 50 | MG47: 50 | MH47: 50 | MI47: 50 | MJ47: 50 | MK47: 50 | ML47: 50 | MM47: 50 | MN47: 50 | MO47: 50 | MP47: 50 | MQ47: 50 | MR47: 50 | MS47: 50 | MT47: 50 | MU47: 50 | MV47: 50 | MW47: 50 | MX47: 50 | MY47: x
B48: NYPA Niagara Contract | C48: 14.3 | D48: 14.3 | E48: 14.3 | F48: 14.3 | G48: 14.3 | H48: 14.3 | I48: 14.3 | J48: 14.3 | K48: 14.3 | L48: 14.3 | M48: 14.3 | N48: 14.3 | O48: 14.3 | P48: 14.3 | Q48: 14.3 | R48: 14.3 | S48: 14.3 | T48: 14.3 | U48: 14.3 | V48: 14.3 | W48: 14.3 | X48: 14.3 | Y48: 14.3 | Z48: 14.3 | AA48: 14.3 | AB48: 14.3 | AC48: 14.3 | AD48: 14.3 | AE48: 14.3 | AF48: 14.3 | AG48: 14.3 | AH48: 14.3 | AI48: 14.3 | AJ48: 14.3 | AK48: 14.3 | AL48: 14.3 | AM48: 14.3 | AN48: 14.3 | AO48: 14.3 | AP48: 14.3 | AQ48: 14.3 | AR48: 14.3 | AS48: 14.3 | AT48: 14.3 | AU48: 14.3 | AV48: 14.3 | AW48: 14.3 | AX48: 14.3 | AY48: 14.3 | AZ48: 14.3 | BA48: 14.3 | BB48: 14.3 | BC48: 14.3 | BD48: 14.3 | BE48: 14.3 | BF48: 14.3 | BG48: 14.3 | BH48: 14.3 | BI48: 14.3 | BJ48: 14.3 | BK48: 14.3 | BL48: 14.3 | BM48: 14.3 | BN48: 14.3 | BO48: 14.3 | BP48: 14.3 | BQ48: 14.3 | BR48: 14.3 | BS48: 14.3 | BT48: 14.3 | BU48: 14.3 | BV48: 14.3 | BW48: 14.3 | BX48: 14.3 | BY48: 14.3 | BZ48: 14.3 | CA48: 14.3 | CB48: 14.3 | CC48: 14.3 | CD48: 14.3 | CE48: 14.3 | CF48: 14.3 | CG48: 14.3 | CH48: 14.3 | CI48: 14.3 | CJ48: 14.3 | CK48: 14.3 | CL48: 14.3 | CM48: 14.3 | CN48: 14.3 | CO48: 14.3 | CP48: 14.3 | CQ48: 14.3 | CR48: 14.3 | CS48: 14.3 | CT48: 14.3 | CU48: 14.3 | CV48: 14.3 | CW48: 14.3 | CX48: 14.3 | CY48: 14.3 | CZ48: 14.3 | DA48: 14.3 | DB48: 14.3 | DC48: 14.3 | DD48: 14.3 | DE48: 14.3 | DF48: 14.3 | DG48: 14.3 | DH48: 14.3 | DI48: 14.3 | DJ48: 14.3 | DK48: 14.3 | DL48: 14.3 | DM48: 14.3 | DN48: 14.3 | DO48: 14.3 | DP48: 14.3 | DQ48: 14.3 | DR48: 14.3 | DS48: 14.3 | DT48: 14.3 | DU48: 14.3 | DV48: 14.3 | DW48: 14.3 | DX48: 14.3 | DY48: 14.3 | DZ48: 14.3 | EA48: 14.3 | EB48: 14.3 | EC48: 14.3 | ED48: 14.3 | EE48: 14.3 | EF48: 14.3 | EG48: 14.3 | EH48: 14.3 | EI48: 14.3 | EJ48: 14.3 | EK48: 14.3 | EL48: 14.3 | EM48: 14.3 | EN48: 14.3 | EO48: 14.3 | EP48: 14.3 | EQ48: 14.3 | ER48: 14.3 | ES48: 14.3 | ET48: 14.3 | EU48: 14.3 | EV48: 14.3 | EW48: 14.3 | EX48: 14.3 | EY48: 14.3 | EZ48: 14.3 | FA48: 14.3 | FB48: 14.3 | FC48: 14.3 | FD48: 14.3 | FE48: 14.3 | FF48: 14.3 | FG48: 14.3 | FH48: 14.3 | FI48: 14.3 | FJ48: 14.3 | FK48: 14.3 | FL48: 14.3 | FM48: 14.3 | FN48: 14.3 | FO48: 14.3 | FP48: 14.3 | FQ48: 14.3 | FR48: 14.3 | FS48: 14.3 | FT48: 14.3 | FU48: 14.3 | FV48: 14.3 | FW48: 14.3 | FX48: 14.3 | FY48: 14.3 | FZ48: 14.3 | GA48: 14.3 | GB48: 14.3 | GC48: 14.3 | GD48: 14.3 | GE48: 14.3 | GF48: 14.3 | GG48: 14.3 | GH48: 14.3 | GI48: 14.3 | GJ48: 14.3 | GK48: 14.3 | GL48: 14.3 | GM48: 14.3 | GN48: 14.3 | GO48: 14.3 | GP48: 14.3 | GQ48: 14.3 | GR48: 14.3 | GS48: 14.3 | GT48: 14.3 | GU48: 14.3 | GV48: 14.3 | GW48: 14.3 | GX48: 14.3 | GY48: 14.3 | GZ48: 14.3 | HA48: 14.3 | HB48: 14.3 | HC48: 14.3 | HD48: 14.3 | HE48: 14.3 | HF48: 14.3 | HG48: 14.3 | HH48: 14.3 | HI48: 14.3 | HJ48: 14.3 | HK48: 14.3 | HL48: 14.3 | HM48: 14.3 | HN48: 14.3 | HO48: 14.3 | HP48: 14.3 | HQ48: 14.3 | HR48: 14.3 | HS48: 14.3 | HT48: 14.3 | HU48: 14.3 | HV48: 14.3 | HW48: 14.3 | HX48: 14.3 | HY48: 14.3 | HZ48: 14.3 | IA48: 14.3 | IB48: 14.3 | IC48: 14.3 | ID48: 14.3 | IE48: 14.3 | IF48: 14.3 | IG48: 14.3 | IH48: 14.3 | II48: 14.3 | IJ48: 14.3 | IK48: 14.3 | IL48: 14.3 | IM48: 14.3 | IN48: 14.3 | IO48: 14.3 | IP48: 14.3 | IQ48: 14.3 | IR48: 14.3 | IS48: 14.3 | IT48: 14.3 | IU48: 14.3 | IV48: 14.3 | IW48: 14.3 | IX48: 14.3 | IY48: 14.3 | IZ48: 14.3 | JA48: 14.3 | JB48: 14.3 | JC48: 14.3 | JD48: 14.3 | JE48: 14.3 | JF48: 14.3 | JG48: 14.3 | JH48: 14.3 | JI48: 14.3 | JJ48: 14.3 | JK48: 14.3 | JL48: 14.3 | JM48: 14.3 | JN48: 14.3 | JO48: 14.3 | JP48: 14.3 | JQ48: 14.3 | JR48: 14.3 | JS48: 14.3 | JT48: 14.3 | JU48: 14.3 | JV48: 14.3 | JW48: 14.3 | JX48: 14.3 | JY48: 14.3 | JZ48: 14.3 | KA48: 14.3 | KB48: 14.3 | KC48: 14.3 | KD48: 14.3 | KE48: 14.3 | KF48: 14.3 | KG48: 14.3 | KH48: 14.3 | KI48: 14.3 | KJ48: 14.3 | KK48: 14.3 | KL48: 14.3 | KM48: 14.3 | KN48: 14.3 | KO48: 14.3 | KP48: 14.3 | KQ48: 14.3 | KR48: 14.3 | KS48: 14.3 | KT48: 14.3 | KU48: 14.3 | KV48: 14.3 | KW48: 14.3 | KX48: 14.3 | KY48: 14.3 | KZ48: 14.3 | LA48: 14.3 | LB48: 14.3 | LC48: 14.3 | LD48: 14.3 | LE48: 14.3 | LF48: 14.3 | LG48: 14.3 | LH48: 14.3 | LI48: 14.3 | LJ48: 14.3 | LK48: 14.3 | LL48: 14.3 | LM48: 14.3 | LN48: 14.3 | LO48: 14.3 | LP48: 14.3 | LQ48: 14.3 | LR48: 14.3 | LS48: 14.3 | LT48: 14.3 | LU48: 14.3 | LV48: 14.3 | LW48: 14.3 | LX48: 14.3 | LY48: 14.3 | LZ48: 14.3 | MA48: 14.3 | MB48: 14.3 | MC48: 14.3 | MD48: 14.3 | ME48: 14.3 | MF48: 14.3 | MG48: 14.3 | MH48: 14.3 | MI48: 14.3 | MJ48: 14.3 | MK48: 14.3 | ML48: 14.3 | MM48: 14.3 | MN48: 14.3 | MO48: 14.3 | MP48: 14.3 | MQ48: 14.3 | MR48: 14.3 | MS48: 14.3 | MT48: 14.3 | MU48: 14.3 | MV48: 14.3 | MW48: 14.3 | MX48: 14.3 | MY48: x
B49: NYPA St. Lawrence Contract | C49: 1.2857143 | D49: 1.2857143 | E49: 1.2857143 | F49: 1.2857143 | G49: 1.2857143 | H49: 1.2857143 | I49: 1.2857143 | J49: 1.2857143 | K49: 1.2857143 | L49: 1.2857143 | M49: 1.2857143 | N49: 1.2857143 | O49: 1.2857143 | P49: 1.2857143 | Q49: 1.2857143 | R49: 1.2857143 | S49: 1.2857143 | T49: 1.2857143 | U49: 1.2857143 | V49: 1.2857143 | W49: 1.2857143 | X49: 1.2857143 | Y49: 1.2857143 | Z49: 1.2857143 | AA49: 1.2857143 | AB49: 1.2857143 | AC49: 1.2857143 | AD49: 1.2857143 | AE49: 1.2857143 | AF49: 1.2857143 | AG49: 1.2857143 | AH49: 1.2857143 | AI49: 1.2857143 | AJ49: 1.2857143 | AK49: 1.2857143 | AL49: 1.2857143 | AM49: 1.2857143 | AN49: 1.2857143 | AO49: 1.2857143 | AP49: 1.2857143 | AQ49: 1.2857143 | AR49: 1.2857143 | AS49: 1.2857143 | AT49: 1.2857143 | AU49: 1.2857143 | AV49: 1.2857143 | AW49: 1.2857143 | AX49: 1.2857143 | AY49: 1.2857143 | AZ49: 1.2857143 | BA49: 1.2857143 | BB49: 1.2857143 | BC49: 1.2857143 | BD49: 1.2857143 | BE49: 1.2857143 | BF49: 1.2857143 | BG49: 1.2857143 | BH49: 1.2857143 | BI49: 1.2857143 | BJ49: 1.2857143 | BK49: 1.2857143 | BL49: 1.2857143 | BM49: 1.2857143 | BN49: 1.2857143 | BO49: 1.2857143 | BP49: 1.2857143 | BQ49: 1.2857143 | BR49: 1.2857143 | BS49: 1.2857143 | BT49: 1.2857143 | BU49: 1.2857143 | BV49: 1.2857143 | BW49: 1.2857143 | BX49: 1.2857143 | BY49: 1.2857143 | BZ49: 1.2857143 | CA49: 1.2857143 | CB49: 1.2857143 | CC49: 1.2857143 | CD49: 1.2857143 | CE49: 1.2857143 | CF49: 1.2857143 | CG49: 1.2857143 | CH49: 1.2857143 | CI49: 1.2857143 | CJ49: 1.2857143 | CK49: 1.2857143 | CL49: 1.2857143 | CM49: 1.2857143 | CN49: 1.2857143 | CO49: 1.2857143 | CP49: 1.2857143 | CQ49: 1.2857143 | CR49: 1.2857143 | CS49: 1.2857143 | CT49: 1.2857143 | CU49: 1.2857143 | CV49: 1.2857143 | CW49: 1.2857143 | CX49: 1.2857143 | CY49: 1.2857143 | CZ49: 1.2857143 | DA49: 1.2857143 | DB49: 1.2857143 | DC49: 1.2857143 | DD49: 1.2857143 | DE49: 1.2857143 | DF49: 1.2857143 | DG49: 1.2857143 | DH49: 1.2857143 | DI49: 1.2857143 | DJ49: 1.2857143 | DK49: 1.2857143 | DL49: 1.2857143 | DM49: 1.2857143 | DN49: 1.2857143 | DO49: 1.2857143 | DP49: 1.2857143 | DQ49: 1.2857143 | DR49: 1.2857143 | DS49: 1.2857143 | DT49: 1.2857143 | DU49: 1.2857143 | DV49: 1.2857143 | DW49: 1.2857143 | DX49: 1.2857143 | DY49: 1.2857143 | DZ49: 1.2857143 | EA49: 1.2857143 | EB49: 1.2857143 | EC49: 1.2857143 | ED49: 1.2857143 | EE49: 1.2857143 | EF49: 1.2857143 | EG49: 1.2857143 | EH49: 1.2857143 | EI49: 1.2857143 | EJ49: 1.2857143 | EK49: 1.2857143 | EL49: 1.2857143 | EM49: 1.2857143 | EN49: 1.2857143 | EO49: 1.2857143 | EP49: 1.2857143 | EQ49: 1.2857143 | ER49: 1.2857143 | ES49: 1.2857143 | ET49: 1.2857143 | EU49: 1.2857143 | EV49: 1.2857143 | EW49: 1.2857143 | EX49: 1.2857143 | EY49: 1.2857143 | EZ49: 1.2857143 | FA49: 1.2857143 | FB49: 1.2857143 | FC49: 1.2857143 | FD49: 1.2857143 | FE49: 1.2857143 | FF49: 1.2857143 | FG49: 1.2857143 | FH49: 1.2857143 | FI49: 1.2857143 | FJ49: 1.2857143 | FK49: 1.2857143 | FL49: 1.2857143 | FM49: 1.2857143 | FN49: 1.2857143 | FO49: 1.2857143 | FP49: 1.2857143 | FQ49: 1.2857143 | FR49: 1.2857143 | FS49: 1.2857143 | FT49: 1.2857143 | FU49: 1.2857143 | FV49: 1.2857143 | FW49: 1.2857143 | FX49: 1.2857143 | FY49: 1.2857143 | FZ49: 1.2857143 | GA49: 1.2857143 | GB49: 1.2857143 | GC49: 1.2857143 | GD49: 1.2857143 | GE49: 1.2857143 | GF49: 1.2857143 | GG49: 1.2857143 | GH49: 1.2857143 | GI49: 1.2857143 | GJ49: 1.2857143 | GK49: 1.2857143 | GL49: 1.2857143 | GM49: 1.2857143 | GN49: 1.2857143 | GO49: 1.2857143 | GP49: 1.2857143 | GQ49: 1.2857143 | GR49: 1.2857143 | GS49: 1.2857143 | GT49: 1.2857143 | GU49: 1.2857143 | GV49: 1.2857143 | GW49: 1.2857143 | GX49: 1.2857143 | GY49: 1.2857143 | GZ49: 1.2857143 | HA49: 1.2857143 | HB49: 1.2857143 | HC49: 1.2857143 | HD49: 1.2857143 | HE49: 1.2857143 | HF49: 1.2857143 | HG49: 1.2857143 | HH49: 1.2857143 | HI49: 1.2857143 | HJ49: 1.2857143 | HK49: 1.2857143 | HL49: 1.2857143 | HM49: 1.2857143 | HN49: 1.2857143 | HO49: 1.2857143 | HP49: 1.2857143 | HQ49: 1.2857143 | HR49: 1.2857143 | HS49: 1.2857143 | HT49: 1.2857143 | HU49: 1.2857143 | HV49: 1.2857143 | HW49: 1.2857143 | HX49: 1.2857143 | HY49: 1.2857143 | HZ49: 1.2857143 | IA49: 1.2857143 | IB49: 1.2857143 | IC49: 1.2857143 | ID49: 1.2857143 | IE49: 1.2857143 | IF49: 1.2857143 | IG49: 1.2857143 | IH49: 1.2857143 | II49: 1.2857143 | IJ49: 1.2857143 | IK49: 1.2857143 | IL49: 1.2857143 | IM49: 1.2857143 | IN49: 1.2857143 | IO49: 1.2857143 | IP49: 1.2857143 | IQ49: 1.2857143 | IR49: 1.2857143 | IS49: 1.2857143 | IT49: 1.2857143 | IU49: 1.2857143 | IV49: 1.2857143 | IW49: 1.2857143 | IX49: 1.2857143 | IY49: 1.2857143 | IZ49: 1.2857143 | JA49: 1.2857143 | JB49: 1.2857143 | JC49: 1.2857143 | JD49: 1.2857143 | JE49: 1.2857143 | JF49: 1.2857143 | JG49: 1.2857143 | JH49: 1.2857143 | JI49: 1.2857143 | JJ49: 1.2857143 | JK49: 1.2857143 | JL49: 1.2857143 | JM49: 1.2857143 | JN49: 1.2857143 | JO49: 1.2857143 | JP49: 1.2857143 | JQ49: 1.2857143 | JR49: 1.2857143 | JS49: 1.2857143 | JT49: 1.2857143 | JU49: 1.2857143 | JV49: 1.2857143 | JW49: 1.2857143 | JX49: 1.2857143 | JY49: 1.2857143 | JZ49: 1.2857143 | KA49: 1.2857143 | KB49: 1.2857143 | KC49: 1.2857143 | KD49: 1.2857143 | KE49: 1.2857143 | KF49: 1.2857143 | KG49: 1.2857143 | KH49: 1.2857143 | KI49: 1.2857143 | KJ49: 1.2857143 | KK49: 1.2857143 | KL49: 1.2857143 | KM49: 1.2857143 | KN49: 1.2857143 | KO49: 1.2857143 | KP49: 1.2857143 | KQ49: 1.2857143 | KR49: 1.2857143 | KS49: 1.2857143 | KT49: 1.2857143 | KU49: 1.2857143 | KV49: 1.2857143 | KW49: 1.2857143 | KX49: 1.2857143 | KY49: 1.2857143 | KZ49: 1.2857143 | LA49: 1.2857143 | LB49: 1.2857143 | LC49: 1.2857143 | LD49: 1.2857143 | LE49: 1.2857143 | LF49: 1.2857143 | LG49: 1.2857143 | LH49: 1.2857143 | LI49: 1.2857143 | LJ49: 1.2857143 | LK49: 1.2857143 | LL49: 1.2857143 | LM49: 1.2857143 | LN49: 1.2857143 | LO49: 1.2857143 | LP49: 1.2857143 | LQ49: 1.2857143 | LR49: 1.2857143 | LS49: 1.2857143 | LT49: 1.2857143 | LU49: 1.2857143 | LV49: 1.2857143 | LW49: 1.2857143 | LX49: 1.2857143 | LY49: 1.2857143 | LZ49: 1.2857143 | MA49: 1.2857143 | MB49: 1.2857143 | MC49: 1.2857143 | MD49: 1.2857143 | ME49: 1.2857143 | MF49: 1.2857143 | MG49: 1.2857143 | MH49: 1.2857143 | MI49: 1.2857143 | MJ49: 1.2857143 | MK49: 1.2857143 | ML49: 1.2857143 | MM49: 1.2857143 | MN49: 1.2857143 | MO49: 1.2857143 | MP49: 1.2857143 | MQ49: 1.2857143 | MR49: 1.2857143 | MS49: 1.2857143 | MT49: 1.2857143 | MU49: 1.2857143 | MV49: 1.2857143 | MW49: 1.2857143 | MX49: 1.2857143 | MY49: x
B50: Phase I/II Transmission Facilities | C50: 964 | D50: 964 | E50: 964 | F50: 964 | G50: 964 | H50: 964 | I50: 964 | J50: 964 | K50: 964 | L50: 964 | M50: 964 | N50: 964 | O50: 964 | P50: 964 | Q50: 964 | R50: 964 | S50: 964 | T50: 964 | U50: 964 | V50: 964 | W50: 964 | X50: 964 | Y50: 964 | Z50: 964 | AA50: 964 | AB50: 964 | AC50: 964 | AD50: 964 | AE50: 964 | AF50: 941 | AG50: 941 | AH50: 941 | AI50: 941 | AJ50: 941 | AK50: 941 | AL50: 941 | AM50: 941 | AN50: 941 | AO50: 941 | AP50: 941 | AQ50: 941 | AR50: 883 | AS50: 883 | AT50: 883 | AU50: 883 | AV50: 883 | AW50: 883 | AX50: 883 | AY50: 883 | AZ50: 883 | BA50: 883 | BB50: 883 | BC50: 883 | BD50: =+AR50 -> 883 | BE50: =+AS50 -> 883 | BF50: =+AT50 -> 883 | BG50: =+AU50 -> 883 | BH50: =+AV50 -> 883 | BI50: =+AW50 -> 883 | BJ50: =+AX50 -> 883 | BK50: =+AY50 -> 883 | ... MX50: =+ML50 -> 883 | MY50: x
B51: Ryegate Facility | C51: 20.5 | D51: 20.5 | E51: 20.5 | F51: 20.5 | G51: 20.5 | H51: 20.5 | I51: 20.5 | J51: 20.5 | K51: 20.5 | L51: 20.5 | M51: 20.5 | N51: 20.5 | O51: 20.5 | P51: 20.5 | Q51: 20.5 | R51: 20.5 | S51: 20.5 | T51: 20.5 | U51: 20.5 | V51: 20.5 | W51: 20.5 | X51: 20.5 | Y51: 20.5 | Z51: 20.5 | AA51: 20.5 | AB51: 20.5 | AC51: 20.5 | AD51: 20.5 | AE51: 20.5 | AF51: 20.5 | AG51: 20.5 | AH51: 20.5 | AI51: 20.5 | AJ51: 20.5 | AK51: 20.5 | AL51: 20.5 | AM51: 20.5 | AN51: 20.5 | AO51: 20.5 | AP51: 20.5 | AQ51: 20.5 | AR51: 20.5 | AS51: 20.5 | AT51: 20.5 | AU51: 20.5 | AV51: 20.5 | MY51: x
B52: Seabrook PPA | C52: 0.6 | D52: 0.6 | E52: 0.6 | F52: 0.6 | G52: 0.6 | H52: 0.52 | I52: 0.52 | J52: 0.52 | K52: 0.52 | L52: 0.52 | M52: 0.52 | N52: 0.52 | O52: 0.52 | P52: 0.52 | Q52: 0.52 | R52: 0.52 | S52: 0.52 | T52: 0.52 | U52: 0.52 | V52: 0.52 | W52: 0.52 | X52: 0.52 | Y52: 0.52 | Z52: 0.52 | AA52: 0.52 | AB52: 0.52 | AC52: 0.52 | AD52: 0.52 | AE52: 0.52 | AF52: 0.52 | AG52: 0.52 | AH52: 0.52 | AI52: 0.52 | AJ52: 0.52 | AK52: 0.52 | AL52: 0.52 | AM52: 0.52 | AN52: 0.52 | AO52: 0.52 | AP52: 0.52 | AQ52: 0.52 | AR52: 0.52 | AS52: 0.52 | AT52: 0.52 | AU52: 0.52 | AV52: 0.52 | AW52: 0.52 | AX52: 0.52 | AY52: 0.52 | AZ52: 0.52 | BA52: 0.52 | BB52: 0.52 | BC52: 0.52 | BD52: 0.52 | BE52: 0.52 | BF52: 0.52 | BG52: 0.52 | BH52: 0.52 | BI52: 0.52 | BJ52: 0.52 | BK52: 0.52 | BL52: 0.52 | BM52: 0.52 | BN52: 0.52 | BO52: 0.52 | BP52: 0.52 | BQ52: 0.52 | BR52: 0.52 | BS52: 0.52 | BT52: 0.52 | BU52: 0.52 | BV52: 0.52 | BW52: 0.52 | BX52: 0.52 | BY52: 0.52 | BZ52: 0.52 | CA52: 0.52 | CB52: 0.52 | CC52: 0.52 | CD52: 0.52 | CE52: 0.52 | CF52: 0.52 | CG52: 0.52 | CH52: 0.52 | CI52: 0.52 | CJ52: 0.52 | CK52: 0.52 | CL52: 0.52 | CM52: 0.52 | CN52: 0.52 | CO52: 0.52 | CP52: 0.52 | CQ52: 0.52 | CR52: 0.52 | CS52: 0.52 | CT52: 0.52 | CU52: 0.52 | CV52: 0.52 | CW52: 0.52 | CX52: 0.52 | CY52: 0.52 | CZ52: 0.32 | DA52: 0.32 | DB52: 0.32 | DC52: 0.32 | DD52: 0.32 | DE52: 0.32 | DF52: 0.32 | DG52: 0.32 | DH52: 0.32 | DI52: 0.32 | DJ52: 0.32 | DK52: 0.32 | DL52: 0.32 | DM52: 0.32 | DN52: 0.32 | DO52: 0.32 | DP52: 0.32 | DQ52: 0.32 | DR52: 0.32 | DS52: 0.32 | DT52: 0.32 | DU52: 0.32 | DV52: 0.32 | DW52: 0.32 | DX52: 0.32 | DY52: 0.32 | DZ52: 0.32 | EA52: 0.32 | EB52: 0.32 | EC52: 0.32 | ED52: 0.32 | EE52: 0.32 | EF52: 0.32 | EG52: 0.32 | EH52: 0.32 | EI52: 0.32 | EJ52: 0.32 | EK52: 0.32 | EL52: 0.32 | EM52: 0.32 | EN52: 0.32 | EO52: 0.32 | EP52: 0.32 | EQ52: 0.32 | ER52: 0.32 | ES52: 0.32 | ET52: 0.32 | EU52: 0.32 | EV52: 0.32 | EW52: 0.32 | EX52: 0.32 | EY52: 0.32 | EZ52: 0.32 | FA52: 0.32 | FB52: 0.32 | FC52: 0.32 | FD52: 0.32 | FE52: 0.32 | FF52: 0.32 | FG52: 0.32 | FH52: 0.32 | FI52: 0.32 | FJ52: 0.32 | FK52: 0.32 | FL52: 0.32 | FM52: 0.32 | FN52: 0.32 | MY52: x
B53: Standard Offer Program | C53: 1.222 | D53: 1.222 | E53: 1.222 | F53: 1.222 | G53: 1.222 | H53: 1.222 | I53: 1.222 | J53: 1.222 | K53: 1.222 | L53: 1.222 | M53: 1.222 | N53: 1.222 | O53: 1.222 | P53: 1.222 | Q53: 1.222 | R53: 1.222 | S53: 1.222 | T53: 1.222 | U53: 1.222 | V53: 1.222 | W53: 1.222 | X53: 1.222 | Y53: 1.222 | Z53: 1.222 | AA53: 1.222 | AB53: 1.222 | AC53: 1.222 | AD53: 1.222 | AE53: 1.222 | AF53: 1.222 | AG53: 1.222 | AH53: 1.222 | AI53: 1.222 | AJ53: 1.222 | AK53: 1.222 | AL53: 1.222 | AM53: 1.222 | AN53: 1.222 | AO53: 1.222 | AP53: 1.222 | AQ53: 1.222 | AR53: 1.222 | AS53: 1.222 | AT53: 1.222 | AU53: 1.222 | AV53: 1.222 | AW53: 1.222 | AX53: 1.222 | AY53: 1.222 | AZ53: 1.222 | BA53: 1.222 | BB53: 1.222 | BC53: 1.222 | BD53: 1.222 | BE53: 1.222 | BF53: 1.222 | BG53: 1.222 | BH53: 1.222 | BI53: 1.222 | BJ53: 1.222 | BK53: 1.222 | BL53: 1.222 | BM53: 1.222 | BN53: 1.222 | BO53: 1.222 | BP53: 1.222 | BQ53: 1.222 | BR53: 1.222 | BS53: 1.222 | BT53: 1.222 | BU53: 1.222 | BV53: 1.222 | BW53: 1.222 | BX53: 1.222 | BY53: 1.222 | BZ53: 1.222 | CA53: 1.222 | CB53: 1.222 | CC53: 1.222 | CD53: 1.222 | CE53: 1.222 | CF53: 1.222 | CG53: 1.222 | CH53: 1.222 | CI53: 1.222 | CJ53: 1.222 | CK53: 1.222 | CL53: 1.222 | CM53: 1.222 | CN53: 1.222 | CO53: 1.222 | CP53: 1.222 | CQ53: 1.222 | CR53: 1.222 | CS53: 1.222 | CT53: 1.222 | CU53: 1.222 | CV53: 1.222 | CW53: 1.222 | CX53: 1.222 | CY53: 1.222 | CZ53: 1.222 | DA53: 1.222 | DB53: 1.222 | DC53: 1.222 | DD53: 1.222 | DE53: 1.222 | DF53: 1.222 | DG53: 1.222 | DH53: 1.222 | DI53: 1.222 | DJ53: 1.222 | DK53: 1.222 | DL53: 0.532 | DM53: 0.272 | DN53: 0.272 | DO53: 0.272 | DP53: 0.272 | DQ53: 0 | DR53: 0 | DS53: 0 | DT53: 0 | DU53: 0 | DV53: 0 | DW53: 0 | DX53: 0 | DY53: 0 | DZ53: 0 | EA53: 0 | EB53: 0 | EC53: 0 | ED53: 0 | EE53: 0 | EF53: 0 | EG53: 0 | EH53: 0 | EI53: 0 | EJ53: 0 | EK53: 0 | EL53: 0 | EM53: 0 | EN53: 0 | EO53: 0 | EP53: 0 | EQ53: 0 | ER53: 0 | ES53: 0 | ET53: 0 | EU53: 0 | EV53: 0 | EW53: 0 | EX53: 0 | EY53: 0 | EZ53: 0 | FA53: 0 | FB53: 0 | FC53: 0 | FD53: 0 | FE53: 0 | FF53: 0 | FG53: 0 | FH53: 0 | FI53: 0 | FJ53: 0 | FK53: 0 | FL53: 0 | FM53: 0 | FN53: 0 | FO53: 0 | FP53: 0 | FQ53: 0 | FR53: 0 | FS53: 0 | FT53: 0 | FU53: 0 | FV53: 0 | FW53: 0 | FX53: 0 | FY53: 0 | FZ53: 0 | GA53: 0 | GB53: 0 | GC53: 0 | GD53: 0 | GE53: 0 | GF53: 0 | GG53: 0 | GH53: 0 | GI53: 0 | GJ53: 0 | GK53: 0 | GL53: 0 | GM53: 0 | GN53: 0 | GO53: 0 | GP53: 0 | GQ53: 0 | GR53: 0 | GS53: 0 | GT53: 0 | GU53: 0 | GV53: 0 | GW53: 0 | GX53: 0 | GY53: 0 | GZ53: 0 | HA53: 0 | HB53: 0 | HC53: 0 | HD53: 0 | HE53: 0 | HF53: 0 | HG53: 0 | HH53: 0 | HI53: 0 | HJ53: 0 | HK53: 0 | HL53: 0 | HM53: 0 | HN53: 0 | HO53: 0 | HP53: 0 | HQ53: 0 | HR53: 0 | HS53: 0 | HT53: 0 | HU53: 0 | HV53: 0 | HW53: 0 | HX53: 0 | HY53: 0 | HZ53: 0 | IA53: 0 | IB53: 0 | IC53: 0 | ID53: 0 | IE53: 0 | IF53: 0 | IG53: 0 | IH53: 0 | II53: 0 | IJ53: 0 | IK53: 0 | IL53: 0 | IM53: 0 | IN53: 0 | IO53: 0 | IP53: 0 | IQ53: 0 | IR53: 0 | IS53: 0 | IT53: 0 | IU53: 0 | IV53: 0 | IW53: 0 | IX53: 0 | IY53: 0 | IZ53: 0 | JA53: 0 | JB53: 0 | JC53: 0 | JD53: 0 | JE53: 0 | JF53: 0 | JG53: 0 | JH53: 0 | JI53: 0 | JJ53: 0 | JK53: 0 | JL53: 0 | JM53: 0 | JN53: 0 | JO53: 0 | JP53: 0 | JQ53: 0 | JR53: 0 | JS53: 0 | JT53: 0 | JU53: 0 | JV53: 0 | JW53: 0 | JX53: 0 | JY53: 0 | JZ53: 0 | KA53: 0 | KB53: 0 | KC53: 0 | KD53: 0 | KE53: 0 | KF53: 0 | KG53: 0 | KH53: 0 | KI53: 0 | KJ53: 0 | KK53: 0 | KL53: 0 | KM53: 0 | KN53: 0 | KO53: 0 | KP53: 0 | KQ53: 0 | KR53: 0 | KS53: 0 | KT53: 0 | KU53: 0 | KV53: 0 | KW53: 0 | KX53: 0 | KY53: 0 | KZ53: 0 | LA53: 0 | LB53: 0 | LC53: 0 | LD53: 0 | LE53: 0 | LF53: 0 | LG53: 0 | LH53: 0 | LI53: 0 | LJ53: 0 | LK53: 0 | LL53: 0 | LM53: 0 | LN53: 0 | LO53: 0 | LP53: 0 | LQ53: 0 | LR53: 0 | LS53: 0 | LT53: 0 | LU53: 0 | LV53: 0 | LW53: 0 | LX53: 0 | LY53: 0 | LZ53: 0 | MA53: 0 | MB53: 0 | MC53: 0 | MD53: 0 | ME53: 0 | MF53: 0 | MG53: 0 | MH53: 0 | MI53: 0 | MJ53: 0 | MK53: 0 | ML53: 0 | MM53: 0 | MN53: 0 | MO53: 0 | MP53: 0 | MQ53: 0 | MR53: 0 | MS53: 0 | MT53: 0 | MU53: 0 | MV53: 0 | MW53: 0 | MX53: 0 | MY53: x
B54: Stony Brook Station | C54: 354 | D54: 354 | E54: 354 | F54: 354 | G54: 354 | H54: 354 | I54: 354 | J54: 354 | K54: 354 | L54: 354 | M54: 354 | N54: 354 | O54: 354 | P54: 354 | Q54: 354 | R54: 354 | S54: 354 | T54: 354 | U54: 354 | V54: 354 | W54: 354 | X54: 354 | Y54: 354 | Z54: 354 | AA54: 354 | AB54: 354 | AC54: 354 | AD54: 354 | AE54: 354 | AF54: 354 | AG54: 354 | AH54: 354 | AI54: 354 | AJ54: 354 | AK54: 354 | AL54: 354 | AM54: 354 | AN54: 354 | AO54: 354 | AP54: 354 | AQ54: 354 | AR54: 354 | AS54: 354 | AT54: 354 | AU54: 354 | AV54: 354 | AW54: 354 | AX54: 354 | AY54: 354 | AZ54: 354 | BA54: 354 | BB54: 354 | BC54: 354 | BD54: 354 | BE54: 354 | BF54: 354 | BG54: 354 | BH54: 354 | BI54: 354 | BJ54: 354 | BK54: 354 | BL54: 354 | BM54: 354 | BN54: 354 | BO54: 354 | BP54: 354 | BQ54: 354 | BR54: 354 | BS54: 354 | BT54: 354 | BU54: 354 | BV54: 354 | BW54: 354 | BX54: 354 | BY54: 354 | BZ54: 354 | CA54: 354 | CB54: 354 | CC54: 354 | CD54: 354 | CE54: 354 | CF54: 354 | CG54: 354 | CH54: 354 | CI54: 354 | CJ54: 354 | CK54: 354 | CL54: 354 | CM54: 354 | CN54: 354 | CO54: 354 | CP54: 354 | CQ54: 354 | CR54: 354 | CS54: 354 | CT54: 354 | CU54: 354 | CV54: 354 | CW54: 354 | CX54: 354 | CY54: 354 | CZ54: 354 | DA54: 354 | DB54: 354 | DC54: 354 | DD54: 354 | DE54: 354 | DF54: 354 | DG54: 354 | DH54: 354 | DI54: 354 | DJ54: 354 | DK54: 354 | DL54: 354 | DM54: 354 | DN54: 354 | DO54: 354 | DP54: 354 | DQ54: 354 | DR54: 354 | DS54: 354 | DT54: 354 | DU54: 354 | DV54: 354 | DW54: 354 | DX54: 354 | DY54: 354 | DZ54: 354 | EA54: 354 | EB54: 354 | EC54: 354 | ED54: 354 | EE54: 354 | EF54: 354 | EG54: 354 | EH54: 354 | EI54: 354 | EJ54: 354 | EK54: 354 | EL54: 354 | EM54: 354 | EN54: 354 | EO54: 354 | EP54: 354 | EQ54: 354 | ER54: 354 | ES54: 354 | ET54: 354 | EU54: 354 | EV54: 354 | EW54: 354 | EX54: 354 | EY54: 354 | EZ54: 354 | FA54: 354 | FB54: 354 | FC54: 354 | FD54: 354 | FE54: 354 | FF54: 354 | FG54: 354 | FH54: 354 | FI54: 354 | FJ54: 354 | FK54: 354 | FL54: 354 | FM54: 354 | FN54: 354 | FO54: 354 | FP54: 354 | FQ54: 354 | FR54: 354 | FS54: 354 | FT54: 354 | FU54: 354 | FV54: 354 | FW54: 354 | FX54: 354 | FY54: 354 | FZ54: 354 | GA54: 354 | GB54: 354 | GC54: 354 | GD54: 354 | GE54: 354 | GF54: 354 | GG54: 354 | GH54: 354 | GI54: 354 | GJ54: 354 | GK54: 354 | GL54: 354 | GM54: 354 | GN54: 354 | GO54: 354 | GP54: 354 | GQ54: 354 | GR54: 354 | GS54: 354 | GT54: 354 | GU54: 354 | GV54: 354 | GW54: 354 | GX54: 354 | GY54: 354 | GZ54: 354 | HA54: 354 | HB54: 354 | HC54: 354 | HD54: 354 | HE54: 354 | HF54: 354 | HG54: 354 | HH54: 354 | HI54: 354 | HJ54: 354 | HK54: 354 | HL54: 354 | HM54: 354 | HN54: 354 | HO54: 354 | HP54: 354 | HQ54: 354 | HR54: 354 | HS54: 354 | HT54: 354 | HU54: 354 | HV54: 354 | HW54: 354 | HX54: 354 | HY54: 354 | HZ54: 354 | IA54: 354 | IB54: 354 | IC54: 354 | ID54: 354 | IE54: 354 | IF54: 354 | IG54: 354 | IH54: 354 | II54: 354 | IJ54: 354 | IK54: 354 | IL54: 354 | IM54: 354 | IN54: 354 | IO54: 354 | IP54: 354 | IQ54: 354 | IR54: 354 | IS54: 354 | IT54: 354 | IU54: 354 | IV54: 354 | IW54: 354 | IX54: 354 | IY54: 354 | IZ54: 354 | JA54: 354 | JB54: 354 | JC54: 354 | JD54: 354 | JE54: 354 | JF54: 354 | JG54: 354 | JH54: 354 | JI54: 354 | JJ54: 354 | JK54: 354 | JL54: 354 | JM54: 354 | JN54: 354 | JO54: 354 | JP54: 354 | JQ54: 354 | JR54: 354 | JS54: 354 | JT54: 354 | JU54: 354 | JV54: 354 | JW54: 354 | JX54: 354 | JY54: 354 | JZ54: 354 | KA54: 354 | KB54: 354 | KC54: 354 | KD54: 354 | KE54: 354 | KF54: 354 | KG54: 354 | KH54: 354 | KI54: 354 | KJ54: 354 | KK54: 354 | KL54: 354 | KM54: 354 | KN54: 354 | KO54: 354 | KP54: 354 | KQ54: 354 | KR54: 354 | KS54: 354 | KT54: 354 | KU54: 354 | KV54: 354 | KW54: 354 | KX54: 354 | KY54: 354 | KZ54: 354 | LA54: 354 | LB54: 354 | LC54: 354 | LD54: 354 | LE54: 354 | LF54: 354 | LG54: 354 | LH54: 354 | LI54: 354 | LJ54: 354 | LK54: 354 | LL54: 354 | LM54: 354 | LN54: 354 | LO54: 354 | LP54: 354 | LQ54: 354 | LR54: 354 | LS54: 354 | LT54: 354 | LU54: 354 | LV54: 354 | LW54: 354 | LX54: 354 | LY54: 354 | LZ54: 354 | MA54: 354 | MB54: 354 | MC54: 354 | MD54: 354 | ME54: 354 | MF54: 354 | MG54: 354 | MH54: 354 | MI54: 354 | MJ54: 354 | MK54: 354 | ML54: 354 | MM54: 354 | MN54: 354 | MO54: 354 | MP54: 354 | MQ54: 354 | MR54: 354 | MS54: 354 | MT54: 354 | MU54: 354 | MV54: 354 | MW54: 354 | MX54: 354 | MY54: x
MY55: x
MY56: x
B57: Self Supply | C57: Updated 3/19/21 with FCTS review. | MY57: x
A58: Invoice Group | B58: Fitchburg Landfill | MY58: x
B59: McNeil Facility | H59: Yes | I59: Yes | J59: Yes | K59: Yes | L59: Yes | M59: Yes | N59: Yes | O59: Yes | P59: Yes | Q59: Yes | R59: Yes | S59: Yes | T59: Yes | U59: Yes | V59: Yes | W59: Yes | X59: Yes | Y59: Yes | Z59: Yes | AA59: Yes | AB59: Yes | AC59: Yes | AD59: Yes | AE59: Yes | AF59: Yes | AG59: Yes | AH59: Yes | AI59: Yes | AJ59: Yes | AK59: Yes | AL59: Yes | AM59: Yes | AN59: Yes | AO59: Yes | AP59: Yes | AQ59: Yes | AR59: Yes | AS59: Yes | AT59: Yes | AU59: Yes | AV59: Yes | AW59: Yes | AX59: Yes | AY59: Yes | AZ59: Yes | BA59: Yes | BB59: Yes | BC59: Yes | BD59: Yes | BE59: Yes | BF59: Yes | BG59: Yes | BH59: Yes | BI59: Yes | BJ59: Yes | BK59: Yes | BL59: Yes | BM59: Yes | BN59: Yes | BO59: Yes | BP59: Yes | BQ59: Yes | BR59: Yes | BS59: Yes | BT59: Yes | BU59: Yes | BV59: Yes | BW59: Yes | BX59: Yes | BY59: Yes | BZ59: Yes | CA59: Yes | CB59: Yes | CC59: Yes | CD59: Yes | CE59: Yes | CF59: Yes | CG59: Yes | CH59: Yes | CI59: Yes | CJ59: Yes | CK59: Yes | CL59: Yes | CM59: Yes | CN59: Yes | CO59: Yes | CP59: Yes | CQ59: Yes | CR59: Yes | CS59: Yes | CT59: Yes | CU59: Yes | CV59: Yes | CW59: Yes | CX59: Yes | CY59: Yes | CZ59: Yes | DA59: Yes | DB59: Yes | DC59: Yes | DD59: Yes | DE59: Yes | DF59: Yes | DG59: Yes | DH59: Yes | DI59: Yes | DJ59: Yes | DK59: Yes | DL59: Yes | DM59: Yes | DN59: Yes | DO59: Yes | DP59: Yes | DQ59: Yes | DR59: Yes | DS59: Yes | DT59: Yes | DU59: Yes | DV59: Yes | DW59: Yes | DX59: Yes | DY59: Yes | DZ59: Yes | EA59: Yes | EB59: Yes | EC59: Yes | ED59: Yes | EE59: Yes | EF59: Yes | EG59: Yes | EH59: Yes | EI59: Yes | EJ59: Yes | EK59: Yes | EL59: Yes | EM59: Yes | EN59: Yes | EO59: Yes | EP59: Yes | EQ59: Yes | ER59: Yes | ES59: Yes | ET59: Yes | EU59: Yes | EV59: Yes | EW59: Yes | EX59: Yes | EY59: Yes | EZ59: Yes | FA59: Yes | FB59: Yes | FC59: Yes | FD59: Yes | FE59: Yes | FF59: Yes | FG59: Yes | FH59: Yes | FI59: Yes | FJ59: Yes | FK59: Yes | FL59: Yes | FM59: Yes | FN59: Yes | FO59: Yes | FP59: Yes | FQ59: Yes | FR59: Yes | FS59: Yes | FT59: Yes | FU59: Yes | FV59: Yes | FW59: Yes | FX59: Yes | FY59: Yes | FZ59: Yes | GA59: Yes | GB59: Yes | GC59: Yes | GD59: Yes | GE59: Yes | GF59: Yes | GG59: Yes | GH59: Yes | GI59: Yes | GJ59: Yes | GK59: Yes | GL59: Yes | GM59: Yes | GN59: Yes | GO59: Yes | GP59: Yes | GQ59: Yes | GR59: Yes | GS59: Yes | GT59: Yes | GU59: Yes | GV59: Yes | GW59: Yes | GX59: Yes | GY59: Yes | GZ59: Yes | HA59: Yes | HB59: Yes | HC59: Yes | HD59: Yes | HE59: Yes | HF59: Yes | HG59: Yes | HH59: Yes | HI59: Yes | HJ59: Yes | HK59: Yes | HL59: Yes | HM59: Yes | HN59: Yes | HO59: Yes | HP59: Yes | HQ59: Yes | HR59: Yes | HS59: Yes | HT59: Yes | HU59: Yes | HV59: Yes | HW59: Yes | HX59: Yes | HY59: Yes | HZ59: Yes | IA59: Yes | IB59: Yes | IC59: Yes | ID59: Yes | IE59: Yes | IF59: Yes | IG59: Yes | IH59: Yes | II59: Yes | IJ59: Yes | IK59: Yes | IL59: Yes | IM59: Yes | IN59: Yes | IO59: Yes | IP59: Yes | IQ59: Yes | IR59: Yes | IS59: Yes | IT59: Yes | IU59: Yes | IV59: Yes | IW59: Yes | IX59: Yes | IY59: Yes | IZ59: Yes | JA59: Yes | JB59: Yes | JC59: Yes | JD59: Yes | JE59: Yes | JF59: Yes | JG59: Yes | JH59: Yes | JI59: Yes | JJ59: Yes | JK59: Yes | JL59: Yes | JM59: Yes | JN59: Yes | JO59: Yes | JP59: Yes | JQ59: Yes | JR59: Yes | JS59: Yes | JT59: Yes | JU59: Yes | JV59: Yes | JW59: Yes | JX59: Yes | JY59: Yes | JZ59: Yes | KA59: Yes | KB59: Yes | KC59: Yes | KD59: Yes | KE59: Yes | KF59: Yes | KG59: Yes | KH59: Yes | KI59: Yes | KJ59: Yes | KK59: Yes | KL59: Yes | KM59: Yes | KN59: Yes | KO59: Yes | KP59: Yes | KQ59: Yes | KR59: Yes | KS59: Yes | KT59: Yes | KU59: Yes | KV59: Yes | KW59: Yes | KX59: Yes | KY59: Yes | KZ59: Yes | LA59: Yes | LB59: Yes | LC59: Yes | LD59: Yes | LE59: Yes | LF59: Yes | LG59: Yes | LH59: Yes | LI59: Yes | LJ59: Yes | LK59: Yes | LL59: Yes | LM59: Yes | LN59: Yes | LO59: Yes | LP59: Yes | LQ59: Yes | LR59: Yes | LS59: Yes | LT59: Yes | LU59: Yes | LV59: Yes | LW59: Yes | LX59: Yes | LY59: Yes | LZ59: Yes | MA59: Yes | MB59: Yes | MC59: Yes | MD59: Yes | ME59: Yes | MF59: Yes | MG59: Yes | MH59: Yes | MI59: Yes | MJ59: Yes | MK59: Yes | ML59: Yes | MM59: Yes | MN59: Yes | MO59: Yes | MP59: Yes | MQ59: Yes | MR59: Yes | MS59: Yes | MT59: Yes | MU59: Yes | MV59: Yes | MW59: Yes | MX59: Yes | MY59: x
B60: NYPA Niagara Contract | MY60: x
B61: NYPA St. Lawrence Contract | MY61: x
B62: Phase I/II Transmission Facilities | MY62: x
B63: Ryegate Facility | MY63: x
B64: Seabrook PPA | H64: Yes | I64: Yes | J64: Yes | K64: Yes | L64: Yes | M64: Yes | N64: Yes | O64: Yes | P64: Yes | Q64: Yes | R64: Yes | S64: Yes | T64: Yes | U64: Yes | V64: Yes | W64: Yes | X64: Yes | Y64: Yes | Z64: Yes | AA64: Yes | AB64: Yes | AC64: Yes | AD64: Yes | AE64: Yes | AF64: Yes | AG64: Yes | AH64: Yes | AI64: Yes | AJ64: Yes | AK64: Yes | AL64: Yes | AM64: Yes | AN64: Yes | AO64: Yes | AP64: Yes | AQ64: Yes | AR64: Yes | AS64: Yes | AT64: Yes | AU64: Yes | AV64: Yes | AW64: Yes | AX64: Yes | AY64: Yes | AZ64: Yes | BA64: Yes | BB64: Yes | BC64: Yes | BD64: Yes | BE64: Yes | BF64: Yes | BG64: Yes | BH64: Yes | BI64: Yes | BJ64: Yes | BK64: Yes | BL64: Yes | BM64: Yes | BN64: Yes | BO64: Yes | BP64: Yes | BQ64: Yes | BR64: Yes | BS64: Yes | BT64: Yes | BU64: Yes | BV64: Yes | BW64: Yes | BX64: Yes | BY64: Yes | BZ64: Yes | CA64: Yes | CB64: Yes | CC64: Yes | CD64: Yes | CE64: Yes | CF64: Yes | CG64: Yes | CH64: Yes | CI64: Yes | CJ64: Yes | CK64: Yes | CL64: Yes | CM64: Yes | CN64: Yes | CO64: Yes | CP64: Yes | CQ64: Yes | CR64: Yes | CS64: Yes | CT64: Yes | CU64: Yes | CV64: Yes | CW64: Yes | CX64: Yes | CY64: Yes | CZ64: Yes | DA64: Yes | DB64: Yes | DC64: Yes | DD64: Yes | DE64: Yes | DF64: Yes | DG64: Yes | DH64: Yes | DI64: Yes | DJ64: Yes | DK64: Yes | DL64: Yes | DM64: Yes | DN64: Yes | DO64: Yes | DP64: Yes | DQ64: Yes | DR64: Yes | DS64: Yes | DT64: Yes | DU64: Yes | DV64: Yes | DW64: Yes | DX64: Yes | DY64: Yes | DZ64: Yes | EA64: Yes | EB64: Yes | EC64: Yes | ED64: Yes | EE64: Yes | EF64: Yes | EG64: Yes | EH64: Yes | EI64: Yes | EJ64: Yes | EK64: Yes | EL64: Yes | EM64: Yes | EN64: Yes | EO64: Yes | EP64: Yes | EQ64: Yes | ER64: Yes | ES64: Yes | ET64: Yes | EU64: Yes | EV64: Yes | EW64: Yes | EX64: Yes | EY64: Yes | EZ64: Yes | FA64: Yes | FB64: Yes | FC64: Yes | FD64: Yes | FE64: Yes | FF64: Yes | FG64: Yes | FH64: Yes | FI64: Yes | FJ64: Yes | FK64: Yes | FL64: Yes | FM64: Yes | FN64: Yes | FO64: Yes | FP64: Yes | FQ64: Yes | FR64: Yes | FS64: Yes | FT64: Yes | FU64: Yes | FV64: Yes | FW64: Yes | FX64: Yes | FY64: Yes | FZ64: Yes | GA64: Yes | GB64: Yes | GC64: Yes | GD64: Yes | GE64: Yes | GF64: Yes | GG64: Yes | GH64: Yes | GI64: Yes | GJ64: Yes | GK64: Yes | GL64: Yes | GM64: Yes | GN64: Yes | GO64: Yes | GP64: Yes | GQ64: Yes | GR64: Yes | GS64: Yes | GT64: Yes | GU64: Yes | GV64: Yes | GW64: Yes | GX64: Yes | GY64: Yes | GZ64: Yes | HA64: Yes | HB64: Yes | HC64: Yes | HD64: Yes | HE64: Yes | HF64: Yes | HG64: Yes | HH64: Yes | HI64: Yes | HJ64: Yes | HK64: Yes | HL64: Yes | HM64: Yes | HN64: Yes | HO64: Yes | HP64: Yes | HQ64: Yes | HR64: Yes | HS64: Yes | HT64: Yes | HU64: Yes | HV64: Yes | HW64: Yes | HX64: Yes | HY64: Yes | HZ64: Yes | IA64: Yes | IB64: Yes | IC64: Yes | ID64: Yes | IE64: Yes | IF64: Yes | IG64: Yes | IH64: Yes | II64: Yes | IJ64: Yes | IK64: Yes | IL64: Yes | IM64: Yes | IN64: Yes | IO64: Yes | IP64: Yes | IQ64: Yes | IR64: Yes | IS64: Yes | IT64: Yes | IU64: Yes | IV64: Yes | IW64: Yes | IX64: Yes | IY64: Yes | IZ64: Yes | JA64: Yes | JB64: Yes | JC64: Yes | JD64: Yes | JE64: Yes | JF64: Yes | JG64: Yes | JH64: Yes | JI64: Yes | JJ64: Yes | JK64: Yes | JL64: Yes | JM64: Yes | JN64: Yes | JO64: Yes | JP64: Yes | JQ64: Yes | JR64: Yes | JS64: Yes | JT64: Yes | JU64: Yes | JV64: Yes | JW64: Yes | JX64: Yes | JY64: Yes | JZ64: Yes | KA64: Yes | KB64: Yes | KC64: Yes | KD64: Yes | KE64: Yes | KF64: Yes | KG64: Yes | KH64: Yes | KI64: Yes | KJ64: Yes | KK64: Yes | KL64: Yes | KM64: Yes | KN64: Yes | KO64: Yes | KP64: Yes | KQ64: Yes | KR64: Yes | KS64: Yes | KT64: Yes | KU64: Yes | KV64: Yes | KW64: Yes | KX64: Yes | KY64: Yes | KZ64: Yes | LA64: Yes | LB64: Yes | LC64: Yes | LD64: Yes | LE64: Yes | LF64: Yes | LG64: Yes | LH64: Yes | LI64: Yes | LJ64: Yes | LK64: Yes | LL64: Yes | LM64: Yes | LN64: Yes | LO64: Yes | LP64: Yes | LQ64: Yes | LR64: Yes | LS64: Yes | LT64: Yes | LU64: Yes | LV64: Yes | LW64: Yes | LX64: Yes | LY64: Yes | LZ64: Yes | MA64: Yes | MB64: Yes | MC64: Yes | MD64: Yes | ME64: Yes | MF64: Yes | MG64: Yes | MH64: Yes | MI64: Yes | MJ64: Yes | MK64: Yes | ML64: Yes | MM64: Yes | MN64: Yes | MO64: Yes | MP64: Yes | MQ64: Yes | MR64: Yes | MS64: Yes | MT64: Yes | MU64: Yes | MV64: Yes | MW64: Yes | MX64: Yes | MY64: x
B65: Standard Offer Program | MY65: x
B66: Stony Brook Station | T66: Yes | U66: Yes | V66: Yes | W66: Yes | X66: Yes | Y66: Yes | Z66: Yes | AA66: Yes | AB66: Yes | AC66: Yes | AD66: Yes | AE66: Yes | AF66: Yes | AG66: Yes | AH66: Yes | AI66: Yes | AJ66: Yes | AK66: Yes | AL66: Yes | AM66: Yes | AN66: Yes | AO66: Yes | AP66: Yes | AQ66: Yes | AR66: Yes | AS66: Yes | AT66: Yes | AU66: Yes | AV66: Yes | AW66: Yes | AX66: Yes | AY66: Yes | AZ66: Yes | BA66: Yes | BB66: Yes | BC66: Yes | BD66: Yes | BE66: Yes | BF66: Yes | BG66: Yes | BH66: Yes | BI66: Yes | BJ66: Yes | BK66: Yes | BL66: Yes | BM66: Yes | BN66: Yes | BO66: Yes | BP66: Yes | BQ66: Yes | BR66: Yes | BS66: Yes | BT66: Yes | BU66: Yes | BV66: Yes | BW66: Yes | BX66: Yes | BY66: Yes | BZ66: Yes | CA66: Yes | CB66: Yes | CC66: Yes | CD66: Yes | CE66: Yes | CF66: Yes | CG66: Yes | CH66: Yes | CI66: Yes | CJ66: Yes | CK66: Yes | CL66: Yes | CM66: Yes | CN66: Yes | CO66: Yes | CP66: Yes | CQ66: Yes | CR66: Yes | CS66: Yes | CT66: Yes | CU66: Yes | CV66: Yes | CW66: Yes | CX66: Yes | CY66: Yes | CZ66: Yes | DA66: Yes | DB66: Yes | DC66: Yes | DD66: Yes | DE66: Yes | DF66: Yes | DG66: Yes | DH66: Yes | DI66: Yes | DJ66: Yes | DK66: Yes | DL66: Yes | DM66: Yes | DN66: Yes | DO66: Yes | DP66: Yes | DQ66: Yes | DR66: Yes | DS66: Yes | DT66: Yes | DU66: Yes | DV66: Yes | DW66: Yes | DX66: Yes | DY66: Yes | DZ66: Yes | EA66: Yes | EB66: Yes | EC66: Yes | ED66: Yes | EE66: Yes | EF66: Yes | EG66: Yes | EH66: Yes | EI66: Yes | EJ66: Yes | EK66: Yes | EL66: Yes | EM66: Yes | EN66: Yes | EO66: Yes | EP66: Yes | EQ66: Yes | ER66: Yes | ES66: Yes | ET66: Yes | EU66: Yes | EV66: Yes | EW66: Yes | EX66: Yes | EY66: Yes | EZ66: Yes | FA66: Yes | FB66: Yes | FC66: Yes | FD66: Yes | FE66: Yes | FF66: Yes | FG66: Yes | FH66: Yes | FI66: Yes | FJ66: Yes | FK66: Yes | FL66: Yes | FM66: Yes | FN66: Yes | FO66: Yes | FP66: Yes | FQ66: Yes | FR66: Yes | FS66: Yes | FT66: Yes | FU66: Yes | FV66: Yes | FW66: Yes | FX66: Yes | FY66: Yes | FZ66: Yes | GA66: Yes | GB66: Yes | GC66: Yes | GD66: Yes | GE66: Yes | GF66: Yes | GG66: Yes | GH66: Yes | GI66: Yes | GJ66: Yes | GK66: Yes | GL66: Yes | GM66: Yes | GN66: Yes | GO66: Yes | GP66: Yes | GQ66: Yes | GR66: Yes | GS66: Yes | GT66: Yes | GU66: Yes | GV66: Yes | GW66: Yes | GX66: Yes | GY66: Yes | GZ66: Yes | HA66: Yes | HB66: Yes | HC66: Yes | HD66: Yes | HE66: Yes | HF66: Yes | HG66: Yes | HH66: Yes | HI66: Yes | HJ66: Yes | HK66: Yes | HL66: Yes | HM66: Yes | HN66: Yes | HO66: Yes | HP66: Yes | HQ66: Yes | HR66: Yes | HS66: Yes | HT66: Yes | HU66: Yes | HV66: Yes | HW66: Yes | HX66: Yes | HY66: Yes | HZ66: Yes | IA66: Yes | IB66: Yes | IC66: Yes | ID66: Yes | IE66: Yes | IF66: Yes | IG66: Yes | IH66: Yes | II66: Yes | IJ66: Yes | IK66: Yes | IL66: Yes | IM66: Yes | IN66: Yes | IO66: Yes | IP66: Yes | IQ66: Yes | IR66: Yes | IS66: Yes | IT66: Yes | IU66: Yes | IV66: Yes | IW66: Yes | IX66: Yes | IY66: Yes | IZ66: Yes | JA66: Yes | JB66: Yes | JC66: Yes | JD66: Yes | JE66: Yes | JF66: Yes | JG66: Yes | JH66: Yes | JI66: Yes | JJ66: Yes | JK66: Yes | JL66: Yes | JM66: Yes | JN66: Yes | JO66: Yes | JP66: Yes | JQ66: Yes | JR66: Yes | JS66: Yes | JT66: Yes | JU66: Yes | JV66: Yes | JW66: Yes | JX66: Yes | JY66: Yes | JZ66: Yes | KA66: Yes | KB66: Yes | KC66: Yes | KD66: Yes | KE66: Yes | KF66: Yes | KG66: Yes | KH66: Yes | KI66: Yes | KJ66: Yes | KK66: Yes | KL66: Yes | KM66: Yes | KN66: Yes | KO66: Yes | KP66: Yes | KQ66: Yes | KR66: Yes | KS66: Yes | KT66: Yes | KU66: Yes | KV66: Yes | KW66: Yes | KX66: Yes | KY66: Yes | KZ66: Yes | LA66: Yes | LB66: Yes | LC66: Yes | LD66: Yes | LE66: Yes | LF66: Yes | LG66: Yes | LH66: Yes | LI66: Yes | LJ66: Yes | LK66: Yes | LL66: Yes | LM66: Yes | LN66: Yes | LO66: Yes | LP66: Yes | LQ66: Yes | LR66: Yes | LS66: Yes | LT66: Yes | LU66: Yes | LV66: Yes | LW66: Yes | LX66: Yes | LY66: Yes | LZ66: Yes | MA66: Yes | MB66: Yes | MC66: Yes | MD66: Yes | ME66: Yes | MF66: Yes | MG66: Yes | MH66: Yes | MI66: Yes | MJ66: Yes | MK66: Yes | ML66: Yes | MM66: Yes | MN66: Yes | MO66: Yes | MP66: Yes | MQ66: Yes | MR66: Yes | MS66: Yes | MT66: Yes | MU66: Yes | MV66: Yes | MW66: Yes | MX66: Yes | MY66: x
MY67: x
MY68: x
MY69: x

Sheet Capacity_Charges
B2: Capacity Charges | D2: CP Effective Date: | E2: 43983 | F2: 43983 | G2: 43983 | H2: 43983 | I2: 43983 | J2: 44348 | K2: 44348 | L2: 44348 | M2: 44348 | N2: 44348 | O2: 44348 | P2: 44348 | Q2: 44348 | R2: 44348 | S2: 44348 | T2: 44348 | U2: 44348 | V2: =+EOMONTH(J2,11)+1 -> 44713 | W2: =+EOMONTH(K2,11)+1 -> 44713 | X2: =+EOMONTH(L2,11)+1 -> 44713 | Y2: =+EOMONTH(M2,11)+1 -> 44713 | Z2: =+EOMONTH(N2,11)+1 -> 44713 | AA2: =+EOMONTH(O2,11)+1 -> 44713 | AB2: =+EOMONTH(P2,11)+1 -> 44713 | AC2: =+EOMONTH(Q2,11)+1 -> 44713 | ... MZ2: =+EOMONTH(MN2,11)+1 -> 54940
B3: =+Gap_Table!B3 -> WEC | D3: Calendar Year: | E3: 2021 | F3: 2021 | G3: 2021 | H3: 2021 | I3: 2021 | J3: 2021 | K3: 2021 | L3: 2021 | M3: 2021 | N3: 2021 | O3: 2021 | P3: 2021 | Q3: 2022 | R3: 2022 | S3: 2022 | T3: 2022 | U3: 2022 | V3: 2022 | W3: 2022 | X3: 2022 | Y3: 2022 | Z3: 2022 | AA3: 2022 | AB3: 2022 | AC3: 2023 | AD3: 2023 | AE3: 2023 | AF3: 2023 | AG3: 2023 | AH3: 2023 | AI3: 2023 | AJ3: 2023 | AK3: 2023 | AL3: 2023 | AM3: 2023 | AN3: 2023 | AO3: 2024 | AP3: 2024 | AQ3: 2024 | AR3: 2024 | AS3: 2024 | AT3: 2024 | AU3: 2024 | AV3: 2024 | AW3: 2024 | AX3: 2024 | AY3: 2024 | AZ3: 2024 | BA3: 2025 | BB3: 2025 | BC3: 2025 | BD3: 2025 | BE3: 2025 | BF3: 2025 | BG3: 2025 | BH3: 2025 | BI3: 2025 | BJ3: 2025 | BK3: 2025 | BL3: 2025 | BM3: 2026 | BN3: 2026 | BO3: 2026 | BP3: 2026 | BQ3: 2026 | BR3: 2026 | BS3: 2026 | BT3: 2026 | BU3: 2026 | BV3: 2026 | BW3: 2026 | BX3: 2026 | BY3: 2027 | BZ3: 2027 | CA3: 2027 | CB3: 2027 | CC3: 2027 | CD3: 2027 | CE3: 2027 | CF3: 2027 | CG3: 2027 | CH3: 2027 | CI3: 2027 | CJ3: 2027 | CK3: 2028 | CL3: 2028 | CM3: 2028 | CN3: 2028 | CO3: 2028 | CP3: 2028 | CQ3: 2028 | CR3: 2028 | CS3: 2028 | CT3: 2028 | CU3: 2028 | CV3: 2028 | CW3: 2029 | CX3: 2029 | CY3: 2029 | CZ3: 2029 | DA3: 2029 | DB3: 2029 | DC3: 2029 | DD3: 2029 | DE3: 2029 | DF3: 2029 | DG3: 2029 | DH3: 2029 | DI3: 2030 | DJ3: 2030 | DK3: 2030 | DL3: 2030 | DM3: 2030 | DN3: 2030 | DO3: 2030 | DP3: 2030 | DQ3: 2030 | DR3: 2030 | DS3: 2030 | DT3: 2030 | DU3: 2031 | DV3: 2031 | DW3: 2031 | DX3: 2031 | DY3: 2031 | DZ3: 2031 | EA3: 2031 | EB3: 2031 | EC3: 2031 | ED3: 2031 | EE3: 2031 | EF3: 2031 | EG3: 2032 | EH3: 2032 | EI3: 2032 | EJ3: 2032 | EK3: 2032 | EL3: 2032 | EM3: 2032 | EN3: 2032 | EO3: 2032 | EP3: 2032 | EQ3: 2032 | ER3: 2032 | ES3: 2033 | ET3: 2033 | EU3: 2033 | EV3: 2033 | EW3: 2033 | EX3: 2033 | EY3: 2033 | EZ3: 2033 | FA3: 2033 | FB3: 2033 | FC3: 2033 | FD3: 2033 | FE3: 2034 | FF3: 2034 | FG3: 2034 | FH3: 2034 | FI3: 2034 | FJ3: 2034 | FK3: 2034 | FL3: 2034 | FM3: 2034 | FN3: 2034 | FO3: 2034 | FP3: 2034 | FQ3: 2035 | FR3: 2035 | FS3: 2035 | FT3: 2035 | FU3: 2035 | FV3: 2035 | FW3: 2035 | FX3: 2035 | FY3: 2035 | FZ3: 2035 | GA3: 2035 | GB3: 2035 | GC3: 2036 | GD3: 2036 | GE3: 2036 | GF3: 2036 | GG3: 2036 | GH3: 2036 | GI3: 2036 | GJ3: 2036 | GK3: 2036 | GL3: 2036 | GM3: 2036 | GN3: 2036 | GO3: 2037 | GP3: 2037 | GQ3: 2037 | GR3: 2037 | GS3: 2037 | GT3: 2037 | GU3: 2037 | GV3: 2037 | GW3: 2037 | GX3: 2037 | GY3: 2037 | GZ3: 2037 | HA3: 2038 | HB3: 2038 | HC3: 2038 | HD3: 2038 | HE3: 2038 | HF3: 2038 | HG3: 2038 | HH3: 2038 | HI3: 2038 | HJ3: 2038 | HK3: 2038 | HL3: 2038 | HM3: 2039 | HN3: 2039 | HO3: 2039 | HP3: 2039 | HQ3: 2039 | HR3: 2039 | HS3: 2039 | HT3: 2039 | HU3: 2039 | HV3: 2039 | HW3: 2039 | HX3: 2039 | HY3: 2040 | HZ3: 2040 | IA3: 2040 | IB3: 2040 | IC3: 2040 | ID3: 2040 | IE3: 2040 | IF3: 2040 | IG3: 2040 | IH3: 2040 | II3: 2040 | IJ3: 2040 | IK3: 2041 | IL3: 2041 | IM3: 2041 | IN3: 2041 | IO3: 2041 | IP3: 2041 | IQ3: 2041 | IR3: 2041 | IS3: 2041 | IT3: 2041 | IU3: 2041 | IV3: 2041 | IW3: 2042 | IX3: 2042 | IY3: 2042 | IZ3: 2042 | JA3: 2042 | JB3: 2042 | JC3: 2042 | JD3: 2042 | JE3: 2042 | JF3: 2042 | JG3: 2042 | JH3: 2042 | JI3: 2043 | JJ3: 2043 | JK3: 2043 | JL3: 2043 | JM3: 2043 | JN3: 2043 | JO3: 2043 | JP3: 2043 | JQ3: 2043 | JR3: 2043 | JS3: 2043 | JT3: 2043 | JU3: 2044 | JV3: 2044 | JW3: 2044 | JX3: 2044 | JY3: 2044 | JZ3: 2044 | KA3: 2044 | KB3: 2044 | KC3: 2044 | KD3: 2044 | KE3: 2044 | KF3: 2044 | KG3: 2045 | KH3: 2045 | KI3: 2045 | KJ3: 2045 | KK3: 2045 | KL3: 2045 | KM3: 2045 | KN3: 2045 | KO3: 2045 | KP3: 2045 | KQ3: 2045 | KR3: 2045 | KS3: 2046 | KT3: 2046 | KU3: 2046 | KV3: 2046 | KW3: 2046 | KX3: 2046 | KY3: 2046 | KZ3: 2046 | LA3: 2046 | LB3: 2046 | LC3: 2046 | LD3: 2046 | LE3: 2047 | LF3: 2047 | LG3: 2047 | LH3: 2047 | LI3: 2047 | LJ3: 2047 | LK3: 2047 | LL3: 2047 | LM3: 2047 | LN3: 2047 | LO3: 2047 | LP3: 2047 | LQ3: 2048 | LR3: 2048 | LS3: 2048 | LT3: 2048 | LU3: 2048 | LV3: 2048 | LW3: 2048 | LX3: 2048 | LY3: 2048 | LZ3: 2048 | MA3: 2048 | MB3: 2048 | MC3: 2049 | MD3: 2049 | ME3: 2049 | MF3: 2049 | MG3: 2049 | MH3: 2049 | MI3: 2049 | MJ3: 2049 | MK3: 2049 | ML3: 2049 | MM3: 2049 | MN3: 2049 | MO3: 2050 | MP3: 2050 | MQ3: 2050 | MR3: 2050 | MS3: 2050 | MT3: 2050 | MU3: 2050 | MV3: 2050 | MW3: 2050 | MX3: 2050 | MY3: 2050 | MZ3: 2050 | NC3: 2021 | ND3: =1+NC3 -> 2022 | NE3: =1+ND3 -> 2023 | NF3: =1+NE3 -> 2024 | NG3: =1+NF3 -> 2025 | NH3: =1+NG3 -> 2026 | NI3: =1+NH3 -> 2027 | NJ3: =1+NI3 -> 2028 | NK3: =1+NJ3 -> 2029 | ... OF3: =1+OE3 -> 2050
D4: Budget Month: | E4: 44197 | F4: =+EOMONTH(E4,0)+1 -> 44228 | G4: =+EOMONTH(F4,0)+1 -> 44256 | H4: =+EOMONTH(G4,0)+1 -> 44287 | I4: =+EOMONTH(H4,0)+1 -> 44317 | J4: =+EOMONTH(I4,0)+1 -> 44348 | K4: =+EOMONTH(J4,0)+1 -> 44378 | L4: =+EOMONTH(K4,0)+1 -> 44409 | M4: =+EOMONTH(L4,0)+1 -> 44440 | ... MZ4: =+EOMONTH(MY4,0)+1 -> 55123
B6: Invoice Group | C6: Capacity Market | D6: NNE CSO | E6: =SUMIFS(CP_Forecast!$E$5:$E$38,CP_Forecast!$C$5:$C$38,"<=" & E$4,CP_Forecast!$D$5:$D$38,">=" & E$4) -> 8343.883 | F6: =SUMIFS(CP_Forecast!$E$5:$E$38,CP_Forecast!$C$5:$C$38,"<=" & F$4,CP_Forecast!$D$5:$D$38,">=" & F$4) -> 8343.883 | G6: =SUMIFS(CP_Forecast!$E$5:$E$38,CP_Forecast!$C$5:$C$38,"<=" & G$4,CP_Forecast!$D$5:$D$38,">=" & G$4) -> 8343.883 | H6: =SUMIFS(CP_Forecast!$E$5:$E$38,CP_Forecast!$C$5:$C$38,"<=" & H$4,CP_Forecast!$D$5:$D$38,">=" & H$4) -> 8343.883 | I6: =SUMIFS(CP_Forecast!$E$5:$E$38,CP_Forecast!$C$5:$C$38,"<=" & I$4,CP_Forecast!$D$5:$D$38,">=" & I$4) -> 8343.883 | J6: =SUMIFS(CP_Forecast!$E$5:$E$38,CP_Forecast!$C$5:$C$38,"<=" & J$4,CP_Forecast!$D$5:$D$38,">=" & J$4) -> 8067.264 | K6: =SUMIFS(CP_Forecast!$E$5:$E$38,CP_Forecast!$C$5:$C$38,"<=" & K$4,CP_Forecast!$D$5:$D$38,">=" & K$4) -> 8067.264 | L6: =SUMIFS(CP_Forecast!$E$5:$E$38,CP_Forecast!$C$5:$C$38,"<=" & L$4,CP_Forecast!$D$5:$D$38,">=" & L$4) -> 8067.264 | ... MZ6: =SUMIFS(CP_Forecast!$E$5:$E$38,CP_Forecast!$C$5:$C$38,"<=" & MZ$4,CP_Forecast!$D$5:$D$38,">=" & MZ$4) -> 8829.5423 | NB6: =+D6 -> NNE CSO | NC6: =AVERAGEIF($E$3:$MZ$3,NC$3,$E6:$MZ6) -> 8182.5219 | ND6: =AVERAGEIF($E$3:$MZ$3,ND$3,$E6:$MZ6) -> 7600.7618 | NE6: =AVERAGEIF($E$3:$MZ$3,NE$3,$E6:$MZ6) -> 7482.761 | NF6: =AVERAGEIF($E$3:$MZ$3,NF$3,$E6:$MZ6) -> 8167.9575 | NG6: =AVERAGEIF($E$3:$MZ$3,NG$3,$E6:$MZ6) -> 8422.1167 | NH6: =AVERAGEIF($E$3:$MZ$3,NH$3,$E6:$MZ6) -> 8167.6955 | NI6: =AVERAGEIF($E$3:$MZ$3,NI$3,$E6:$MZ6) -> 8047.9411 | NJ6: =AVERAGEIF($E$3:$MZ$3,NJ$3,$E6:$MZ6) -> 8138.2713 | ... OF6: =AVERAGEIF($E$3:$MZ$3,OF$3,$E6:$MZ6) -> 8817.3491 | OH6: =_xlfn.CONCAT(C6," ",D6) -> Capacity Market NNE CSO
D7: Peak Load Ratio Share | E7: =INDEX(CP_Forecast!$H$4:$AB$38,MATCH(YEAR(Capacity_Charges!E2)-1,CP_Forecast!$J$4:$J$38,0),MATCH(Capacity_Charges!$B$3,CP_Forecast!$H$4:$AB$4,0))/INDEX(CP_Forecast!$B$4:$F$38,MATCH(Capacity_Charges!E2,CP_Forecast!$C$4:$C$38,0),4) -> 0.0014453379 | F7: =INDEX(CP_Forecast!$H$4:$AB$38,MATCH(YEAR(Capacity_Charges!F2)-1,CP_Forecast!$J$4:$J$38,0),MATCH(Capacity_Charges!$B$3,CP_Forecast!$H$4:$AB$4,0))/INDEX(CP_Forecast!$B$4:$F$38,MATCH(Capacity_Charges!F2,CP_Forecast!$C$4:$C$38,0),4) -> 0.0014453379 | G7: =INDEX(CP_Forecast!$H$4:$AB$38,MATCH(YEAR(Capacity_Charges!G2)-1,CP_Forecast!$J$4:$J$38,0),MATCH(Capacity_Charges!$B$3,CP_Forecast!$H$4:$AB$4,0))/INDEX(CP_Forecast!$B$4:$F$38,MATCH(Capacity_Charges!G2,CP_Forecast!$C$4:$C$38,0),4) -> 0.0014453379 | H7: =INDEX(CP_Forecast!$H$4:$AB$38,MATCH(YEAR(Capacity_Charges!H2)-1,CP_Forecast!$J$4:$J$38,0),MATCH(Capacity_Charges!$B$3,CP_Forecast!$H$4:$AB$4,0))/INDEX(CP_Forecast!$B$4:$F$38,MATCH(Capacity_Charges!H2,CP_Forecast!$C$4:$C$38,0),4) -> 0.0014453379 | I7: =INDEX(CP_Forecast!$H$4:$AB$38,MATCH(YEAR(Capacity_Charges!I2)-1,CP_Forecast!$J$4:$J$38,0),MATCH(Capacity_Charges!$B$3,CP_Forecast!$H$4:$AB$4,0))/INDEX(CP_Forecast!$B$4:$F$38,MATCH(Capacity_Charges!I2,CP_Forecast!$C$4:$C$38,0),4) -> 0.0014453379 | J7: =INDEX(CP_Forecast!$H$4:$AB$38,MATCH(YEAR(Capacity_Charges!J2)-1,CP_Forecast!$J$4:$J$38,0),MATCH(Capacity_Charges!$B$3,CP_Forecast!$H$4:$AB$4,0))/INDEX(CP_Forecast!$B$4:$F$38,MATCH(Capacity_Charges!J2,CP_Forecast!$C$4:$C$38,0),4) -> 0.001648099 | K7: =INDEX(CP_Forecast!$H$4:$AB$38,MATCH(YEAR(Capacity_Charges!K2)-1,CP_Forecast!$J$4:$J$38,0),MATCH(Capacity_Charges!$B$3,CP_Forecast!$H$4:$AB$4,0))/INDEX(CP_Forecast!$B$4:$F$38,MATCH(Capacity_Charges!K2,CP_Forecast!$C$4:$C$38,0),4) -> 0.001648099 | L7: =INDEX(CP_Forecast!$H$4:$AB$38,MATCH(YEAR(Capacity_Charges!L2)-1,CP_Forecast!$J$4:$J$38,0),MATCH(Capacity_Charges!$B$3,CP_Forecast!$H$4:$AB$4,0))/INDEX(CP_Forecast!$B$4:$F$38,MATCH(Capacity_Charges!L2,CP_Forecast!$C$4:$C$38,0),4) -> 0.001648099 | ... P7: =INDEX(CP_Forecast!$H$4:$AB$38,MATCH(YEAR(Capacity_Charges!P2)-1,CP_Forecast!$J$4:$J$38,0),MATCH(Capacity_Charges!$B$3,CP_Forecast!$H$4:$AB$4,0))/INDEX(CP_Forecast!$B$4:$F$38,MATCH(Capacity_Charges!P2,CP_Forecast!$C$4:$C$38,0),4) -> 0.001648099 | Q7: =+INDEX(CP_Forecast!$L$4:$AB$38,MATCH(Capacity_Charges!Q2,CP_Forecast!$L$4:$L$38,0),MATCH(Capacity_Charges!$B$3,CP_Forecast!$L$4:$AB$4,0))/INDEX(CP_Forecast!$L$4:$AB$38,MATCH(Capacity_Charges!Q2,CP_Forecast!$L$4:$L$38,0),MATCH("NNE",CP_Forecast!$L$4:$AB$4,0)) -> 0.0026660185 | R7: =+INDEX(CP_Forecast!$L$4:$AB$38,MATCH(Capacity_Charges!R2,CP_Forecast!$L$4:$L$38,0),MATCH(Capacity_Charges!$B$3,CP_Forecast!$L$4:$AB$4,0))/INDEX(CP_Forecast!$L$4:$AB$38,MATCH(Capacity_Charges!R2,CP_Forecast!$L$4:$L$38,0),MATCH("NNE",CP_Forecast!$L$4:$AB$4,0)) -> 0.0026660185 | S7: =+INDEX(CP_Forecast!$L$4:$AB$38,MATCH(Capacity_Charges!S2,CP_Forecast!$L$4:$L$38,0),MATCH(Capacity_Charges!$B$3,CP_Forecast!$L$4:$AB$4,0))/INDEX(CP_Forecast!$L$4:$AB$38,MATCH(Capacity_Charges!S2,CP_Forecast!$L$4:$L$38,0),MATCH("NNE",CP_Forecast!$L$4:$AB$4,0)) -> 0.0026660185 | T7: =+INDEX(CP_Forecast!$L$4:$AB$38,MATCH(Capacity_Charges!T2,CP_Forecast!$L$4:$L$38,0),MATCH(Capacity_Charges!$B$3,CP_Forecast!$L$4:$AB$4,0))/INDEX(CP_Forecast!$L$4:$AB$38,MATCH(Capacity_Charges!T2,CP_Forecast!$L$4:$L$38,0),MATCH("NNE",CP_Forecast!$L$4:$AB$4,0)) -> 0.0026660185 | U7: =+INDEX(CP_Forecast!$L$4:$AB$38,MATCH(Capacity_Charges!U2,CP_Forecast!$L$4:$L$38,0),MATCH(Capacity_Charges!$B$3,CP_Forecast!$L$4:$AB$4,0))/INDEX(CP_Forecast!$L$4:$AB$38,MATCH(Capacity_Charges!U2,CP_Forecast!$L$4:$L$38,0),MATCH("NNE",CP_Forecast!$L$4:$AB$4,0)) -> 0.0026660185 | V7: =+INDEX(CP_Forecast!$L$4:$AB$38,MATCH(Capacity_Charges!V2,CP_Forecast!$L$4:$L$38,0),MATCH(Capacity_Charges!$B$3,CP_Forecast!$L$4:$AB$4,0))/INDEX(CP_Forecast!$L$4:$AB$38,MATCH(Capacity_Charges!V2,CP_Forecast!$L$4:$L$38,0),MATCH("NNE",CP_Forecast!$L$4:$AB$4,0)) -> 0.0023474706 | W7: =+INDEX(CP_Forecast!$L$4:$AB$38,MATCH(Capacity_Charges!W2,CP_Forecast!$L$4:$L$38,0),MATCH(Capacity_Charges!$B$3,CP_Forecast!$L$4:$AB$4,0))/INDEX(CP_Forecast!$L$4:$AB$38,MATCH(Capacity_Charges!W2,CP_Forecast!$L$4:$L$38,0),MATCH("NNE",CP_Forecast!$L$4:$AB$4,0)) -> 0.0023474706 | X7: =+INDEX(CP_Forecast!$L$4:$AB$38,MATCH(Capacity_Charges!X2,CP_Forecast!$L$4:$L$38,0),MATCH(Capacity_Charges!$B$3,CP_Forecast!$L$4:$AB$4,0))/INDEX(CP_Forecast!$L$4:$AB$38,MATCH(Capacity_Charges!X2,CP_Forecast!$L$4:$L$38,0),MATCH("NNE",CP_Forecast!$L$4:$AB$4,0)) -> 0.0023474706 | ... MZ7: =+INDEX(CP_Forecast!$L$4:$AB$38,MATCH(Capacity_Charges!MZ2,CP_Forecast!$L$4:$L$38,0),MATCH(Capacity_Charges!$B$3,CP_Forecast!$L$4:$AB$4,0))/INDEX(CP_Forecast!$L$4:$AB$38,MATCH(Capacity_Charges!MZ2,CP_Forecast!$L$4:$L$38,0),MATCH("NNE",CP_Forecast!$L$4:$AB$4,0)) -> 0.0011031343 | NB7: =+D7 -> Peak Load Ratio Share | NC7: =AVERAGEIF($E$3:$MZ$3,NC$3,$E7:$MZ7) -> 0.0015636152 | ND7: =AVERAGEIF($E$3:$MZ$3,ND$3,$E7:$MZ7) -> 0.0024801989 | NE7: =AVERAGEIF($E$3:$MZ$3,NE$3,$E7:$MZ7) -> 0.0023339126 | NF7: =AVERAGEIF($E$3:$MZ$3,NF$3,$E7:$MZ7) -> 0.0023242283 | NG7: =AVERAGEIF($E$3:$MZ$3,NG$3,$E7:$MZ7) -> 0.0016119234 | NH7: =AVERAGEIF($E$3:$MZ$3,NH$3,$E7:$MZ7) -> 0.0011031343 | NI7: =AVERAGEIF($E$3:$MZ$3,NI$3,$E7:$MZ7) -> 0.0011031343 | NJ7: =AVERAGEIF($E$3:$MZ$3,NJ$3,$E7:$MZ7) -> 0.0011031343 | ... OF7: =AVERAGEIF($E$3:$MZ$3,OF$3,$E7:$MZ7) -> 0.0011031343 | OH7: =_xlfn.CONCAT(C6," ",D7) -> Capacity Market Peak Load Ratio Share
D8: Share of CSO or ICR (MW) | E8: =+E6*E7*[1]SenSit_Dashboard!$F$17 -> 12.05973 | F8: =+F6*F7*[1]SenSit_Dashboard!$F$17 -> 12.05973 | G8: =+G6*G7*[1]SenSit_Dashboard!$F$17 -> 12.05973 | H8: =+H6*H7*[1]SenSit_Dashboard!$F$17 -> 12.05973 | I8: =+I6*I7*[1]SenSit_Dashboard!$F$17 -> 12.05973 | J8: =+J6*J7*[1]SenSit_Dashboard!$F$17 -> 13.29565 | K8: =+K6*K7*[1]SenSit_Dashboard!$F$17 -> 13.29565 | L8: =+L6*L7*[1]SenSit_Dashboard!$F$17 -> 13.29565 | ... MZ8: =+MZ6*MZ7*[1]SenSit_Dashboard!$F$17 -> 9.7401707 | NB8: =+D8 -> Share of CSO or ICR (MW) | NC8: =AVERAGEIF($E$3:$MZ$3,NC$3,$E8:$MZ8) -> 12.780683 | ND8: =AVERAGEIF($E$3:$MZ$3,ND$3,$E8:$MZ8) -> 18.913319 | NE8: =AVERAGEIF($E$3:$MZ$3,NE$3,$E8:$MZ8) -> 17.462026 | NF8: =AVERAGEIF($E$3:$MZ$3,NF$3,$E8:$MZ8) -> 18.984198 | NG8: =AVERAGEIF($E$3:$MZ$3,NG$3,$E8:$MZ8) -> 13.639642 | NH8: =AVERAGEIF($E$3:$MZ$3,NH$3,$E8:$MZ8) -> 9.0100648 | NI8: =AVERAGEIF($E$3:$MZ$3,NI$3,$E8:$MZ8) -> 8.8779596 | NJ8: =AVERAGEIF($E$3:$MZ$3,NJ$3,$E8:$MZ8) -> 8.977606 | ... OF8: =AVERAGEIF($E$3:$MZ$3,OF$3,$E8:$MZ8) -> 9.72672 | OH8: =_xlfn.CONCAT(C6," ",D8) -> Capacity Market Share of CSO or ICR (MW)
D9: FCM Clearing Price ($/kW-mo) | E9: =SUMIFS(CP_Forecast!$F$5:$F$38,CP_Forecast!$E$5:$E$38,E6) -> 5.297 | F9: =SUMIFS(CP_Forecast!$F$5:$F$38,CP_Forecast!$E$5:$E$38,F6) -> 5.297 | G9: =SUMIFS(CP_Forecast!$F$5:$F$38,CP_Forecast!$E$5:$E$38,G6) -> 5.297 | H9: =SUMIFS(CP_Forecast!$F$5:$F$38,CP_Forecast!$E$5:$E$38,H6) -> 5.297 | I9: =SUMIFS(CP_Forecast!$F$5:$F$38,CP_Forecast!$E$5:$E$38,I6) -> 5.297 | J9: =SUMIFS(CP_Forecast!$F$5:$F$38,CP_Forecast!$E$5:$E$38,J6) -> 4.631 | K9: =SUMIFS(CP_Forecast!$F$5:$F$38,CP_Forecast!$E$5:$E$38,K6) -> 4.631 | L9: =SUMIFS(CP_Forecast!$F$5:$F$38,CP_Forecast!$E$5:$E$38,L6) -> 4.631 | ... MZ9: =SUMIFS(CP_Forecast!$F$5:$F$38,CP_Forecast!$E$5:$E$38,MZ6) -> 9.580517 | NB9: =+D9 -> FCM Clearing Price ($/kW-mo) | NC9: =AVERAGEIF($E$3:$MZ$3,NC$3,$E9:$MZ9) -> 4.9085 | ND9: =AVERAGEIF($E$3:$MZ$3,ND$3,$E9:$MZ9) -> 4.14625 | NE9: =AVERAGEIF($E$3:$MZ$3,NE$3,$E9:$MZ9) -> 2.7505833 | NF9: =AVERAGEIF($E$3:$MZ$3,NF$3,$E9:$MZ9) -> 2.2786667 | NG9: =AVERAGEIF($E$3:$MZ$3,NG$3,$E9:$MZ9) -> 2.5085 | NH9: =AVERAGEIF($E$3:$MZ$3,NH$3,$E9:$MZ9) -> 3.09625 | NI9: =AVERAGEIF($E$3:$MZ$3,NI$3,$E9:$MZ9) -> 3.9375 | NJ9: =AVERAGEIF($E$3:$MZ$3,NJ$3,$E9:$MZ9) -> 4.6875 | ... OF9: =AVERAGEIF($E$3:$MZ$3,OF$3,$E9:$MZ9) -> 9.4642486 | OH9: =_xlfn.CONCAT(C6," ",D9) -> Capacity Market FCM Clearing Price ($/kW-mo)
D10: Capacity Charges ($) | E10: =+E8*E9*1000 -> 63880.39 | F10: =+F8*F9*1000 -> 63880.39 | G10: =+G8*G9*1000 -> 63880.39 | H10: =+H8*H9*1000 -> 63880.39 | I10: =+I8*I9*1000 -> 63880.39 | J10: =+J8*J9*1000 -> 61572.155 | K10: =+K8*K9*1000 -> 61572.155 | L10: =+L8*L9*1000 -> 61572.155 | ... MZ10: =+MZ8*MZ9*1000 -> 93315.872 | NB10: =+D10 -> Capacity Charges ($) | NC10: =SUMIF($E$3:$MZ$3,NC$3,$E10:$MZ10) -> 750407.04 | ND10: =SUMIF($E$3:$MZ$3,ND$3,$E10:$MZ10) -> 951810.9 | NE10: =SUMIF($E$3:$MZ$3,NE$3,$E10:$MZ10) -> 572756.01 | NF10: =SUMIF($E$3:$MZ$3,NF$3,$E10:$MZ10) -> 522043.83 | NG10: =SUMIF($E$3:$MZ$3,NG$3,$E10:$MZ10) -> 408899.24 | NH10: =SUMIF($E$3:$MZ$3,NH$3,$E10:$MZ10) -> 333888.13 | NI10: =SUMIF($E$3:$MZ$3,NI$3,$E10:$MZ10) -> 419475.17 | NJ10: =SUMIF($E$3:$MZ$3,NJ$3,$E10:$MZ10) -> 505370.03 | ... OF10: =SUMIF($E$3:$MZ$3,OF$3,$E10:$MZ10) -> 1104699.4 | OH10: =_xlfn.CONCAT(C6," ",D10) -> Capacity Market Capacity Charges ($)
D12: Coincident Peak Load | E12: =INDEX(CP_Forecast!$H$4:$AB$38,MATCH(YEAR(Capacity_Charges!E7)-1,CP_Forecast!$J$4:$J$38,0),MATCH(Capacity_Charges!$B$3,CP_Forecast!$H$4:$AB$4,0))/INDEX(CP_Forecast!$B$4:$F$38,MATCH(Capacity_Charges!E7,CP_Forecast!$C$4:$C$38,0),4) -> #N/A | F12: =INDEX(CP_Forecast!$H$4:$AB$38,MATCH(YEAR(Capacity_Charges!F7)-1,CP_Forecast!$J$4:$J$38,0),MATCH(Capacity_Charges!$B$3,CP_Forecast!$H$4:$AB$4,0))/INDEX(CP_Forecast!$B$4:$F$38,MATCH(Capacity_Charges!F7,CP_Forecast!$C$4:$C$38,0),4) -> #N/A | G12: =INDEX(CP_Forecast!$H$4:$AB$38,MATCH(YEAR(Capacity_Charges!G7)-1,CP_Forecast!$J$4:$J$38,0),MATCH(Capacity_Charges!$B$3,CP_Forecast!$H$4:$AB$4,0))/INDEX(CP_Forecast!$B$4:$F$38,MATCH(Capacity_Charges!G7,CP_Forecast!$C$4:$C$38,0),4) -> #N/A | H12: =INDEX(CP_Forecast!$H$4:$AB$38,MATCH(YEAR(Capacity_Charges!H7)-1,CP_Forecast!$J$4:$J$38,0),MATCH(Capacity_Charges!$B$3,CP_Forecast!$H$4:$AB$4,0))/INDEX(CP_Forecast!$B$4:$F$38,MATCH(Capacity_Charges!H7,CP_Forecast!$C$4:$C$38,0),4) -> #N/A | I12: =INDEX(CP_Forecast!$H$4:$AB$38,MATCH(YEAR(Capacity_Charges!I7)-1,CP_Forecast!$J$4:$J$38,0),MATCH(Capacity_Charges!$B$3,CP_Forecast!$H$4:$AB$4,0))/INDEX(CP_Forecast!$B$4:$F$38,MATCH(Capacity_Charges!I7,CP_Forecast!$C$4:$C$38,0),4) -> #N/A | J12: =INDEX(CP_Forecast!$H$4:$AB$38,MATCH(YEAR(Capacity_Charges!J7)-1,CP_Forecast!$J$4:$J$38,0),MATCH(Capacity_Charges!$B$3,CP_Forecast!$H$4:$AB$4,0))/INDEX(CP_Forecast!$B$4:$F$38,MATCH(Capacity_Charges!J7,CP_Forecast!$C$4:$C$38,0),4) -> #N/A | K12: =INDEX(CP_Forecast!$H$4:$AB$38,MATCH(YEAR(Capacity_Charges!K7)-1,CP_Forecast!$J$4:$J$38,0),MATCH(Capacity_Charges!$B$3,CP_Forecast!$H$4:$AB$4,0))/INDEX(CP_Forecast!$B$4:$F$38,MATCH(Capacity_Charges!K7,CP_Forecast!$C$4:$C$38,0),4) -> #N/A | L12: =INDEX(CP_Forecast!$H$4:$AB$38,MATCH(YEAR(Capacity_Charges!L7)-1,CP_Forecast!$J$4:$J$38,0),MATCH(Capacity_Charges!$B$3,CP_Forecast!$H$4:$AB$4,0))/INDEX(CP_Forecast!$B$4:$F$38,MATCH(Capacity_Charges!L7,CP_Forecast!$C$4:$C$38,0),4) -> #N/A | ... P12: =INDEX(CP_Forecast!$H$4:$AB$38,MATCH(YEAR(Capacity_Charges!P7)-1,CP_Forecast!$J$4:$J$38,0),MATCH(Capacity_Charges!$B$3,CP_Forecast!$H$4:$AB$4,0))/INDEX(CP_Forecast!$B$4:$F$38,MATCH(Capacity_Charges!P7,CP_Forecast!$C$4:$C$38,0),4) -> #N/A | Q12: =+INDEX(CP_Forecast!$L$4:$AB$38,MATCH(Capacity_Charges!Q2,CP_Forecast!$L$4:$L$38,0),MATCH(Capacity_Charges!$B$3,CP_Forecast!$L$4:$AB$4,0)) -> 13.29565 | R12: =+INDEX(CP_Forecast!$L$4:$AB$38,MATCH(Capacity_Charges!R2,CP_Forecast!$L$4:$L$38,0),MATCH(Capacity_Charges!$B$3,CP_Forecast!$L$4:$AB$4,0)) -> 13.29565 | S12: =+INDEX(CP_Forecast!$L$4:$AB$38,MATCH(Capacity_Charges!S2,CP_Forecast!$L$4:$L$38,0),MATCH(Capacity_Charges!$B$3,CP_Forecast!$L$4:$AB$4,0)) -> 13.29565 | T12: =+INDEX(CP_Forecast!$L$4:$AB$38,MATCH(Capacity_Charges!T2,CP_Forecast!$L$4:$L$38,0),MATCH(Capacity_Charges!$B$3,CP_Forecast!$L$4:$AB$4,0)) -> 13.29565 | U12: =+INDEX(CP_Forecast!$L$4:$AB$38,MATCH(Capacity_Charges!U2,CP_Forecast!$L$4:$L$38,0),MATCH(Capacity_Charges!$B$3,CP_Forecast!$L$4:$AB$4,0)) -> 13.29565 | V12: =+INDEX(CP_Forecast!$L$4:$AB$38,MATCH(Capacity_Charges!V2,CP_Forecast!$L$4:$L$38,0),MATCH(Capacity_Charges!$B$3,CP_Forecast!$L$4:$AB$4,0)) -> 12.12831 | W12: =+INDEX(CP_Forecast!$L$4:$AB$38,MATCH(Capacity_Charges!W2,CP_Forecast!$L$4:$L$38,0),MATCH(Capacity_Charges!$B$3,CP_Forecast!$L$4:$AB$4,0)) -> 12.12831 | X12: =+INDEX(CP_Forecast!$L$4:$AB$38,MATCH(Capacity_Charges!X2,CP_Forecast!$L$4:$L$38,0),MATCH(Capacity_Charges!$B$3,CP_Forecast!$L$4:$AB$4,0)) -> 12.12831 | ... MZ12: =+INDEX(CP_Forecast!$L$4:$AB$38,MATCH(Capacity_Charges!MZ2,CP_Forecast!$L$4:$L$38,0),MATCH(Capacity_Charges!$B$3,CP_Forecast!$L$4:$AB$4,0)) -> 7.5305549
D13: Reserve Margin | Q13: =+Q8/Q12 -> 1.6176324 | R13: =+R8/R12 -> 1.6176324 | S13: =+S8/S12 -> 1.6176324 | T13: =+T8/T12 -> 1.6176324 | U13: =+U8/U12 -> 1.6176324 | V13: =+V8/V12 -> 1.4066552 | W13: =+W8/W12 -> 1.4066552 | X13: =+X8/X12 -> 1.4066552 | ... MZ13: =+MZ8/MZ12 -> 1.2934201
B15: Invoice Group | C15: McNeil Facility | D15: Capacity MW | E15: =+Cap_MW_Lookups!C47 -> 50 | F15: =+Cap_MW_Lookups!D47 -> 50 | G15: =+Cap_MW_Lookups!E47 -> 50 | H15: =+Cap_MW_Lookups!F47 -> 50 | I15: =+Cap_MW_Lookups!G47 -> 50 | J15: =+Cap_MW_Lookups!H47 -> 50 | K15: =+Cap_MW_Lookups!I47 -> 50 | L15: =+Cap_MW_Lookups!J47 -> 50 | ... MZ15: =+Cap_MW_Lookups!MX47 -> 50 | NB15: =+D15 -> Capacity MW | NC15: =AVERAGEIF($E$3:$MZ$3,NC$3,$E15:$MZ15) -> 50 | ND15: =AVERAGEIF($E$3:$MZ$3,ND$3,$E15:$MZ15) -> 50 | NE15: =AVERAGEIF($E$3:$MZ$3,NE$3,$E15:$MZ15) -> 50 | NF15: =AVERAGEIF($E$3:$MZ$3,NF$3,$E15:$MZ15) -> 50 | NG15: =AVERAGEIF($E$3:$MZ$3,NG$3,$E15:$MZ15) -> 50 | NH15: =AVERAGEIF($E$3:$MZ$3,NH$3,$E15:$MZ15) -> 50 | NI15: =AVERAGEIF($E$3:$MZ$3,NI$3,$E15:$MZ15) -> 50 | NJ15: =AVERAGEIF($E$3:$MZ$3,NJ$3,$E15:$MZ15) -> 50 | ... OF15: =AVERAGEIF($E$3:$MZ$3,OF$3,$E15:$MZ15) -> 50 | OH15: =_xlfn.CONCAT(C15," ",D15) -> McNeil Facility Capacity MW
D16: Allocation % | E16: =INDEX(Allocations[#All],MATCH(Capacity_Charges!$C15,Allocations[[#All],[Invoice_Group]],0),MATCH(Capacity_Charges!$B$3,Allocations[#Headers],0)) -> 0 | F16: =INDEX(Allocations[#All],MATCH(Capacity_Charges!$C15,Allocations[[#All],[Invoice_Group]],0),MATCH(Capacity_Charges!$B$3,Allocations[#Headers],0)) -> 0 | G16: =INDEX(Allocations[#All],MATCH(Capacity_Charges!$C15,Allocations[[#All],[Invoice_Group]],0),MATCH(Capacity_Charges!$B$3,Allocations[#Headers],0)) -> 0 | H16: =INDEX(Allocations[#All],MATCH(Capacity_Charges!$C15,Allocations[[#All],[Invoice_Group]],0),MATCH(Capacity_Charges!$B$3,Allocations[#Headers],0)) -> 0 | I16: =INDEX(Allocations[#All],MATCH(Capacity_Charges!$C15,Allocations[[#All],[Invoice_Group]],0),MATCH(Capacity_Charges!$B$3,Allocations[#Headers],0)) -> 0 | J16: =INDEX(Allocations[#All],MATCH(Capacity_Charges!$C15,Allocations[[#All],[Invoice_Group]],0),MATCH(Capacity_Charges!$B$3,Allocations[#Headers],0)) -> 0 | K16: =INDEX(Allocations[#All],MATCH(Capacity_Charges!$C15,Allocations[[#All],[Invoice_Group]],0),MATCH(Capacity_Charges!$B$3,Allocations[#Headers],0)) -> 0 | L16: =INDEX(Allocations[#All],MATCH(Capacity_Charges!$C15,Allocations[[#All],[Invoice_Group]],0),MATCH(Capacity_Charges!$B$3,Allocations[#Headers],0)) -> 0 | ... MZ16: =INDEX(Allocations[#All],MATCH(Capacity_Charges!$C15,Allocations[[#All],[Invoice_Group]],0),MATCH(Capacity_Charges!$B$3,Allocations[#Headers],0)) -> 0 | NB16: =+D16 -> Allocation % | NC16: =AVERAGEIF($E$3:$MZ$3,NC$3,$E16:$MZ16) -> 0 | ND16: =AVERAGEIF($E$3:$MZ$3,ND$3,$E16:$MZ16) -> 0 | NE16: =AVERAGEIF($E$3:$MZ$3,NE$3,$E16:$MZ16) -> 0 | NF16: =AVERAGEIF($E$3:$MZ$3,NF$3,$E16:$MZ16) -> 0 | NG16: =AVERAGEIF($E$3:$MZ$3,NG$3,$E16:$MZ16) -> 0 | NH16: =AVERAGEIF($E$3:$MZ$3,NH$3,$E16:$MZ16) -> 0 | NI16: =AVERAGEIF($E$3:$MZ$3,NI$3,$E16:$MZ16) -> 0 | NJ16: =AVERAGEIF($E$3:$MZ$3,NJ$3,$E16:$MZ16) -> 0 | ... OF16: =AVERAGEIF($E$3:$MZ$3,OF$3,$E16:$MZ16) -> 0 | OH16: =_xlfn.CONCAT(C15," ",D16) -> McNeil Facility Allocation %
D17: Share of MW | E17: =+E16*E15 -> 0 | F17: =+F16*F15 -> 0 | G17: =+G16*G15 -> 0 | H17: =+H16*H15 -> 0 | I17: =+I16*I15 -> 0 | J17: =+J16*J15 -> 0 | K17: =+K16*K15 -> 0 | L17: =+L16*L15 -> 0 | ... MZ17: =+MZ16*MZ15 -> 0 | NB17: =+D17 -> Share of MW | NC17: =AVERAGEIF($E$3:$MZ$3,NC$3,$E17:$MZ17) -> 0 | ND17: =AVERAGEIF($E$3:$MZ$3,ND$3,$E17:$MZ17) -> 0 | NE17: =AVERAGEIF($E$3:$MZ$3,NE$3,$E17:$MZ17) -> 0 | NF17: =AVERAGEIF($E$3:$MZ$3,NF$3,$E17:$MZ17) -> 0 | NG17: =AVERAGEIF($E$3:$MZ$3,NG$3,$E17:$MZ17) -> 0 | NH17: =AVERAGEIF($E$3:$MZ$3,NH$3,$E17:$MZ17) -> 0 | NI17: =AVERAGEIF($E$3:$MZ$3,NI$3,$E17:$MZ17) -> 0 | NJ17: =AVERAGEIF($E$3:$MZ$3,NJ$3,$E17:$MZ17) -> 0 | ... OF17: =AVERAGEIF($E$3:$MZ$3,OF$3,$E17:$MZ17) -> 0 | OH17: =_xlfn.CONCAT(C15," ",D17) -> McNeil Facility Share of MW
D18: Price ($/kW-mo) | E18: {=INDEX(Capacity_Rates[#All],MATCH($C15,Capacity_Rates[[#All],[Invoice_Group]],0),E$3-2019)} -> 17.28 | F18: {=INDEX(Capacity_Rates[#All],MATCH($C15,Capacity_Rates[[#All],[Invoice_Group]],0),F$3-2019)} -> 17.28 | G18: {=INDEX(Capacity_Rates[#All],MATCH($C15,Capacity_Rates[[#All],[Invoice_Group]],0),G$3-2019)} -> 17.28 | H18: {=INDEX(Capacity_Rates[#All],MATCH($C15,Capacity_Rates[[#All],[Invoice_Group]],0),H$3-2019)} -> 17.28 | I18: {=INDEX(Capacity_Rates[#All],MATCH($C15,Capacity_Rates[[#All],[Invoice_Group]],0),I$3-2019)} -> 17.28 | J18: {=INDEX(Capacity_Rates[#All],MATCH($C15,Capacity_Rates[[#All],[Invoice_Group]],0),J$3-2019)} -> 17.28 | K18: {=INDEX(Capacity_Rates[#All],MATCH($C15,Capacity_Rates[[#All],[Invoice_Group]],0),K$3-2019)} -> 17.28 | L18: {=INDEX(Capacity_Rates[#All],MATCH($C15,Capacity_Rates[[#All],[Invoice_Group]],0),L$3-2019)} -> 17.28 | ... MZ18: {=INDEX(Capacity_Rates[#All],MATCH($C15,Capacity_Rates[[#All],[Invoice_Group]],0),MZ$3-2019)} -> 45.371578 | NB18: =+D18 -> Price ($/kW-mo) | NC18: =AVERAGEIF($E$3:$MZ$3,NC$3,$E18:$MZ18) -> 17.28 | ND18: =AVERAGEIF($E$3:$MZ$3,ND$3,$E18:$MZ18) -> 20.94 | NE18: =AVERAGEIF($E$3:$MZ$3,NE$3,$E18:$MZ18) -> 21.52632 | NF18: =AVERAGEIF($E$3:$MZ$3,NF$3,$E18:$MZ18) -> 22.129057 | NG18: =AVERAGEIF($E$3:$MZ$3,NG$3,$E18:$MZ18) -> 22.748671 | NH18: =AVERAGEIF($E$3:$MZ$3,NH$3,$E18:$MZ18) -> 23.385633 | NI18: =AVERAGEIF($E$3:$MZ$3,NI$3,$E18:$MZ18) -> 24.040431 | NJ18: =AVERAGEIF($E$3:$MZ$3,NJ$3,$E18:$MZ18) -> 24.713563 | ... OF18: =AVERAGEIF($E$3:$MZ$3,OF$3,$E18:$MZ18) -> 45.371578 | OH18: =_xlfn.CONCAT(C15," ",D18) -> McNeil Facility Price ($/kW-mo)
D19: Capacity Charges ($) | E19: =+E15*E16*E18*1000 -> 0 | F19: =+F15*F16*F18*1000 -> 0 | G19: =+G15*G16*G18*1000 -> 0 | H19: =+H15*H16*H18*1000 -> 0 | I19: =+I15*I16*I18*1000 -> 0 | J19: =+J15*J16*J18*1000 -> 0 | K19: =+K15*K16*K18*1000 -> 0 | L19: =+L15*L16*L18*1000 -> 0 | ... MZ19: =+MZ15*MZ16*MZ18*1000 -> 0 | NB19: =+D19 -> Capacity Charges ($) | NC19: =SUMIF($E$3:$MZ$3,NC$3,$E19:$MZ19) -> 0 | ND19: =SUMIF($E$3:$MZ$3,ND$3,$E19:$MZ19) -> 0 | NE19: =SUMIF($E$3:$MZ$3,NE$3,$E19:$MZ19) -> 0 | NF19: =SUMIF($E$3:$MZ$3,NF$3,$E19:$MZ19) -> 0 | NG19: =SUMIF($E$3:$MZ$3,NG$3,$E19:$MZ19) -> 0 | NH19: =SUMIF($E$3:$MZ$3,NH$3,$E19:$MZ19) -> 0 | NI19: =SUMIF($E$3:$MZ$3,NI$3,$E19:$MZ19) -> 0 | NJ19: =SUMIF($E$3:$MZ$3,NJ$3,$E19:$MZ19) -> 0 | ... OF19: =SUMIF($E$3:$MZ$3,OF$3,$E19:$MZ19) -> 0 | OH19: =_xlfn.CONCAT(C15," ",D19) -> McNeil Facility Capacity Charges ($)
B21: Invoice Group | C21: NYPA Niagara Contract | D21: Capacity MW | E21: =+Cap_MW_Lookups!C48 -> 14.3 | F21: =+Cap_MW_Lookups!D48 -> 14.3 | G21: =+Cap_MW_Lookups!E48 -> 14.3 | H21: =+Cap_MW_Lookups!F48 -> 14.3 | I21: =+Cap_MW_Lookups!G48 -> 14.3 | J21: =+Cap_MW_Lookups!H48 -> 14.3 | K21: =+Cap_MW_Lookups!I48 -> 14.3 | L21: =+Cap_MW_Lookups!J48 -> 14.3 | ... MZ21: =+Cap_MW_Lookups!MX48 -> 14.3 | NB21: =+D21 -> Capacity MW | NC21: =AVERAGEIF($E$3:$MZ$3,NC$3,$E21:$MZ21) -> 14.3 | ND21: =AVERAGEIF($E$3:$MZ$3,ND$3,$E21:$MZ21) -> 14.3 | NE21: =AVERAGEIF($E$3:$MZ$3,NE$3,$E21:$MZ21) -> 14.3 | NF21: =AVERAGEIF($E$3:$MZ$3,NF$3,$E21:$MZ21) -> 14.3 | NG21: =AVERAGEIF($E$3:$MZ$3,NG$3,$E21:$MZ21) -> 14.3 | NH21: =AVERAGEIF($E$3:$MZ$3,NH$3,$E21:$MZ21) -> 14.3 | NI21: =AVERAGEIF($E$3:$MZ$3,NI$3,$E21:$MZ21) -> 14.3 | NJ21: =AVERAGEIF($E$3:$MZ$3,NJ$3,$E21:$MZ21) -> 14.3 | ... OF21: =AVERAGEIF($E$3:$MZ$3,OF$3,$E21:$MZ21) -> 14.3 | OH21: =_xlfn.CONCAT(C21," ",D21) -> NYPA Niagara Contract Capacity MW
D22: Allocation % | E22: =INDEX(Allocations[#All],MATCH(Capacity_Charges!$C21,Allocations[[#All],[Invoice_Group]],0),MATCH(Capacity_Charges!$B$3,Allocations[#Headers],0)) -> 0.10794487 | F22: =INDEX(Allocations[#All],MATCH(Capacity_Charges!$C21,Allocations[[#All],[Invoice_Group]],0),MATCH(Capacity_Charges!$B$3,Allocations[#Headers],0)) -> 0.10794487 | G22: =INDEX(Allocations[#All],MATCH(Capacity_Charges!$C21,Allocations[[#All],[Invoice_Group]],0),MATCH(Capacity_Charges!$B$3,Allocations[#Headers],0)) -> 0.10794487 | H22: =INDEX(Allocations[#All],MATCH(Capacity_Charges!$C21,Allocations[[#All],[Invoice_Group]],0),MATCH(Capacity_Charges!$B$3,Allocations[#Headers],0)) -> 0.10794487 | I22: =INDEX(Allocations[#All],MATCH(Capacity_Charges!$C21,Allocations[[#All],[Invoice_Group]],0),MATCH(Capacity_Charges!$B$3,Allocations[#Headers],0)) -> 0.10794487 | J22: =INDEX(Allocations[#All],MATCH(Capacity_Charges!$C21,Allocations[[#All],[Invoice_Group]],0),MATCH(Capacity_Charges!$B$3,Allocations[#Headers],0)) -> 0.10794487 | K22: =INDEX(Allocations[#All],MATCH(Capacity_Charges!$C21,Allocations[[#All],[Invoice_Group]],0),MATCH(Capacity_Charges!$B$3,Allocations[#Headers],0)) -> 0.10794487 | L22: =INDEX(Allocations[#All],MATCH(Capacity_Charges!$C21,Allocations[[#All],[Invoice_Group]],0),MATCH(Capacity_Charges!$B$3,Allocations[#Headers],0)) -> 0.10794487 | ... MZ22: =INDEX(Allocations[#All],MATCH(Capacity_Charges!$C21,Allocations[[#All],[Invoice_Group]],0),MATCH(Capacity_Charges!$B$3,Allocations[#Headers],0)) -> 0.10794487 | NB22: =+D22 -> Allocation % | NC22: =AVERAGEIF($E$3:$MZ$3,NC$3,$E22:$MZ22) -> 0.10794487 | ND22: =AVERAGEIF($E$3:$MZ$3,ND$3,$E22:$MZ22) -> 0.10794487 | NE22: =AVERAGEIF($E$3:$MZ$3,NE$3,$E22:$MZ22) -> 0.10794487 | NF22: =AVERAGEIF($E$3:$MZ$3,NF$3,$E22:$MZ22) -> 0.10794487 | NG22: =AVERAGEIF($E$3:$MZ$3,NG$3,$E22:$MZ22) -> 0.10794487 | NH22: =AVERAGEIF($E$3:$MZ$3,NH$3,$E22:$MZ22) -> 0.10794487 | NI22: =AVERAGEIF($E$3:$MZ$3,NI$3,$E22:$MZ22) -> 0.10794487 | NJ22: =AVERAGEIF($E$3:$MZ$3,NJ$3,$E22:$MZ22) -> 0.10794487 | ... OF22: =AVERAGEIF($E$3:$MZ$3,OF$3,$E22:$MZ22) -> 0.10794487 | OH22: =_xlfn.CONCAT(C21," ",D22) -> NYPA Niagara Contract Allocation %
D23: Share of MW | E23: =+E22*E21 -> 1.5436116 | F23: =+F22*F21 -> 1.5436116 | G23: =+G22*G21 -> 1.5436116 | H23: =+H22*H21 -> 1.5436116 | I23: =+I22*I21 -> 1.5436116 | J23: =+J22*J21 -> 1.5436116 | K23: =+K22*K21 -> 1.5436116 | L23: =+L22*L21 -> 1.5436116 | ... MZ23: =+MZ22*MZ21 -> 1.5436116 | NB23: =+D23 -> Share of MW | NC23: =AVERAGEIF($E$3:$MZ$3,NC$3,$E23:$MZ23) -> 1.5436116 | ND23: =AVERAGEIF($E$3:$MZ$3,ND$3,$E23:$MZ23) -> 1.5436116 | NE23: =AVERAGEIF($E$3:$MZ$3,NE$3,$E23:$MZ23) -> 1.5436116 | NF23: =AVERAGEIF($E$3:$MZ$3,NF$3,$E23:$MZ23) -> 1.5436116 | NG23: =AVERAGEIF($E$3:$MZ$3,NG$3,$E23:$MZ23) -> 1.5436116 | NH23: =AVERAGEIF($E$3:$MZ$3,NH$3,$E23:$MZ23) -> 1.5436116 | NI23: =AVERAGEIF($E$3:$MZ$3,NI$3,$E23:$MZ23) -> 1.5436116 | NJ23: =AVERAGEIF($E$3:$MZ$3,NJ$3,$E23:$MZ23) -> 1.5436116 | ... OF23: =AVERAGEIF($E$3:$MZ$3,OF$3,$E23:$MZ23) -> 1.5436116 | OH23: =_xlfn.CONCAT(C21," ",D23) -> NYPA Niagara Contract Share of MW
D24: Price ($/kW-mo) | E24: {=INDEX(Capacity_Rates[#All],MATCH($C21,Capacity_Rates[[#All],[Invoice_Group]],0),E$3-2019)} -> 14.79856 | F24: {=INDEX(Capacity_Rates[#All],MATCH($C21,Capacity_Rates[[#All],[Invoice_Group]],0),F$3-2019)} -> 14.79856 | G24: {=INDEX(Capacity_Rates[#All],MATCH($C21,Capacity_Rates[[#All],[Invoice_Group]],0),G$3-2019)} -> 14.79856 | H24: {=INDEX(Capacity_Rates[#All],MATCH($C21,Capacity_Rates[[#All],[Invoice_Group]],0),H$3-2019)} -> 14.79856 | I24: {=INDEX(Capacity_Rates[#All],MATCH($C21,Capacity_Rates[[#All],[Invoice_Group]],0),I$3-2019)} -> 14.79856 | J24: {=INDEX(Capacity_Rates[#All],MATCH($C21,Capacity_Rates[[#All],[Invoice_Group]],0),J$3-2019)} -> 14.79856 | K24: {=INDEX(Capacity_Rates[#All],MATCH($C21,Capacity_Rates[[#All],[Invoice_Group]],0),K$3-2019)} -> 14.79856 | L24: {=INDEX(Capacity_Rates[#All],MATCH($C21,Capacity_Rates[[#All],[Invoice_Group]],0),L$3-2019)} -> 14.79856 | ... MZ24: {=INDEX(Capacity_Rates[#All],MATCH($C21,Capacity_Rates[[#All],[Invoice_Group]],0),MZ$3-2019)} -> 43.334841 | NB24: =+D24 -> Price ($/kW-mo) | NC24: =AVERAGEIF($E$3:$MZ$3,NC$3,$E24:$MZ24) -> 14.79856 | ND24: =AVERAGEIF($E$3:$MZ$3,ND$3,$E24:$MZ24) -> 20 | NE24: =AVERAGEIF($E$3:$MZ$3,NE$3,$E24:$MZ24) -> 20.56 | NF24: =AVERAGEIF($E$3:$MZ$3,NF$3,$E24:$MZ24) -> 21.13568 | NG24: =AVERAGEIF($E$3:$MZ$3,NG$3,$E24:$MZ24) -> 21.727479 | NH24: =AVERAGEIF($E$3:$MZ$3,NH$3,$E24:$MZ24) -> 22.335848 | NI24: =AVERAGEIF($E$3:$MZ$3,NI$3,$E24:$MZ24) -> 22.961252 | NJ24: =AVERAGEIF($E$3:$MZ$3,NJ$3,$E24:$MZ24) -> 23.604167 | ... OF24: =AVERAGEIF($E$3:$MZ$3,OF$3,$E24:$MZ24) -> 43.334841 | OH24: =_xlfn.CONCAT(C21," ",D24) -> NYPA Niagara Contract Price ($/kW-mo)
D25: Capacity Charges ($) | E25: =+E21*E22*E24*1000 -> 22843.229 | F25: =+F21*F22*F24*1000 -> 22843.229 | G25: =+G21*G22*G24*1000 -> 22843.229 | H25: =+H21*H22*H24*1000 -> 22843.229 | I25: =+I21*I22*I24*1000 -> 22843.229 | J25: =+J21*J22*J24*1000 -> 22843.229 | K25: =+K21*K22*K24*1000 -> 22843.229 | L25: =+L21*L22*L24*1000 -> 22843.229 | ... Z25: =+Z21*Z22*Z24*1000 -> 30872.233 | AA25: 10139.13 | AB25: 15337.39 | AC25: 11964.11 | AD25: 25065.6 | AE25: 28607.94 | AF25: 31853.29 | AG25: 41297.15 | AH25: 73852.05 | AI25: 55960.79 | AJ25: 48201.22 | AK25: 48459.44 | AL25: 44807.65 | AM25: =+AM21*AM22*AM24*1000 -> 31736.655 | AN25: =+AN21*AN22*AN24*1000 -> 31736.655 | AO25: =+AO21*AO22*AO24*1000 -> 32625.282 | AP25: =+AP21*AP22*AP24*1000 -> 32625.282 | AQ25: =+AQ21*AQ22*AQ24*1000 -> 32625.282 | AR25: =+AR21*AR22*AR24*1000 -> 32625.282 | AS25: =+AS21*AS22*AS24*1000 -> 32625.282 | AT25: =+AT21*AT22*AT24*1000 -> 32625.282 | ... MZ25: =+MZ21*MZ22*MZ24*1000 -> 66892.165 | NB25: =+D25 -> Capacity Charges ($) | NC25: =SUMIF($E$3:$MZ$3,NC$3,$E25:$MZ25) -> 274118.75 | ND25: =SUMIF($E$3:$MZ$3,ND$3,$E25:$MZ25) -> 334198.85 | NE25: =SUMIF($E$3:$MZ$3,NE$3,$E25:$MZ25) -> 473542.55 | NF25: =SUMIF($E$3:$MZ$3,NF$3,$E25:$MZ25) -> 391503.38 | NG25: =SUMIF($E$3:$MZ$3,NG$3,$E25:$MZ25) -> 402465.47 | NH25: =SUMIF($E$3:$MZ$3,NH$3,$E25:$MZ25) -> 413734.51 | NI25: =SUMIF($E$3:$MZ$3,NI$3,$E25:$MZ25) -> 425319.07 | NJ25: =SUMIF($E$3:$MZ$3,NJ$3,$E25:$MZ25) -> 437228.01 | ... OF25: =SUMIF($E$3:$MZ$3,OF$3,$E25:$MZ25) -> 802705.98 | OH25: =_xlfn.CONCAT(C21," ",D25) -> NYPA Niagara Contract Capacity Charges ($)
B27: Invoice Group | C27: NYPA St. Lawrence Contract | D27: Capacity MW | E27: =+Cap_MW_Lookups!C49 -> 1.2857143 | F27: =+Cap_MW_Lookups!D49 -> 1.2857143 | G27: =+Cap_MW_Lookups!E49 -> 1.2857143 | H27: =+Cap_MW_Lookups!F49 -> 1.2857143 | I27: =+Cap_MW_Lookups!G49 -> 1.2857143 | J27: =+Cap_MW_Lookups!H49 -> 1.2857143 | K27: =+Cap_MW_Lookups!I49 -> 1.2857143 | L27: =+Cap_MW_Lookups!J49 -> 1.2857143 | ... MZ27: =+Cap_MW_Lookups!MX49 -> 1.2857143 | NB27: =+D27 -> Capacity MW | NC27: =AVERAGEIF($E$3:$MZ$3,NC$3,$E27:$MZ27) -> 1.2857143 | ND27: =AVERAGEIF($E$3:$MZ$3,ND$3,$E27:$MZ27) -> 1.2857143 | NE27: =AVERAGEIF($E$3:$MZ$3,NE$3,$E27:$MZ27) -> 1.2857143 | NF27: =AVERAGEIF($E$3:$MZ$3,NF$3,$E27:$MZ27) -> 1.2857143 | NG27: =AVERAGEIF($E$3:$MZ$3,NG$3,$E27:$MZ27) -> 1.2857143 | NH27: =AVERAGEIF($E$3:$MZ$3,NH$3,$E27:$MZ27) -> 1.2857143 | NI27: =AVERAGEIF($E$3:$MZ$3,NI$3,$E27:$MZ27) -> 1.2857143 | NJ27: =AVERAGEIF($E$3:$MZ$3,NJ$3,$E27:$MZ27) -> 1.2857143 | ... OF27: =AVERAGEIF($E$3:$MZ$3,OF$3,$E27:$MZ27) -> 1.2857143 | OH27: =_xlfn.CONCAT(C27," ",D27) -> NYPA St. Lawrence Contract Capacity MW
D28: Allocation % | E28: =INDEX(Allocations[#All],MATCH(Capacity_Charges!$C27,Allocations[[#All],[Invoice_Group]],0),MATCH(Capacity_Charges!$B$3,Allocations[#Headers],0)) -> 0.031 | F28: =INDEX(Allocations[#All],MATCH(Capacity_Charges!$C27,Allocations[[#All],[Invoice_Group]],0),MATCH(Capacity_Charges!$B$3,Allocations[#Headers],0)) -> 0.031 | G28: =INDEX(Allocations[#All],MATCH(Capacity_Charges!$C27,Allocations[[#All],[Invoice_Group]],0),MATCH(Capacity_Charges!$B$3,Allocations[#Headers],0)) -> 0.031 | H28: =INDEX(Allocations[#All],MATCH(Capacity_Charges!$C27,Allocations[[#All],[Invoice_Group]],0),MATCH(Capacity_Charges!$B$3,Allocations[#Headers],0)) -> 0.031 | I28: =INDEX(Allocations[#All],MATCH(Capacity_Charges!$C27,Allocations[[#All],[Invoice_Group]],0),MATCH(Capacity_Charges!$B$3,Allocations[#Headers],0)) -> 0.031 | J28: =INDEX(Allocations[#All],MATCH(Capacity_Charges!$C27,Allocations[[#All],[Invoice_Group]],0),MATCH(Capacity_Charges!$B$3,Allocations[#Headers],0)) -> 0.031 | K28: =INDEX(Allocations[#All],MATCH(Capacity_Charges!$C27,Allocations[[#All],[Invoice_Group]],0),MATCH(Capacity_Charges!$B$3,Allocations[#Headers],0)) -> 0.031 | L28: =INDEX(Allocations[#All],MATCH(Capacity_Charges!$C27,Allocations[[#All],[Invoice_Group]],0),MATCH(Capacity_Charges!$B$3,Allocations[#Headers],0)) -> 0.031 | ... MZ28: =INDEX(Allocations[#All],MATCH(Capacity_Charges!$C27,Allocations[[#All],[Invoice_Group]],0),MATCH(Capacity_Charges!$B$3,Allocations[#Headers],0)) -> 0.031 | NB28: =+D28 -> Allocation % | NC28: =AVERAGEIF($E$3:$MZ$3,NC$3,$E28:$MZ28) -> 0.031 | ND28: =AVERAGEIF($E$3:$MZ$3,ND$3,$E28:$MZ28) -> 0.031 | NE28: =AVERAGEIF($E$3:$MZ$3,NE$3,$E28:$MZ28) -> 0.031 | NF28: =AVERAGEIF($E$3:$MZ$3,NF$3,$E28:$MZ28) -> 0.031 | NG28: =AVERAGEIF($E$3:$MZ$3,NG$3,$E28:$MZ28) -> 0.031 | NH28: =AVERAGEIF($E$3:$MZ$3,NH$3,$E28:$MZ28) -> 0.031 | NI28: =AVERAGEIF($E$3:$MZ$3,NI$3,$E28:$MZ28) -> 0.031 | NJ28: =AVERAGEIF($E$3:$MZ$3,NJ$3,$E28:$MZ28) -> 0.031 | ... OF28: =AVERAGEIF($E$3:$MZ$3,OF$3,$E28:$MZ28) -> 0.031 | OH28: =_xlfn.CONCAT(C27," ",D28) -> NYPA St. Lawrence Contract Allocation %
D29: Share of MW | E29: =+E28*E27 -> 0.039857143 | F29: =+F28*F27 -> 0.039857143 | G29: =+G28*G27 -> 0.039857143 | H29: =+H28*H27 -> 0.039857143 | I29: =+I28*I27 -> 0.039857143 | J29: =+J28*J27 -> 0.039857143 | K29: =+K28*K27 -> 0.039857143 | L29: =+L28*L27 -> 0.039857143 | ... MZ29: =+MZ28*MZ27 -> 0.039857143 | NB29: =+D29 -> Share of MW | NC29: =AVERAGEIF($E$3:$MZ$3,NC$3,$E29:$MZ29) -> 0.039857143 | ND29: =AVERAGEIF($E$3:$MZ$3,ND$3,$E29:$MZ29) -> 0.039857143 | NE29: =AVERAGEIF($E$3:$MZ$3,NE$3,$E29:$MZ29) -> 0.039857143 | NF29: =AVERAGEIF($E$3:$MZ$3,NF$3,$E29:$MZ29) -> 0.039857143 | NG29: =AVERAGEIF($E$3:$MZ$3,NG$3,$E29:$MZ29) -> 0.039857143 | NH29: =AVERAGEIF($E$3:$MZ$3,NH$3,$E29:$MZ29) -> 0.039857143 | NI29: =AVERAGEIF($E$3:$MZ$3,NI$3,$E29:$MZ29) -> 0.039857143 | NJ29: =AVERAGEIF($E$3:$MZ$3,NJ$3,$E29:$MZ29) -> 0.039857143 | ... OF29: =AVERAGEIF($E$3:$MZ$3,OF$3,$E29:$MZ29) -> 0.039857143 | OH29: =_xlfn.CONCAT(C27," ",D29) -> NYPA St. Lawrence Contract Share of MW
D30: Price ($/kW-mo) | E30: {=INDEX(Capacity_Rates[#All],MATCH($C27,Capacity_Rates[[#All],[Invoice_Group]],0),E$3-2019)} -> 4.45 | F30: {=INDEX(Capacity_Rates[#All],MATCH($C27,Capacity_Rates[[#All],[Invoice_Group]],0),F$3-2019)} -> 4.45 | G30: {=INDEX(Capacity_Rates[#All],MATCH($C27,Capacity_Rates[[#All],[Invoice_Group]],0),G$3-2019)} -> 4.45 | H30: {=INDEX(Capacity_Rates[#All],MATCH($C27,Capacity_Rates[[#All],[Invoice_Group]],0),H$3-2019)} -> 4.45 | I30: {=INDEX(Capacity_Rates[#All],MATCH($C27,Capacity_Rates[[#All],[Invoice_Group]],0),I$3-2019)} -> 4.45 | J30: {=INDEX(Capacity_Rates[#All],MATCH($C27,Capacity_Rates[[#All],[Invoice_Group]],0),J$3-2019)} -> 4.45 | K30: {=INDEX(Capacity_Rates[#All],MATCH($C27,Capacity_Rates[[#All],[Invoice_Group]],0),K$3-2019)} -> 4.45 | L30: {=INDEX(Capacity_Rates[#All],MATCH($C27,Capacity_Rates[[#All],[Invoice_Group]],0),L$3-2019)} -> 4.45 | ... MZ30: {=INDEX(Capacity_Rates[#All],MATCH($C27,Capacity_Rates[[#All],[Invoice_Group]],0),MZ$3-2019)} -> 9.8541261 | NB30: =+D30 -> Price ($/kW-mo) | NC30: =AVERAGEIF($E$3:$MZ$3,NC$3,$E30:$MZ30) -> 4.45 | ND30: =AVERAGEIF($E$3:$MZ$3,ND$3,$E30:$MZ30) -> 4.5479 | NE30: =AVERAGEIF($E$3:$MZ$3,NE$3,$E30:$MZ30) -> 4.6752412 | NF30: =AVERAGEIF($E$3:$MZ$3,NF$3,$E30:$MZ30) -> 4.806148 | NG30: =AVERAGEIF($E$3:$MZ$3,NG$3,$E30:$MZ30) -> 4.9407201 | NH30: =AVERAGEIF($E$3:$MZ$3,NH$3,$E30:$MZ30) -> 5.0790603 | NI30: =AVERAGEIF($E$3:$MZ$3,NI$3,$E30:$MZ30) -> 5.2212739 | NJ30: =AVERAGEIF($E$3:$MZ$3,NJ$3,$E30:$MZ30) -> 5.3674696 | ... OF30: =AVERAGEIF($E$3:$MZ$3,OF$3,$E30:$MZ30) -> 9.8541261 | OH30: =_xlfn.CONCAT(C27," ",D30) -> NYPA St. Lawrence Contract Price ($/kW-mo)
D31: Capacity Charges ($) | E31: =+E27*E28*E30*1000 -> 177.36429 | F31: =+F27*F28*F30*1000 -> 177.36429 | G31: =+G27*G28*G30*1000 -> 177.36429 | H31: =+H27*H28*H30*1000 -> 177.36429 | I31: =+I27*I28*I30*1000 -> 177.36429 | J31: =+J27*J28*J30*1000 -> 177.36429 | K31: =+K27*K28*K30*1000 -> 177.36429 | L31: =+L27*L28*L30*1000 -> 177.36429 | ... Z31: =+Z27*Z28*Z30*1000 -> 181.2663 | AA31: 126.17 | AB31: 126.17 | AC31: 126.17 | AD31: 126.17 | AE31: 126.17 | AF31: 126.17 | AG31: 126.17 | AH31: 126.17 | AI31: 126.17 | AJ31: 126.17 | AK31: 126.17 | AL31: 126.17 | AM31: =+AM27*AM28*AM30*1000 -> 186.34176 | AN31: =+AN27*AN28*AN30*1000 -> 186.34176 | AO31: =+AO27*AO28*AO30*1000 -> 191.55933 | AP31: =+AP27*AP28*AP30*1000 -> 191.55933 | AQ31: =+AQ27*AQ28*AQ30*1000 -> 191.55933 | AR31: =+AR27*AR28*AR30*1000 -> 191.55933 | AS31: =+AS27*AS28*AS30*1000 -> 191.55933 | AT31: =+AT27*AT28*AT30*1000 -> 191.55933 | ... MZ31: =+MZ27*MZ28*MZ30*1000 -> 392.75731 | NB31: =+D31 -> Capacity Charges ($) | NC31: =SUMIF($E$3:$MZ$3,NC$3,$E31:$MZ31) -> 2128.3714 | ND31: =SUMIF($E$3:$MZ$3,ND$3,$E31:$MZ31) -> 2065.003 | NE31: =SUMIF($E$3:$MZ$3,NE$3,$E31:$MZ31) -> 1634.3835 | NF31: =SUMIF($E$3:$MZ$3,NF$3,$E31:$MZ31) -> 2298.7119 | NG31: =SUMIF($E$3:$MZ$3,NG$3,$E31:$MZ31) -> 2363.0758 | NH31: =SUMIF($E$3:$MZ$3,NH$3,$E31:$MZ31) -> 2429.242 | NI31: =SUMIF($E$3:$MZ$3,NI$3,$E31:$MZ31) -> 2497.2607 | NJ31: =SUMIF($E$3:$MZ$3,NJ$3,$E31:$MZ31) -> 2567.184 | ... OF31: =SUMIF($E$3:$MZ$3,OF$3,$E31:$MZ31) -> 4713.0878 | OH31: =_xlfn.CONCAT(C27," ",D31) -> NYPA St. Lawrence Contract Capacity Charges ($)
B33: Invoice Group | C33: Project #10 | D33: Capacity MW | E33: =SUM(Lookups!$L$18:$L$19) -> 40 | F33: =SUM(Lookups!$L$18:$L$19) -> 40 | G33: =SUM(Lookups!$L$18:$L$19) -> 40 | H33: =SUM(Lookups!$L$18:$L$19) -> 40 | I33: =SUM(Lookups!$L$18:$L$19) -> 40 | J33: =SUM(Lookups!$L$18:$L$19) -> 40 | K33: =SUM(Lookups!$L$18:$L$19) -> 40 | L33: =SUM(Lookups!$L$18:$L$19) -> 40 | ... MZ33: =SUM(Lookups!$L$18:$L$19) -> 40 | NB33: =+D33 -> Capacity MW | NC33: =AVERAGEIF($E$3:$MZ$3,NC$3,$E33:$MZ33) -> 40 | ND33: =AVERAGEIF($E$3:$MZ$3,ND$3,$E33:$MZ33) -> 40 | NE33: =AVERAGEIF($E$3:$MZ$3,NE$3,$E33:$MZ33) -> 40 | NF33: =AVERAGEIF($E$3:$MZ$3,NF$3,$E33:$MZ33) -> 40 | NG33: =AVERAGEIF($E$3:$MZ$3,NG$3,$E33:$MZ33) -> 40 | NH33: =AVERAGEIF($E$3:$MZ$3,NH$3,$E33:$MZ33) -> 40 | NI33: =AVERAGEIF($E$3:$MZ$3,NI$3,$E33:$MZ33) -> 40 | NJ33: =AVERAGEIF($E$3:$MZ$3,NJ$3,$E33:$MZ33) -> 40 | ... OF33: =AVERAGEIF($E$3:$MZ$3,OF$3,$E33:$MZ33) -> 40 | OH33: =_xlfn.CONCAT(C33," ",D33) -> Project #10 Capacity MW
D34: Allocation % | E34: =INDEX(Allocations[#All],MATCH(Capacity_Charges!$C33,Allocations[[#All],[Invoice_Group]],0),MATCH(Capacity_Charges!$B$3,Allocations[#Headers],0)) -> 0 | F34: =INDEX(Allocations[#All],MATCH(Capacity_Charges!$C33,Allocations[[#All],[Invoice_Group]],0),MATCH(Capacity_Charges!$B$3,Allocations[#Headers],0)) -> 0 | G34: =INDEX(Allocations[#All],MATCH(Capacity_Charges!$C33,Allocations[[#All],[Invoice_Group]],0),MATCH(Capacity_Charges!$B$3,Allocations[#Headers],0)) -> 0 | H34: =INDEX(Allocations[#All],MATCH(Capacity_Charges!$C33,Allocations[[#All],[Invoice_Group]],0),MATCH(Capacity_Charges!$B$3,Allocations[#Headers],0)) -> 0 | I34: =INDEX(Allocations[#All],MATCH(Capacity_Charges!$C33,Allocations[[#All],[Invoice_Group]],0),MATCH(Capacity_Charges!$B$3,Allocations[#Headers],0)) -> 0 | J34: =INDEX(Allocations[#All],MATCH(Capacity_Charges!$C33,Allocations[[#All],[Invoice_Group]],0),MATCH(Capacity_Charges!$B$3,Allocations[#Headers],0)) -> 0 | K34: =INDEX(Allocations[#All],MATCH(Capacity_Charges!$C33,Allocations[[#All],[Invoice_Group]],0),MATCH(Capacity_Charges!$B$3,Allocations[#Headers],0)) -> 0 | L34: =INDEX(Allocations[#All],MATCH(Capacity_Charges!$C33,Allocations[[#All],[Invoice_Group]],0),MATCH(Capacity_Charges!$B$3,Allocations[#Headers],0)) -> 0 | ... MZ34: =INDEX(Allocations[#All],MATCH(Capacity_Charges!$C33,Allocations[[#All],[Invoice_Group]],0),MATCH(Capacity_Charges!$B$3,Allocations[#Headers],0)) -> 0 | NB34: =+D34 -> Allocation % | NC34: =AVERAGEIF($E$3:$MZ$3,NC$3,$E34:$MZ34) -> 0 | ND34: =AVERAGEIF($E$3:$MZ$3,ND$3,$E34:$MZ34) -> 0 | NE34: =AVERAGEIF($E$3:$MZ$3,NE$3,$E34:$MZ34) -> 0 | NF34: =AVERAGEIF($E$3:$MZ$3,NF$3,$E34:$MZ34) -> 0 | NG34: =AVERAGEIF($E$3:$MZ$3,NG$3,$E34:$MZ34) -> 0 | NH34: =AVERAGEIF($E$3:$MZ$3,NH$3,$E34:$MZ34) -> 0 | NI34: =AVERAGEIF($E$3:$MZ$3,NI$3,$E34:$MZ34) -> 0 | NJ34: =AVERAGEIF($E$3:$MZ$3,NJ$3,$E34:$MZ34) -> 0 | ... OF34: =AVERAGEIF($E$3:$MZ$3,OF$3,$E34:$MZ34) -> 0 | OH34: =_xlfn.CONCAT(C33," ",D34) -> Project #10 Allocation %
D35: Share of MW | E35: =+E34*E33 -> 0 | F35: =+F34*F33 -> 0 | G35: =+G34*G33 -> 0 | H35: =+H34*H33 -> 0 | I35: =+I34*I33 -> 0 | J35: =+J34*J33 -> 0 | K35: =+K34*K33 -> 0 | L35: =+L34*L33 -> 0 | ... MZ35: =+MZ34*MZ33 -> 0 | NB35: =+D35 -> Share of MW | NC35: =AVERAGEIF($E$3:$MZ$3,NC$3,$E35:$MZ35) -> 0 | ND35: =AVERAGEIF($E$3:$MZ$3,ND$3,$E35:$MZ35) -> 0 | NE35: =AVERAGEIF($E$3:$MZ$3,NE$3,$E35:$MZ35) -> 0 | NF35: =AVERAGEIF($E$3:$MZ$3,NF$3,$E35:$MZ35) -> 0 | NG35: =AVERAGEIF($E$3:$MZ$3,NG$3,$E35:$MZ35) -> 0 | NH35: =AVERAGEIF($E$3:$MZ$3,NH$3,$E35:$MZ35) -> 0 | NI35: =AVERAGEIF($E$3:$MZ$3,NI$3,$E35:$MZ35) -> 0 | NJ35: =AVERAGEIF($E$3:$MZ$3,NJ$3,$E35:$MZ35) -> 0 | ... OF35: =AVERAGEIF($E$3:$MZ$3,OF$3,$E35:$MZ35) -> 0 | OH35: =_xlfn.CONCAT(C33," ",D35) -> Project #10 Share of MW
D36: Price ($/kW-mo) | E36: {=INDEX(Capacity_Rates[#All],MATCH($C33,Capacity_Rates[[#All],[Invoice_Group]],0),E$3-2019)} -> 6.26 | F36: {=INDEX(Capacity_Rates[#All],MATCH($C33,Capacity_Rates[[#All],[Invoice_Group]],0),F$3-2019)} -> 6.26 | G36: {=INDEX(Capacity_Rates[#All],MATCH($C33,Capacity_Rates[[#All],[Invoice_Group]],0),G$3-2019)} -> 6.26 | H36: {=INDEX(Capacity_Rates[#All],MATCH($C33,Capacity_Rates[[#All],[Invoice_Group]],0),H$3-2019)} -> 6.26 | I36: {=INDEX(Capacity_Rates[#All],MATCH($C33,Capacity_Rates[[#All],[Invoice_Group]],0),I$3-2019)} -> 6.26 | J36: {=INDEX(Capacity_Rates[#All],MATCH($C33,Capacity_Rates[[#All],[Invoice_Group]],0),J$3-2019)} -> 6.26 | K36: {=INDEX(Capacity_Rates[#All],MATCH($C33,Capacity_Rates[[#All],[Invoice_Group]],0),K$3-2019)} -> 6.26 | L36: {=INDEX(Capacity_Rates[#All],MATCH($C33,Capacity_Rates[[#All],[Invoice_Group]],0),L$3-2019)} -> 6.26 | ... MZ36: {=INDEX(Capacity_Rates[#All],MATCH($C33,Capacity_Rates[[#All],[Invoice_Group]],0),MZ$3-2019)} -> 14.820516 | NB36: =+D36 -> Price ($/kW-mo) | NC36: =AVERAGEIF($E$3:$MZ$3,NC$3,$E36:$MZ36) -> 6.26 | ND36: =AVERAGEIF($E$3:$MZ$3,ND$3,$E36:$MZ36) -> 6.84 | NE36: =AVERAGEIF($E$3:$MZ$3,NE$3,$E36:$MZ36) -> 7.03152 | NF36: =AVERAGEIF($E$3:$MZ$3,NF$3,$E36:$MZ36) -> 7.2284026 | NG36: =AVERAGEIF($E$3:$MZ$3,NG$3,$E36:$MZ36) -> 7.4307978 | NH36: =AVERAGEIF($E$3:$MZ$3,NH$3,$E36:$MZ36) -> 7.6388602 | NI36: =AVERAGEIF($E$3:$MZ$3,NI$3,$E36:$MZ36) -> 7.8527483 | NJ36: =AVERAGEIF($E$3:$MZ$3,NJ$3,$E36:$MZ36) -> 8.0726252 | ... OF36: =AVERAGEIF($E$3:$MZ$3,OF$3,$E36:$MZ36) -> 14.820516 | OH36: =_xlfn.CONCAT(C33," ",D36) -> Project #10 Price ($/kW-mo)
D37: Capacity Charges ($) | E37: =+E33*E34*E36*1000 -> 0 | F37: =+F33*F34*F36*1000 -> 0 | G37: =+G33*G34*G36*1000 -> 0 | H37: =+H33*H34*H36*1000 -> 0 | I37: =+I33*I34*I36*1000 -> 0 | J37: =+J33*J34*J36*1000 -> 0 | K37: =+K33*K34*K36*1000 -> 0 | L37: =+L33*L34*L36*1000 -> 0 | ... MZ37: =+MZ33*MZ34*MZ36*1000 -> 0 | NB37: =+D37 -> Capacity Charges ($) | NC37: =SUMIF($E$3:$MZ$3,NC$3,$E37:$MZ37) -> 0 | ND37: =SUMIF($E$3:$MZ$3,ND$3,$E37:$MZ37) -> 0 | NE37: =SUMIF($E$3:$MZ$3,NE$3,$E37:$MZ37) -> 0 | NF37: =SUMIF($E$3:$MZ$3,NF$3,$E37:$MZ37) -> 0 | NG37: =SUMIF($E$3:$MZ$3,NG$3,$E37:$MZ37) -> 0 | NH37: =SUMIF($E$3:$MZ$3,NH$3,$E37:$MZ37) -> 0 | NI37: =SUMIF($E$3:$MZ$3,NI$3,$E37:$MZ37) -> 0 | NJ37: =SUMIF($E$3:$MZ$3,NJ$3,$E37:$MZ37) -> 0 | ... OF37: =SUMIF($E$3:$MZ$3,OF$3,$E37:$MZ37) -> 0 | OH37: =_xlfn.CONCAT(C33," ",D37) -> Project #10 Capacity Charges ($)
B39: Invoice Group | C39: Seabrook PPA | D39: Capacity MW | E39: =+Cap_MW_Lookups!C52 -> 0.6 | F39: =+Cap_MW_Lookups!D52 -> 0.6 | G39: =+Cap_MW_Lookups!E52 -> 0.6 | H39: =+Cap_MW_Lookups!F52 -> 0.6 | I39: =+Cap_MW_Lookups!G52 -> 0.6 | J39: =+Cap_MW_Lookups!H52 -> 0.52 | K39: =+Cap_MW_Lookups!I52 -> 0.52 | L39: =+Cap_MW_Lookups!J52 -> 0.52 | ... MZ39: =+Cap_MW_Lookups!MX52 -> 0 | NB39: =+D39 -> Capacity MW | NC39: =AVERAGEIF($E$3:$MZ$3,NC$3,$E39:$MZ39) -> 0.55333333 | ND39: =AVERAGEIF($E$3:$MZ$3,ND$3,$E39:$MZ39) -> 0.52 | NE39: =AVERAGEIF($E$3:$MZ$3,NE$3,$E39:$MZ39) -> 0.52 | NF39: =AVERAGEIF($E$3:$MZ$3,NF$3,$E39:$MZ39) -> 0.52 | NG39: =AVERAGEIF($E$3:$MZ$3,NG$3,$E39:$MZ39) -> 0.52 | NH39: =AVERAGEIF($E$3:$MZ$3,NH$3,$E39:$MZ39) -> 0.52 | NI39: =AVERAGEIF($E$3:$MZ$3,NI$3,$E39:$MZ39) -> 0.52 | NJ39: =AVERAGEIF($E$3:$MZ$3,NJ$3,$E39:$MZ39) -> 0.52 | ... OF39: =AVERAGEIF($E$3:$MZ$3,OF$3,$E39:$MZ39) -> 0 | OH39: =_xlfn.CONCAT(C39," ",D39) -> Seabrook PPA Capacity MW
D40: Allocation % | E40: =INDEX(Allocations[#All],MATCH(Capacity_Charges!$C39,Allocations[[#All],[Invoice_Group]],0),MATCH(Capacity_Charges!$B$3,Allocations[#Headers],0)) -> 0 | F40: =INDEX(Allocations[#All],MATCH(Capacity_Charges!$C39,Allocations[[#All],[Invoice_Group]],0),MATCH(Capacity_Charges!$B$3,Allocations[#Headers],0)) -> 0 | G40: =INDEX(Allocations[#All],MATCH(Capacity_Charges!$C39,Allocations[[#All],[Invoice_Group]],0),MATCH(Capacity_Charges!$B$3,Allocations[#Headers],0)) -> 0 | H40: =INDEX(Allocations[#All],MATCH(Capacity_Charges!$C39,Allocations[[#All],[Invoice_Group]],0),MATCH(Capacity_Charges!$B$3,Allocations[#Headers],0)) -> 0 | I40: =INDEX(Allocations[#All],MATCH(Capacity_Charges!$C39,Allocations[[#All],[Invoice_Group]],0),MATCH(Capacity_Charges!$B$3,Allocations[#Headers],0)) -> 0 | J40: =INDEX(Allocations[#All],MATCH(Capacity_Charges!$C39,Allocations[[#All],[Invoice_Group]],0),MATCH(Capacity_Charges!$B$3,Allocations[#Headers],0)) -> 0 | K40: =INDEX(Allocations[#All],MATCH(Capacity_Charges!$C39,Allocations[[#All],[Invoice_Group]],0),MATCH(Capacity_Charges!$B$3,Allocations[#Headers],0)) -> 0 | L40: =INDEX(Allocations[#All],MATCH(Capacity_Charges!$C39,Allocations[[#All],[Invoice_Group]],0),MATCH(Capacity_Charges!$B$3,Allocations[#Headers],0)) -> 0 | ... MZ40: =INDEX(Allocations[#All],MATCH(Capacity_Charges!$C39,Allocations[[#All],[Invoice_Group]],0),MATCH(Capacity_Charges!$B$3,Allocations[#Headers],0)) -> 0 | NB40: =+D40 -> Allocation % | NC40: =AVERAGEIF($E$3:$MZ$3,NC$3,$E40:$MZ40) -> 0 | ND40: =AVERAGEIF($E$3:$MZ$3,ND$3,$E40:$MZ40) -> 0 | NE40: =AVERAGEIF($E$3:$MZ$3,NE$3,$E40:$MZ40) -> 0 | NF40: =AVERAGEIF($E$3:$MZ$3,NF$3,$E40:$MZ40) -> 0 | NG40: =AVERAGEIF($E$3:$MZ$3,NG$3,$E40:$MZ40) -> 0 | NH40: =AVERAGEIF($E$3:$MZ$3,NH$3,$E40:$MZ40) -> 0 | NI40: =AVERAGEIF($E$3:$MZ$3,NI$3,$E40:$MZ40) -> 0 | NJ40: =AVERAGEIF($E$3:$MZ$3,NJ$3,$E40:$MZ40) -> 0 | ... OF40: =AVERAGEIF($E$3:$MZ$3,OF$3,$E40:$MZ40) -> 0 | OH40: =_xlfn.CONCAT(C39," ",D40) -> Seabrook PPA Allocation %
D41: Share of MW | E41: =+E40*E39 -> 0 | F41: =+F40*F39 -> 0 | G41: =+G40*G39 -> 0 | H41: =+H40*H39 -> 0 | I41: =+I40*I39 -> 0 | J41: =+J40*J39 -> 0 | K41: =+K40*K39 -> 0 | L41: =+L40*L39 -> 0 | ... MZ41: =+MZ40*MZ39 -> 0 | NB41: =+D41 -> Share of MW | NC41: =AVERAGEIF($E$3:$MZ$3,NC$3,$E41:$MZ41) -> 0 | ND41: =AVERAGEIF($E$3:$MZ$3,ND$3,$E41:$MZ41) -> 0 | NE41: =AVERAGEIF($E$3:$MZ$3,NE$3,$E41:$MZ41) -> 0 | NF41: =AVERAGEIF($E$3:$MZ$3,NF$3,$E41:$MZ41) -> 0 | NG41: =AVERAGEIF($E$3:$MZ$3,NG$3,$E41:$MZ41) -> 0 | NH41: =AVERAGEIF($E$3:$MZ$3,NH$3,$E41:$MZ41) -> 0 | NI41: =AVERAGEIF($E$3:$MZ$3,NI$3,$E41:$MZ41) -> 0 | NJ41: =AVERAGEIF($E$3:$MZ$3,NJ$3,$E41:$MZ41) -> 0 | ... OF41: =AVERAGEIF($E$3:$MZ$3,OF$3,$E41:$MZ41) -> 0 | OH41: =_xlfn.CONCAT(C39," ",D41) -> Seabrook PPA Share of MW
D42: Price ($/kW-mo) | E42: {=INDEX(Capacity_Rates[#All],MATCH($C39,Capacity_Rates[[#All],[Invoice_Group]],0),E$3-2019)} -> 3.918199 | F42: {=INDEX(Capacity_Rates[#All],MATCH($C39,Capacity_Rates[[#All],[Invoice_Group]],0),F$3-2019)} -> 3.918199 | G42: {=INDEX(Capacity_Rates[#All],MATCH($C39,Capacity_Rates[[#All],[Invoice_Group]],0),G$3-2019)} -> 3.918199 | H42: {=INDEX(Capacity_Rates[#All],MATCH($C39,Capacity_Rates[[#All],[Invoice_Group]],0),H$3-2019)} -> 3.918199 | I42: {=INDEX(Capacity_Rates[#All],MATCH($C39,Capacity_Rates[[#All],[Invoice_Group]],0),I$3-2019)} -> 3.918199 | J42: {=INDEX(Capacity_Rates[#All],MATCH($C39,Capacity_Rates[[#All],[Invoice_Group]],0),J$3-2019)} -> 3.918199 | K42: {=INDEX(Capacity_Rates[#All],MATCH($C39,Capacity_Rates[[#All],[Invoice_Group]],0),K$3-2019)} -> 3.918199 | L42: {=INDEX(Capacity_Rates[#All],MATCH($C39,Capacity_Rates[[#All],[Invoice_Group]],0),L$3-2019)} -> 3.918199 | ... MZ42: {=INDEX(Capacity_Rates[#All],MATCH($C39,Capacity_Rates[[#All],[Invoice_Group]],0),MZ$3-2019)} -> 8.7613977 | NB42: =+D42 -> Price ($/kW-mo) | NC42: =AVERAGEIF($E$3:$MZ$3,NC$3,$E42:$MZ42) -> 3.918199 | ND42: =AVERAGEIF($E$3:$MZ$3,ND$3,$E42:$MZ42) -> 4.0435813 | NE42: =AVERAGEIF($E$3:$MZ$3,NE$3,$E42:$MZ42) -> 4.1568016 | NF42: =AVERAGEIF($E$3:$MZ$3,NF$3,$E42:$MZ42) -> 4.273192 | NG42: =AVERAGEIF($E$3:$MZ$3,NG$3,$E42:$MZ42) -> 4.3928414 | NH42: =AVERAGEIF($E$3:$MZ$3,NH$3,$E42:$MZ42) -> 4.515841 | NI42: =AVERAGEIF($E$3:$MZ$3,NI$3,$E42:$MZ42) -> 4.6422845 | NJ42: =AVERAGEIF($E$3:$MZ$3,NJ$3,$E42:$MZ42) -> 4.7722685 | ... OF42: =AVERAGEIF($E$3:$MZ$3,OF$3,$E42:$MZ42) -> 8.7613977 | OH42: =_xlfn.CONCAT(C39," ",D42) -> Seabrook PPA Price ($/kW-mo)
D43: Capacity Charges ($) | E43: =IFERROR(E39*E40*E42*1000,"") -> 0 | F43: =IFERROR(F39*F40*F42*1000,"") -> 0 | G43: =IFERROR(G39*G40*G42*1000,"") -> 0 | H43: =IFERROR(H39*H40*H42*1000,"") -> 0 | I43: =IFERROR(I39*I40*I42*1000,"") -> 0 | J43: =IFERROR(J39*J40*J42*1000,"") -> 0 | K43: =IFERROR(K39*K40*K42*1000,"") -> 0 | L43: =IFERROR(L39*L40*L42*1000,"") -> 0 | ... MZ43: =IFERROR(MZ39*MZ40*MZ42*1000,"") -> 0 | NB43: =+D43 -> Capacity Charges ($) | NC43: =SUMIF($E$3:$MZ$3,NC$3,$E43:$MZ43) -> 0 | ND43: =SUMIF($E$3:$MZ$3,ND$3,$E43:$MZ43) -> 0 | NE43: =SUMIF($E$3:$MZ$3,NE$3,$E43:$MZ43) -> 0 | NF43: =SUMIF($E$3:$MZ$3,NF$3,$E43:$MZ43) -> 0 | NG43: =SUMIF($E$3:$MZ$3,NG$3,$E43:$MZ43) -> 0 | NH43: =SUMIF($E$3:$MZ$3,NH$3,$E43:$MZ43) -> 0 | NI43: =SUMIF($E$3:$MZ$3,NI$3,$E43:$MZ43) -> 0 | NJ43: =SUMIF($E$3:$MZ$3,NJ$3,$E43:$MZ43) -> 0 | ... OF43: =SUMIF($E$3:$MZ$3,OF$3,$E43:$MZ43) -> 0 | OH43: =_xlfn.CONCAT(C39," ",D43) -> Seabrook PPA Capacity Charges ($)
B45: Invoice Group | C45: Stony Brook Station | D45: Capacity MW | E45: =SUM(Cap_MW_Lookups!C54:C54) -> 354 | F45: =SUM(Cap_MW_Lookups!D54:D54) -> 354 | G45: =SUM(Cap_MW_Lookups!E54:E54) -> 354 | H45: =SUM(Cap_MW_Lookups!F54:F54) -> 354 | I45: =SUM(Cap_MW_Lookups!G54:G54) -> 354 | J45: =SUM(Cap_MW_Lookups!H54:H54) -> 354 | K45: =SUM(Cap_MW_Lookups!I54:I54) -> 354 | L45: =SUM(Cap_MW_Lookups!J54:J54) -> 354 | ... MZ45: =SUM(Cap_MW_Lookups!MX54:MX54) -> 354 | NB45: =+D45 -> Capacity MW | NC45: =AVERAGEIF($E$3:$MZ$3,NC$3,$E45:$MZ45) -> 354 | ND45: =AVERAGEIF($E$3:$MZ$3,ND$3,$E45:$MZ45) -> 354 | NE45: =AVERAGEIF($E$3:$MZ$3,NE$3,$E45:$MZ45) -> 354 | NF45: =AVERAGEIF($E$3:$MZ$3,NF$3,$E45:$MZ45) -> 354 | NG45: =AVERAGEIF($E$3:$MZ$3,NG$3,$E45:$MZ45) -> 354 | NH45: =AVERAGEIF($E$3:$MZ$3,NH$3,$E45:$MZ45) -> 354 | NI45: =AVERAGEIF($E$3:$MZ$3,NI$3,$E45:$MZ45) -> 354 | NJ45: =AVERAGEIF($E$3:$MZ$3,NJ$3,$E45:$MZ45) -> 354 | ... OF45: =AVERAGEIF($E$3:$MZ$3,OF$3,$E45:$MZ45) -> 354 | OH45: =_xlfn.CONCAT(C45," ",D45) -> Stony Brook Station Capacity MW
D46: Allocation % | E46: =INDEX(Allocations[#All],MATCH(Capacity_Charges!$C45,Allocations[[#All],[Invoice_Group]],0),MATCH(Capacity_Charges!$B$3,Allocations[#Headers],0)) -> 0 | F46: =INDEX(Allocations[#All],MATCH(Capacity_Charges!$C45,Allocations[[#All],[Invoice_Group]],0),MATCH(Capacity_Charges!$B$3,Allocations[#Headers],0)) -> 0 | G46: =INDEX(Allocations[#All],MATCH(Capacity_Charges!$C45,Allocations[[#All],[Invoice_Group]],0),MATCH(Capacity_Charges!$B$3,Allocations[#Headers],0)) -> 0 | H46: =INDEX(Allocations[#All],MATCH(Capacity_Charges!$C45,Allocations[[#All],[Invoice_Group]],0),MATCH(Capacity_Charges!$B$3,Allocations[#Headers],0)) -> 0 | I46: =INDEX(Allocations[#All],MATCH(Capacity_Charges!$C45,Allocations[[#All],[Invoice_Group]],0),MATCH(Capacity_Charges!$B$3,Allocations[#Headers],0)) -> 0 | J46: =INDEX(Allocations[#All],MATCH(Capacity_Charges!$C45,Allocations[[#All],[Invoice_Group]],0),MATCH(Capacity_Charges!$B$3,Allocations[#Headers],0)) -> 0 | K46: =INDEX(Allocations[#All],MATCH(Capacity_Charges!$C45,Allocations[[#All],[Invoice_Group]],0),MATCH(Capacity_Charges!$B$3,Allocations[#Headers],0)) -> 0 | L46: =INDEX(Allocations[#All],MATCH(Capacity_Charges!$C45,Allocations[[#All],[Invoice_Group]],0),MATCH(Capacity_Charges!$B$3,Allocations[#Headers],0)) -> 0 | ... MZ46: =INDEX(Allocations[#All],MATCH(Capacity_Charges!$C45,Allocations[[#All],[Invoice_Group]],0),MATCH(Capacity_Charges!$B$3,Allocations[#Headers],0)) -> 0 | NB46: =+D46 -> Allocation % | NC46: =AVERAGEIF($E$3:$MZ$3,NC$3,$E46:$MZ46) -> 0 | ND46: =AVERAGEIF($E$3:$MZ$3,ND$3,$E46:$MZ46) -> 0 | NE46: =AVERAGEIF($E$3:$MZ$3,NE$3,$E46:$MZ46) -> 0 | NF46: =AVERAGEIF($E$3:$MZ$3,NF$3,$E46:$MZ46) -> 0 | NG46: =AVERAGEIF($E$3:$MZ$3,NG$3,$E46:$MZ46) -> 0 | NH46: =AVERAGEIF($E$3:$MZ$3,NH$3,$E46:$MZ46) -> 0 | NI46: =AVERAGEIF($E$3:$MZ$3,NI$3,$E46:$MZ46) -> 0 | NJ46: =AVERAGEIF($E$3:$MZ$3,NJ$3,$E46:$MZ46) -> 0 | ... OF46: =AVERAGEIF($E$3:$MZ$3,OF$3,$E46:$MZ46) -> 0 | OH46: =_xlfn.CONCAT(C45," ",D46) -> Stony Brook Station Allocation %
D47: Share of MW | E47: =+E46*E45 -> 0 | F47: =+F46*F45 -> 0 | G47: =+G46*G45 -> 0 | H47: =+H46*H45 -> 0 | I47: =+I46*I45 -> 0 | J47: =+J46*J45 -> 0 | K47: =+K46*K45 -> 0 | L47: =+L46*L45 -> 0 | ... MZ47: =+MZ46*MZ45 -> 0 | NB47: =+D47 -> Share of MW | NC47: =AVERAGEIF($E$3:$MZ$3,NC$3,$E47:$MZ47) -> 0 | ND47: =AVERAGEIF($E$3:$MZ$3,ND$3,$E47:$MZ47) -> 0 | NE47: =AVERAGEIF($E$3:$MZ$3,NE$3,$E47:$MZ47) -> 0 | NF47: =AVERAGEIF($E$3:$MZ$3,NF$3,$E47:$MZ47) -> 0 | NG47: =AVERAGEIF($E$3:$MZ$3,NG$3,$E47:$MZ47) -> 0 | NH47: =AVERAGEIF($E$3:$MZ$3,NH$3,$E47:$MZ47) -> 0 | NI47: =AVERAGEIF($E$3:$MZ$3,NI$3,$E47:$MZ47) -> 0 | NJ47: =AVERAGEIF($E$3:$MZ$3,NJ$3,$E47:$MZ47) -> 0 | ... OF47: =AVERAGEIF($E$3:$MZ$3,OF$3,$E47:$MZ47) -> 0 | OH47: =_xlfn.CONCAT(C45," ",D47) -> Stony Brook Station Share of MW
D48: Price ($/kW-mo) | E48: {=INDEX(Capacity_Rates[#All],MATCH($C45,Capacity_Rates[[#All],[Invoice_Group]],0),E$3-2019)} -> 3.2193 | F48: {=INDEX(Capacity_Rates[#All],MATCH($C45,Capacity_Rates[[#All],[Invoice_Group]],0),F$3-2019)} -> 3.2193 | G48: {=INDEX(Capacity_Rates[#All],MATCH($C45,Capacity_Rates[[#All],[Invoice_Group]],0),G$3-2019)} -> 3.2193 | H48: {=INDEX(Capacity_Rates[#All],MATCH($C45,Capacity_Rates[[#All],[Invoice_Group]],0),H$3-2019)} -> 3.2193 | I48: {=INDEX(Capacity_Rates[#All],MATCH($C45,Capacity_Rates[[#All],[Invoice_Group]],0),I$3-2019)} -> 3.2193 | J48: {=INDEX(Capacity_Rates[#All],MATCH($C45,Capacity_Rates[[#All],[Invoice_Group]],0),J$3-2019)} -> 3.2193 | K48: {=INDEX(Capacity_Rates[#All],MATCH($C45,Capacity_Rates[[#All],[Invoice_Group]],0),K$3-2019)} -> 3.2193 | L48: {=INDEX(Capacity_Rates[#All],MATCH($C45,Capacity_Rates[[#All],[Invoice_Group]],0),L$3-2019)} -> 3.2193 | ... MZ48: {=INDEX(Capacity_Rates[#All],MATCH($C45,Capacity_Rates[[#All],[Invoice_Group]],0),MZ$3-2019)} -> 7.3870736 | NB48: =+D48 -> Price ($/kW-mo) | NC48: =AVERAGEIF($E$3:$MZ$3,NC$3,$E48:$MZ48) -> 3.2193 | ND48: =AVERAGEIF($E$3:$MZ$3,ND$3,$E48:$MZ48) -> 3.4093 | NE48: =AVERAGEIF($E$3:$MZ$3,NE$3,$E48:$MZ48) -> 3.5047604 | NF48: =AVERAGEIF($E$3:$MZ$3,NF$3,$E48:$MZ48) -> 3.6028937 | NG48: =AVERAGEIF($E$3:$MZ$3,NG$3,$E48:$MZ48) -> 3.7037747 | NH48: =AVERAGEIF($E$3:$MZ$3,NH$3,$E48:$MZ48) -> 3.8074804 | NI48: =AVERAGEIF($E$3:$MZ$3,NI$3,$E48:$MZ48) -> 3.9140899 | NJ48: =AVERAGEIF($E$3:$MZ$3,NJ$3,$E48:$MZ48) -> 4.0236844 | ... OF48: =AVERAGEIF($E$3:$MZ$3,OF$3,$E48:$MZ48) -> 7.3870736 | OH48: =_xlfn.CONCAT(C45," ",D48) -> Stony Brook Station Price ($/kW-mo)
D49: Capacity Charges ($) | E49: =+E45*E46*E48*1000 -> 0 | F49: =+F45*F46*F48*1000 -> 0 | G49: =+G45*G46*G48*1000 -> 0 | H49: =+H45*H46*H48*1000 -> 0 | I49: =+I45*I46*I48*1000 -> 0 | J49: =+J45*J46*J48*1000 -> 0 | K49: =+K45*K46*K48*1000 -> 0 | L49: =+L45*L46*L48*1000 -> 0 | ... MZ49: =+MZ45*MZ46*MZ48*1000 -> 0 | NB49: =+D49 -> Capacity Charges ($) | NC49: =SUMIF($E$3:$MZ$3,NC$3,$E49:$MZ49) -> 0 | ND49: =SUMIF($E$3:$MZ$3,ND$3,$E49:$MZ49) -> 0 | NE49: =SUMIF($E$3:$MZ$3,NE$3,$E49:$MZ49) -> 0 | NF49: =SUMIF($E$3:$MZ$3,NF$3,$E49:$MZ49) -> 0 | NG49: =SUMIF($E$3:$MZ$3,NG$3,$E49:$MZ49) -> 0 | NH49: =SUMIF($E$3:$MZ$3,NH$3,$E49:$MZ49) -> 0 | NI49: =SUMIF($E$3:$MZ$3,NI$3,$E49:$MZ49) -> 0 | NJ49: =SUMIF($E$3:$MZ$3,NJ$3,$E49:$MZ49) -> 0 | ... OF49: =SUMIF($E$3:$MZ$3,OF$3,$E49:$MZ49) -> 0 | OH49: =_xlfn.CONCAT(C45," ",D49) -> Stony Brook Station Capacity Charges ($)
B51: Invoice Group | C51: Fox Island Wind (Market) | D51: Capacity MW | E51: =+Lookups!$L$6 -> 4.5 | F51: =+Lookups!$L$6 -> 4.5 | G51: =+Lookups!$L$6 -> 4.5 | H51: =+Lookups!$L$6 -> 4.5 | I51: =+Lookups!$L$6 -> 4.5 | J51: =+Lookups!$L$6 -> 4.5 | K51: =+Lookups!$L$6 -> 4.5 | L51: =+Lookups!$L$6 -> 4.5 | ... MZ51: =+Lookups!$L$6 -> 4.5 | NB51: =+D51 -> Capacity MW | NC51: =AVERAGEIF($E$3:$MZ$3,NC$3,$E51:$MZ51) -> 4.5 | ND51: =AVERAGEIF($E$3:$MZ$3,ND$3,$E51:$MZ51) -> 4.5 | NE51: =AVERAGEIF($E$3:$MZ$3,NE$3,$E51:$MZ51) -> 4.5 | NF51: =AVERAGEIF($E$3:$MZ$3,NF$3,$E51:$MZ51) -> 4.5 | NG51: =AVERAGEIF($E$3:$MZ$3,NG$3,$E51:$MZ51) -> 4.5 | NH51: =AVERAGEIF($E$3:$MZ$3,NH$3,$E51:$MZ51) -> 4.5 | NI51: =AVERAGEIF($E$3:$MZ$3,NI$3,$E51:$MZ51) -> 4.5 | NJ51: =AVERAGEIF($E$3:$MZ$3,NJ$3,$E51:$MZ51) -> 4.5 | ... OF51: =AVERAGEIF($E$3:$MZ$3,OF$3,$E51:$MZ51) -> 4.5 | OH51: =_xlfn.CONCAT(C51," ",D51) -> Fox Island Wind (Market) Capacity MW
D52: Allocation % | E52: =INDEX(Allocations[#All],MATCH(Capacity_Charges!$C51,Allocations[[#All],[Invoice_Group]],0),MATCH(Capacity_Charges!$B$3,Allocations[#Headers],0)) -> 0 | F52: =INDEX(Allocations[#All],MATCH(Capacity_Charges!$C51,Allocations[[#All],[Invoice_Group]],0),MATCH(Capacity_Charges!$B$3,Allocations[#Headers],0)) -> 0 | G52: =INDEX(Allocations[#All],MATCH(Capacity_Charges!$C51,Allocations[[#All],[Invoice_Group]],0),MATCH(Capacity_Charges!$B$3,Allocations[#Headers],0)) -> 0 | H52: =INDEX(Allocations[#All],MATCH(Capacity_Charges!$C51,Allocations[[#All],[Invoice_Group]],0),MATCH(Capacity_Charges!$B$3,Allocations[#Headers],0)) -> 0 | I52: =INDEX(Allocations[#All],MATCH(Capacity_Charges!$C51,Allocations[[#All],[Invoice_Group]],0),MATCH(Capacity_Charges!$B$3,Allocations[#Headers],0)) -> 0 | J52: =INDEX(Allocations[#All],MATCH(Capacity_Charges!$C51,Allocations[[#All],[Invoice_Group]],0),MATCH(Capacity_Charges!$B$3,Allocations[#Headers],0)) -> 0 | K52: =INDEX(Allocations[#All],MATCH(Capacity_Charges!$C51,Allocations[[#All],[Invoice_Group]],0),MATCH(Capacity_Charges!$B$3,Allocations[#Headers],0)) -> 0 | L52: =INDEX(Allocations[#All],MATCH(Capacity_Charges!$C51,Allocations[[#All],[Invoice_Group]],0),MATCH(Capacity_Charges!$B$3,Allocations[#Headers],0)) -> 0 | ... MZ52: =INDEX(Allocations[#All],MATCH(Capacity_Charges!$C51,Allocations[[#All],[Invoice_Group]],0),MATCH(Capacity_Charges!$B$3,Allocations[#Headers],0)) -> 0 | NB52: =+D52 -> Allocation % | NC52: =AVERAGEIF($E$3:$MZ$3,NC$3,$E52:$MZ52) -> 0 | ND52: =AVERAGEIF($E$3:$MZ$3,ND$3,$E52:$MZ52) -> 0 | NE52: =AVERAGEIF($E$3:$MZ$3,NE$3,$E52:$MZ52) -> 0 | NF52: =AVERAGEIF($E$3:$MZ$3,NF$3,$E52:$MZ52) -> 0 | NG52: =AVERAGEIF($E$3:$MZ$3,NG$3,$E52:$MZ52) -> 0 | NH52: =AVERAGEIF($E$3:$MZ$3,NH$3,$E52:$MZ52) -> 0 | NI52: =AVERAGEIF($E$3:$MZ$3,NI$3,$E52:$MZ52) -> 0 | NJ52: =AVERAGEIF($E$3:$MZ$3,NJ$3,$E52:$MZ52) -> 0 | ... OF52: =AVERAGEIF($E$3:$MZ$3,OF$3,$E52:$MZ52) -> 0 | OH52: =_xlfn.CONCAT(C51," ",D52) -> Fox Island Wind (Market) Allocation %
D53: Share of MW | E53: =+E52*E51 -> 0 | F53: =+F52*F51 -> 0 | G53: =+G52*G51 -> 0 | H53: =+H52*H51 -> 0 | I53: =+I52*I51 -> 0 | J53: =+J52*J51 -> 0 | K53: =+K52*K51 -> 0 | L53: =+L52*L51 -> 0 | ... MZ53: =+MZ52*MZ51 -> 0 | NB53: =+D53 -> Share of MW | NC53: =AVERAGEIF($E$3:$MZ$3,NC$3,$E53:$MZ53) -> 0 | ND53: =AVERAGEIF($E$3:$MZ$3,ND$3,$E53:$MZ53) -> 0 | NE53: =AVERAGEIF($E$3:$MZ$3,NE$3,$E53:$MZ53) -> 0 | NF53: =AVERAGEIF($E$3:$MZ$3,NF$3,$E53:$MZ53) -> 0 | NG53: =AVERAGEIF($E$3:$MZ$3,NG$3,$E53:$MZ53) -> 0 | NH53: =AVERAGEIF($E$3:$MZ$3,NH$3,$E53:$MZ53) -> 0 | NI53: =AVERAGEIF($E$3:$MZ$3,NI$3,$E53:$MZ53) -> 0 | NJ53: =AVERAGEIF($E$3:$MZ$3,NJ$3,$E53:$MZ53) -> 0 | ... OF53: =AVERAGEIF($E$3:$MZ$3,OF$3,$E53:$MZ53) -> 0 | OH53: =_xlfn.CONCAT(C51," ",D53) -> Fox Island Wind (Market) Share of MW
D54: Price ($/kW-mo) | E54: {=INDEX(Capacity_Rates[#All],MATCH($C51,Capacity_Rates[[#All],[Invoice_Group]],0),E$3-2019)} -> 14.19558 | F54: {=INDEX(Capacity_Rates[#All],MATCH($C51,Capacity_Rates[[#All],[Invoice_Group]],0),F$3-2019)} -> 14.19558 | G54: {=INDEX(Capacity_Rates[#All],MATCH($C51,Capacity_Rates[[#All],[Invoice_Group]],0),G$3-2019)} -> 14.19558 | H54: {=INDEX(Capacity_Rates[#All],MATCH($C51,Capacity_Rates[[#All],[Invoice_Group]],0),H$3-2019)} -> 14.19558 | I54: {=INDEX(Capacity_Rates[#All],MATCH($C51,Capacity_Rates[[#All],[Invoice_Group]],0),I$3-2019)} -> 14.19558 | J54: {=INDEX(Capacity_Rates[#All],MATCH($C51,Capacity_Rates[[#All],[Invoice_Group]],0),J$3-2019)} -> 14.19558 | K54: {=INDEX(Capacity_Rates[#All],MATCH($C51,Capacity_Rates[[#All],[Invoice_Group]],0),K$3-2019)} -> 14.19558 | L54: {=INDEX(Capacity_Rates[#All],MATCH($C51,Capacity_Rates[[#All],[Invoice_Group]],0),L$3-2019)} -> 14.19558 | ... MZ54: {=INDEX(Capacity_Rates[#All],MATCH($C51,Capacity_Rates[[#All],[Invoice_Group]],0),MZ$3-2019)} -> 39.595911 | NB54: =+D54 -> Price ($/kW-mo) | NC54: =AVERAGEIF($E$3:$MZ$3,NC$3,$E54:$MZ54) -> 14.19558 | ND54: =AVERAGEIF($E$3:$MZ$3,ND$3,$E54:$MZ54) -> 18.2744 | NE54: =AVERAGEIF($E$3:$MZ$3,NE$3,$E54:$MZ54) -> 18.786083 | NF54: =AVERAGEIF($E$3:$MZ$3,NF$3,$E54:$MZ54) -> 19.312094 | NG54: =AVERAGEIF($E$3:$MZ$3,NG$3,$E54:$MZ54) -> 19.852832 | NH54: =AVERAGEIF($E$3:$MZ$3,NH$3,$E54:$MZ54) -> 20.408711 | NI54: =AVERAGEIF($E$3:$MZ$3,NI$3,$E54:$MZ54) -> 20.980155 | NJ54: =AVERAGEIF($E$3:$MZ$3,NJ$3,$E54:$MZ54) -> 21.5676 | ... OF54: =AVERAGEIF($E$3:$MZ$3,OF$3,$E54:$MZ54) -> 39.595911 | OH54: =_xlfn.CONCAT(C51," ",D54) -> Fox Island Wind (Market) Price ($/kW-mo)
D55: Capacity Charges ($) | E55: =+E51*E52*E54*1000 -> 0 | F55: =+F51*F52*F54*1000 -> 0 | G55: =+G51*G52*G54*1000 -> 0 | H55: =+H51*H52*H54*1000 -> 0 | I55: =+I51*I52*I54*1000 -> 0 | J55: =+J51*J52*J54*1000 -> 0 | K55: =+K51*K52*K54*1000 -> 0 | L55: =+L51*L52*L54*1000 -> 0 | ... MZ55: =+MZ51*MZ52*MZ54*1000 -> 0 | NB55: =+D55 -> Capacity Charges ($) | NC55: =SUMIF($E$3:$MZ$3,NC$3,$E55:$MZ55) -> 0 | ND55: =SUMIF($E$3:$MZ$3,ND$3,$E55:$MZ55) -> 0 | NE55: =SUMIF($E$3:$MZ$3,NE$3,$E55:$MZ55) -> 0 | NF55: =SUMIF($E$3:$MZ$3,NF$3,$E55:$MZ55) -> 0 | NG55: =SUMIF($E$3:$MZ$3,NG$3,$E55:$MZ55) -> 0 | NH55: =SUMIF($E$3:$MZ$3,NH$3,$E55:$MZ55) -> 0 | NI55: =SUMIF($E$3:$MZ$3,NI$3,$E55:$MZ55) -> 0 | NJ55: =SUMIF($E$3:$MZ$3,NJ$3,$E55:$MZ55) -> 0 | ... OF55: =SUMIF($E$3:$MZ$3,OF$3,$E55:$MZ55) -> 0 | OH55: =_xlfn.CONCAT(C51," ",D55) -> Fox Island Wind (Market) Capacity Charges ($)

Sheet Exhibit
B2: WASHINGTON ELECTRIC COOPERATIVE
B3: EXHIBIT WEC-SPE-8: RATE YEAR CAPACITY VOLUMES AND COSTS
B5: Rate Year Month | C5: 44866 | D5: 44896 | E5: 44927 | F5: 44958 | G5: 44986 | H5: 45017 | I5: 45047 | J5: 45078 | K5: 45108 | L5: 45139 | M5: 45170 | N5: 45200 | O5: Total
B6: NNE Capacity Supply Obligation | C6: 7267.546 | D6: 7267.546 | E6: 7267.546 | F6: 7267.546 | G6: 7267.546 | H6: 7267.546 | I6: 7267.546 | J6: 7636.486 | K6: 7636.486 | L6: 7636.486 | M6: 7636.486 | N6: 7636.486
B7: Peak Load Ratio Share | C7: 0.0023474706 | D7: 0.0023474706 | E7: 0.0023474706 | F7: 0.0023474706 | G7: 0.0023474706 | H7: 0.0023474706 | I7: 0.0023474706 | J7: 0.0023242283 | K7: 0.0023242283 | L7: 0.0023242283 | M7: 0.0023242283 | N7: 0.0023242283
B8: Share of CSO or ICR (MW) | C8: 17.06035 | D8: 17.06035 | E8: 17.06035 | F8: 17.06035 | G8: 17.06035 | H8: 17.06035 | I8: 17.06035 | J8: 17.748937 | K8: 17.748937 | L8: 17.748937 | M8: 17.748937 | N8: 17.748937
B9: FCM Clearing Price ($/kW-mo) | C9: 3.8 | D9: 3.8 | E9: 3.8 | F9: 3.8 | G9: 3.8 | H9: 3.8 | I9: 3.8 | J9: 2.001 | K9: 2.001 | L9: 2.001 | M9: 2.001 | N9: 2.001
B10: Capacity Charges ($) | C10: 64829.331 | D10: 64829.331 | E10: 64829.331 | F10: 64829.331 | G10: 64829.331 | H10: 64829.331 | I10: 64829.331 | J10: 35515.623 | K10: 35515.623 | L10: 35515.623 | M10: 35515.623 | N10: 35515.623 | O10: =SUM(C10:N10) -> 631383.43
B12: Coincident Peak Load | C12: 12.12831 | D12: 12.12831 | E12: 12.12831 | F12: 12.12831 | G12: 12.12831 | H12: 12.12831 | I12: 12.12831 | J12: 12.12831 | K12: 12.12831 | L12: 12.12831 | M12: 12.12831 | N12: 12.12831
B13: Reserve Margin | C13: =+C8/C12 -> 1.4066552 | D13: =+D8/D12 -> 1.4066552 | E13: =+E8/E12 -> 1.4066552 | F13: =+F8/F12 -> 1.4066552 | G13: =+G8/G12 -> 1.4066552 | H13: =+H8/H12 -> 1.4066552 | I13: =+I8/I12 -> 1.4066552 | J13: =+J8/J12 -> 1.4634303 | ... N13: =+N8/N12 -> 1.4634303

Sheet FCA_Capacity_Credits
B2: FCA Capacity Credits
B3: =+Gap_Table!B3 -> WEC | E3: =YEAR(E4) -> 2021 | F3: =YEAR(F4) -> 2021 | G3: =YEAR(G4) -> 2021 | H3: =YEAR(H4) -> 2021 | I3: =YEAR(I4) -> 2021 | J3: =YEAR(J4) -> 2021 | K3: =YEAR(K4) -> 2021 | L3: =YEAR(L4) -> 2021 | ... MZ3: =YEAR(MZ4) -> 2051 | NC3: 2021 | ND3: =1+NC3 -> 2022 | NE3: =1+ND3 -> 2023 | NF3: =1+NE3 -> 2024 | NG3: =1+NF3 -> 2025 | NH3: =1+NG3 -> 2026 | NI3: =1+NH3 -> 2027 | NJ3: =1+NI3 -> 2028 | NK3: =1+NJ3 -> 2029 | ... OF3: =1+OE3 -> 2050
E4: 44197 | F4: =+EOMONTH(E4,0)+1 -> 44228 | G4: =+EOMONTH(F4,0)+1 -> 44256 | H4: =+EOMONTH(G4,0)+1 -> 44287 | I4: =+EOMONTH(H4,0)+1 -> 44317 | J4: =+EOMONTH(I4,0)+1 -> 44348 | K4: =+EOMONTH(J4,0)+1 -> 44378 | L4: =+EOMONTH(K4,0)+1 -> 44409 | M4: =+EOMONTH(L4,0)+1 -> 44440 | N4: =+EOMONTH(M4,0)+1 -> 44470 | O4: =+EOMONTH(P4,-1) -> 44895 | P4: =+EOMONTH(Q4,-1) -> 44926 | Q4: 44927 | R4: =+EOMONTH(Q4,0)+1 -> 44958 | S4: =+EOMONTH(R4,0)+1 -> 44986 | T4: =+EOMONTH(S4,0)+1 -> 45017 | U4: =+EOMONTH(T4,0)+1 -> 45047 | V4: =+EOMONTH(U4,0)+1 -> 45078 | W4: =+EOMONTH(V4,0)+1 -> 45108 | X4: =+EOMONTH(W4,0)+1 -> 45139 | Y4: =+EOMONTH(X4,0)+1 -> 45170 | ... MZ4: =+EOMONTH(MY4,0)+1 -> 55488
B6: Invoice_Group | C6: Chester Solar | D6: Capacity MW | E6: =+Cap_MW_Lookups!C15 -> 0 | F6: =+Cap_MW_Lookups!D15 -> 0 | G6: =+Cap_MW_Lookups!E15 -> 0 | H6: =+Cap_MW_Lookups!F15 -> 0 | I6: =+Cap_MW_Lookups!G15 -> 0 | J6: =+Cap_MW_Lookups!H15 -> 1.904 | K6: =+Cap_MW_Lookups!I15 -> 1.904 | L6: =+Cap_MW_Lookups!J15 -> 1.904 | ... MZ6: =+Cap_MW_Lookups!MX15 -> 0 | NB6: =+D6 -> Capacity MW | NC6: =AVERAGEIF($E$3:$MZ$3,NC$3,$E6:$MZ6) -> 0.7616 | ND6: =AVERAGEIF($E$3:$MZ$3,ND$3,$E6:$MZ6) -> 0 | NE6: =AVERAGEIF($E$3:$MZ$3,NE$3,$E6:$MZ6) -> 0.63466667 | NF6: =AVERAGEIF($E$3:$MZ$3,NF$3,$E6:$MZ6) -> 0.63466667 | NG6: =AVERAGEIF($E$3:$MZ$3,NG$3,$E6:$MZ6) -> 0.63466667 | NH6: =AVERAGEIF($E$3:$MZ$3,NH$3,$E6:$MZ6) -> 0.63466667 | NI6: =AVERAGEIF($E$3:$MZ$3,NI$3,$E6:$MZ6) -> 0.63466667 | NJ6: =AVERAGEIF($E$3:$MZ$3,NJ$3,$E6:$MZ6) -> 0.63466667 | ... OF6: =AVERAGEIF($E$3:$MZ$3,OF$3,$E6:$MZ6) -> 0 | OH6: =_xlfn.CONCAT(C6," ",D6) -> Chester Solar Capacity MW
B7: FCM_Name | C7: WMA Chester Solar | D7: Allocation % | E7: =INDEX(Allocations[#All],MATCH($C6,Allocations[[#All],[Invoice_Group]],0),MATCH($B$3,Allocations[#Headers],0)) -> 0 | F7: =INDEX(Allocations[#All],MATCH($C6,Allocations[[#All],[Invoice_Group]],0),MATCH($B$3,Allocations[#Headers],0)) -> 0 | G7: =INDEX(Allocations[#All],MATCH($C6,Allocations[[#All],[Invoice_Group]],0),MATCH($B$3,Allocations[#Headers],0)) -> 0 | H7: =INDEX(Allocations[#All],MATCH($C6,Allocations[[#All],[Invoice_Group]],0),MATCH($B$3,Allocations[#Headers],0)) -> 0 | I7: =INDEX(Allocations[#All],MATCH($C6,Allocations[[#All],[Invoice_Group]],0),MATCH($B$3,Allocations[#Headers],0)) -> 0 | J7: =INDEX(Allocations[#All],MATCH($C6,Allocations[[#All],[Invoice_Group]],0),MATCH($B$3,Allocations[#Headers],0)) -> 0 | K7: =INDEX(Allocations[#All],MATCH($C6,Allocations[[#All],[Invoice_Group]],0),MATCH($B$3,Allocations[#Headers],0)) -> 0 | L7: =INDEX(Allocations[#All],MATCH($C6,Allocations[[#All],[Invoice_Group]],0),MATCH($B$3,Allocations[#Headers],0)) -> 0 | ... MZ7: =INDEX(Allocations[#All],MATCH($C6,Allocations[[#All],[Invoice_Group]],0),MATCH($B$3,Allocations[#Headers],0)) -> 0 | NB7: =+D7 -> Allocation % | NC7: =AVERAGEIF($E$3:$MZ$3,NC$3,$E7:$MZ7) -> 0 | ND7: =AVERAGEIF($E$3:$MZ$3,ND$3,$E7:$MZ7) -> 0 | NE7: =AVERAGEIF($E$3:$MZ$3,NE$3,$E7:$MZ7) -> 0 | NF7: =AVERAGEIF($E$3:$MZ$3,NF$3,$E7:$MZ7) -> 0 | NG7: =AVERAGEIF($E$3:$MZ$3,NG$3,$E7:$MZ7) -> 0 | NH7: =AVERAGEIF($E$3:$MZ$3,NH$3,$E7:$MZ7) -> 0 | NI7: =AVERAGEIF($E$3:$MZ$3,NI$3,$E7:$MZ7) -> 0 | NJ7: =AVERAGEIF($E$3:$MZ$3,NJ$3,$E7:$MZ7) -> 0 | ... OF7: =AVERAGEIF($E$3:$MZ$3,OF$3,$E7:$MZ7) -> 0 | OH7: =_xlfn.CONCAT(C6," ",D7) -> Chester Solar Allocation %
D8: Capacity (kW) | E8: =+E7*E6*1000 -> 0 | F8: =+F7*F6*1000 -> 0 | G8: =+G7*G6*1000 -> 0 | H8: =+H7*H6*1000 -> 0 | I8: =+I7*I6*1000 -> 0 | J8: =+J7*J6*1000 -> 0 | K8: =+K7*K6*1000 -> 0 | L8: =+L7*L6*1000 -> 0 | ... MZ8: =+MZ7*MZ6*1000 -> 0 | NB8: =+D8 -> Capacity (kW) | NC8: =AVERAGEIF($E$3:$MZ$3,NC$3,$E8:$MZ8) -> 0 | ND8: =AVERAGEIF($E$3:$MZ$3,ND$3,$E8:$MZ8) -> 0 | NE8: =AVERAGEIF($E$3:$MZ$3,NE$3,$E8:$MZ8) -> 0 | NF8: =AVERAGEIF($E$3:$MZ$3,NF$3,$E8:$MZ8) -> 0 | NG8: =AVERAGEIF($E$3:$MZ$3,NG$3,$E8:$MZ8) -> 0 | NH8: =AVERAGEIF($E$3:$MZ$3,NH$3,$E8:$MZ8) -> 0 | NI8: =AVERAGEIF($E$3:$MZ$3,NI$3,$E8:$MZ8) -> 0 | NJ8: =AVERAGEIF($E$3:$MZ$3,NJ$3,$E8:$MZ8) -> 0 | ... OF8: =AVERAGEIF($E$3:$MZ$3,OF$3,$E8:$MZ8) -> 0 | OH8: =_xlfn.CONCAT(C6," ",D8) -> Chester Solar Capacity (kW)
C9: Set to $9.55 for 7 yrs. ---> | D9: FCM Clearing Price | E9: 9.55 | F9: 9.55 | G9: 9.55 | H9: 9.55 | I9: 9.55 | J9: 9.55 | K9: 9.55 | L9: 9.55 | M9: 9.55 | N9: 9.55 | O9: 9.55 | P9: 9.55 | Q9: 9.55 | R9: 9.55 | S9: 9.55 | T9: 9.55 | U9: 9.55 | V9: 9.55 | W9: 9.55 | X9: 9.55 | Y9: 9.55 | Z9: 9.55 | AA9: 9.55 | AB9: 9.55 | AC9: 9.55 | AD9: 9.55 | AE9: 9.55 | AF9: 9.55 | AG9: 9.55 | AH9: 9.55 | AI9: 9.55 | AJ9: 9.55 | AK9: 9.55 | AL9: 9.55 | AM9: 9.55 | AN9: 9.55 | AO9: 9.55 | AP9: 9.55 | AQ9: 9.55 | AR9: 9.55 | AS9: 9.55 | AT9: 9.55 | AU9: 9.55 | AV9: 9.55 | AW9: 9.55 | AX9: 9.55 | AY9: 9.55 | AZ9: 9.55 | BA9: 9.55 | BB9: 9.55 | BC9: 9.55 | BD9: 9.55 | BE9: 9.55 | BF9: =SUMIFS(CP_Forecast!$F$5:$F$38,CP_Forecast!$E$5:$E$38,Capacity_Charges!BF$6) -> 2.531 | BG9: =SUMIFS(CP_Forecast!$F$5:$F$38,CP_Forecast!$E$5:$E$38,Capacity_Charges!BG$6) -> 2.531 | BH9: =SUMIFS(CP_Forecast!$F$5:$F$38,CP_Forecast!$E$5:$E$38,Capacity_Charges!BH$6) -> 2.531 | BI9: =SUMIFS(CP_Forecast!$F$5:$F$38,CP_Forecast!$E$5:$E$38,Capacity_Charges!BI$6) -> 2.531 | BJ9: =SUMIFS(CP_Forecast!$F$5:$F$38,CP_Forecast!$E$5:$E$38,Capacity_Charges!BJ$6) -> 2.531 | BK9: =SUMIFS(CP_Forecast!$F$5:$F$38,CP_Forecast!$E$5:$E$38,Capacity_Charges!BK$6) -> 2.531 | BL9: =SUMIFS(CP_Forecast!$F$5:$F$38,CP_Forecast!$E$5:$E$38,Capacity_Charges!BL$6) -> 2.531 | BM9: =SUMIFS(CP_Forecast!$F$5:$F$38,CP_Forecast!$E$5:$E$38,Capacity_Charges!BM$6) -> 2.531 | ... MZ9: =SUMIFS(CP_Forecast!$F$5:$F$38,CP_Forecast!$E$5:$E$38,Capacity_Charges!MZ$6) -> 9.580517 | NB9: =+D9 -> FCM Clearing Price | NC9: =AVERAGEIF($E$3:$MZ$3,NC$3,$E9:$MZ9) -> 9.55 | ND9: =AVERAGEIF($E$3:$MZ$3,ND$3,$E9:$MZ9) -> 9.55 | NE9: =AVERAGEIF($E$3:$MZ$3,NE$3,$E9:$MZ9) -> 9.55 | NF9: =AVERAGEIF($E$3:$MZ$3,NF$3,$E9:$MZ9) -> 9.55 | NG9: =AVERAGEIF($E$3:$MZ$3,NG$3,$E9:$MZ9) -> 9.55 | NH9: =AVERAGEIF($E$3:$MZ$3,NH$3,$E9:$MZ9) -> 5.4555833 | NI9: =AVERAGEIF($E$3:$MZ$3,NI$3,$E9:$MZ9) -> 3.09625 | NJ9: =AVERAGEIF($E$3:$MZ$3,NJ$3,$E9:$MZ9) -> 3.9375 | ... OF9: =AVERAGEIF($E$3:$MZ$3,OF$3,$E9:$MZ9) -> 9.1885909 | OH9: =_xlfn.CONCAT(C6," ",D9) -> Chester Solar FCM Clearing Price
D10: Capacity Credits ($) | E10: =-E6*E9*E7*1000 -> 0 | F10: =-F6*F9*F7*1000 -> 0 | G10: =-G6*G9*G7*1000 -> 0 | H10: =-H6*H9*H7*1000 -> 0 | I10: =-I6*I9*I7*1000 -> 0 | J10: =-J6*J9*J7*1000 -> 0 | K10: =-K6*K9*K7*1000 -> 0 | L10: =-L6*L9*L7*1000 -> 0 | ... MZ10: =-MZ6*MZ9*MZ7*1000 -> 0 | NB10: =+D10 -> Capacity Credits ($) | NC10: =SUMIF($E$3:$MZ$3,NC$3,$E10:$MZ10) -> 0 | ND10: =SUMIF($E$3:$MZ$3,ND$3,$E10:$MZ10) -> 0 | NE10: =SUMIF($E$3:$MZ$3,NE$3,$E10:$MZ10) -> 0 | NF10: =SUMIF($E$3:$MZ$3,NF$3,$E10:$MZ10) -> 0 | NG10: =SUMIF($E$3:$MZ$3,NG$3,$E10:$MZ10) -> 0 | NH10: =SUMIF($E$3:$MZ$3,NH$3,$E10:$MZ10) -> 0 | NI10: =SUMIF($E$3:$MZ$3,NI$3,$E10:$MZ10) -> 0 | NJ10: =SUMIF($E$3:$MZ$3,NJ$3,$E10:$MZ10) -> 0 | ... OF10: =SUMIF($E$3:$MZ$3,OF$3,$E10:$MZ10) -> 0 | OH10: =_xlfn.CONCAT(C6," ",D10) -> Chester Solar Capacity Credits ($)
D11: Self Supply Credits ($) | NB11: =+D11 -> Self Supply Credits ($) | NC11: =SUMIF($E$3:$MZ$3,NC$3,$E11:$MZ11) -> 0 | ND11: =SUMIF($E$3:$MZ$3,ND$3,$E11:$MZ11) -> 0 | NE11: =SUMIF($E$3:$MZ$3,NE$3,$E11:$MZ11) -> 0 | NF11: =SUMIF($E$3:$MZ$3,NF$3,$E11:$MZ11) -> 0 | NG11: =SUMIF($E$3:$MZ$3,NG$3,$E11:$MZ11) -> 0 | NH11: =SUMIF($E$3:$MZ$3,NH$3,$E11:$MZ11) -> 0 | NI11: =SUMIF($E$3:$MZ$3,NI$3,$E11:$MZ11) -> 0 | NJ11: =SUMIF($E$3:$MZ$3,NJ$3,$E11:$MZ11) -> 0 | ... OF11: =SUMIF($E$3:$MZ$3,OF$3,$E11:$MZ11) -> 0
B13: Invoice_Group | C13: Coventry Landfill | D13: Capacity MW | E13: =+Cap_MW_Lookups!C25 -> 0 | F13: =+Cap_MW_Lookups!D25 -> 0 | G13: =+Cap_MW_Lookups!E25 -> 0 | H13: =+Cap_MW_Lookups!F25 -> 0 | I13: =+Cap_MW_Lookups!G25 -> 0 | J13: =+Cap_MW_Lookups!H25 -> 0 | K13: =+Cap_MW_Lookups!I25 -> 0 | L13: =+Cap_MW_Lookups!J25 -> 0 | ... N13: =+Cap_MW_Lookups!L25 -> 0 | O13: =+Cap_MW_Lookups!Y25 -> 6.308 | P13: =+Cap_MW_Lookups!Z25 -> 6.308 | Q13: =+Cap_MW_Lookups!AA25 -> 6.308 | R13: =+Cap_MW_Lookups!AB25 -> 6.308 | S13: =+Cap_MW_Lookups!AC25 -> 6.308 | T13: =+Cap_MW_Lookups!AD25 -> 6.308 | U13: =+Cap_MW_Lookups!AE25 -> 6.308 | V13: =+Cap_MW_Lookups!AF25 -> 6.146 | ... Z13: =+Cap_MW_Lookups!AJ25 -> 6.231 | AA13: =+Cap_MW_Lookups!Y25 -> 6.308 | AB13: =+Cap_MW_Lookups!Z25 -> 6.308 | AC13: =+Cap_MW_Lookups!AA25 -> 6.308 | AD13: =+Cap_MW_Lookups!AB25 -> 6.308 | AE13: =+Cap_MW_Lookups!AC25 -> 6.308 | AF13: =+Cap_MW_Lookups!AD25 -> 6.308 | AG13: =+Cap_MW_Lookups!AE25 -> 6.308 | AH13: =+Cap_MW_Lookups!AF25 -> 6.146 | ... MZ13: =+Cap_MW_Lookups!MX25 -> 0 | NB13: =+D13 -> Capacity MW | NC13: =AVERAGEIF($E$3:$MZ$3,NC$3,$E13:$MZ13) -> 0 | ND13: =AVERAGEIF($E$3:$MZ$3,ND$3,$E13:$MZ13) -> 6.308 | NE13: =AVERAGEIF($E$3:$MZ$3,NE$3,$E13:$MZ13) -> 6.2475833 | NF13: =AVERAGEIF($E$3:$MZ$3,NF$3,$E13:$MZ13) -> 6.2475833 | NG13: =AVERAGEIF($E$3:$MZ$3,NG$3,$E13:$MZ13) -> 2.6283333 | NH13: =AVERAGEIF($E$3:$MZ$3,NH$3,$E13:$MZ13) -> 0 | NI13: =AVERAGEIF($E$3:$MZ$3,NI$3,$E13:$MZ13) -> 0 | NJ13: =AVERAGEIF($E$3:$MZ$3,NJ$3,$E13:$MZ13) -> 0 | ... OF13: =AVERAGEIF($E$3:$MZ$3,OF$3,$E13:$MZ13) -> 0 | OH13: =_xlfn.CONCAT(C13," ",D13) -> Coventry Landfill Capacity MW
B14: FCM_Name | C14: Coventry Clean Energy | D14: Allocation % | E14: =INDEX(Allocations[#All],MATCH($C13,Allocations[[#All],[Invoice_Group]],0),MATCH($B$3,Allocations[#Headers],0)) -> 1 | F14: =INDEX(Allocations[#All],MATCH($C13,Allocations[[#All],[Invoice_Group]],0),MATCH($B$3,Allocations[#Headers],0)) -> 1 | G14: =INDEX(Allocations[#All],MATCH($C13,Allocations[[#All],[Invoice_Group]],0),MATCH($B$3,Allocations[#Headers],0)) -> 1 | H14: =INDEX(Allocations[#All],MATCH($C13,Allocations[[#All],[Invoice_Group]],0),MATCH($B$3,Allocations[#Headers],0)) -> 1 | I14: =INDEX(Allocations[#All],MATCH($C13,Allocations[[#All],[Invoice_Group]],0),MATCH($B$3,Allocations[#Headers],0)) -> 1 | J14: =INDEX(Allocations[#All],MATCH($C13,Allocations[[#All],[Invoice_Group]],0),MATCH($B$3,Allocations[#Headers],0)) -> 1 | K14: =INDEX(Allocations[#All],MATCH($C13,Allocations[[#All],[Invoice_Group]],0),MATCH($B$3,Allocations[#Headers],0)) -> 1 | L14: =INDEX(Allocations[#All],MATCH($C13,Allocations[[#All],[Invoice_Group]],0),MATCH($B$3,Allocations[#Headers],0)) -> 1 | ... MZ14: =INDEX(Allocations[#All],MATCH($C13,Allocations[[#All],[Invoice_Group]],0),MATCH($B$3,Allocations[#Headers],0)) -> 1 | NB14: =+D14 -> Allocation % | NC14: =AVERAGEIF($E$3:$MZ$3,NC$3,$E14:$MZ14) -> 1 | ND14: =AVERAGEIF($E$3:$MZ$3,ND$3,$E14:$MZ14) -> 1 | NE14: =AVERAGEIF($E$3:$MZ$3,NE$3,$E14:$MZ14) -> 1 | NF14: =AVERAGEIF($E$3:$MZ$3,NF$3,$E14:$MZ14) -> 1 | NG14: =AVERAGEIF($E$3:$MZ$3,NG$3,$E14:$MZ14) -> 1 | NH14: =AVERAGEIF($E$3:$MZ$3,NH$3,$E14:$MZ14) -> 1 | NI14: =AVERAGEIF($E$3:$MZ$3,NI$3,$E14:$MZ14) -> 1 | NJ14: =AVERAGEIF($E$3:$MZ$3,NJ$3,$E14:$MZ14) -> 1 | ... OF14: =AVERAGEIF($E$3:$MZ$3,OF$3,$E14:$MZ14) -> 1 | OH14: =_xlfn.CONCAT(C13," ",D14) -> Coventry Landfill Allocation %
